Workbook
Name ChartMonths: OFFSET(Summary!$AA$42,,,12-COUNTIF(Summary!$Z$42:$Z$53,""))
Name ChartValues: OFFSET(Summary!$Z$42,,,12-COUNTIF(Summary!$Z$42:$Z$53,""))

Sheet Narrative
B2: =H5 -> NOREBT | G2: RELEVANT DATA BELOW Update formulas upon XFER Backups in column "H"
C3: PLAN REVIEW & DISCUSSION POINTS
B5: OVERVIEW | G5: Client Name: | H5: NOREBT | I5: =PROPER(Addendum!E2)
C6: ="Attached for review are health care program reports for "&$B$2&", for the period "&H6&". Included reports are as follows;" -> Attached for review are health care program reports for NOREBT, for the period July 2024 through February 2025. Included reports are as follows; | G6: Report Period To-Date: | H6: =H7&" "&H8&" through "&TEXT(DATE(2000,H10-1,1), "mmmm")&" "&(IF(H10=1,YEAR(H9)-1, YEAR(H9))) -> July 2024 through February 2025 | I6: =G7&" "&G8&" through "&TEXT(DATE(2000,G10-1,1), "mmmm")&" "&(IF(G10=1,YEAR(G9)-1, YEAR(G9)))
G7: Report Year Begin Month: | H7: =Addendum!B12 -> July | I7: =Addendum!B12
C8: - Demographics | G8: Report Year Begin Year: | H8: =IF(MONTH(H9)=MONTH(DATEVALUE(H7&"1")),(YEAR(H9)-1),IF(MONTH(H9)>MONTH(DATEVALUE(H7&"1")),YEAR(H9), IF(MONTH(H9)<MONTH(DATEVALUE(H7&"1")),YEAR(H9)-1, "ERROR"))) -> 2024 | I8: =IF(MONTH(G9)=MONTH(DATEVALUE(G7&"1")),(YEAR(G9)-1),IF(MONTH(G9)>MONTH(DATEVALUE(G7&"1")),YEAR(G9), IF(MONTH(G9)<MONTH(DATEVALUE(G7&"1")),YEAR(G9)-1, "ERROR")))
C9: - Major Cost Components | G9: Completed Date: | H9: =Summary!K3 -> 45742 | I9: =Addendum!B3
C10: - Financial Performance | G10: Completed Month: | H10: =MONTH(H9) -> 3 | I10: =MONTH(G9)
C11: - High Cost Claimants
C12: - Invoiced Expense Addendum
C14: ="Average health care enrollment stands at "&TEXT(H15,"0")&" employees. "&"Program costs for the current plan year, based on transmitted EDI feeds from each carrier, are as follows;" -> Average health care enrollment stands at 3419 employees. Program costs for the current plan year, based on transmitted EDI feeds from each carrier, are as follows; | G14: Innovu Total Subscribers: | H14: ='CR Reconcile'!D35 -> 27353 | I14: ='CR Reconcile'!D35
C15: =" - Claims Paid:" -> - Claims Paid: | D15: =DOLLAR(H16,0) -> $54,683,177 | G15: Innovu Avg Subscribers: | H15: =AVERAGE('CR Reconcile'!D23:D34) -> 3419.125 | I15: =AVERAGE('CR Reconcile'!D23:D34)
C16: =" - Fixed Costs Paid:" -> - Fixed Costs Paid: | D16: =DOLLAR(H17,0) -> $1,283,403 | G16: Innovu Paid Claims: | H16: =SUM('CR Reconcile'!J18:L18) -> 54683177 | I16: =SUM('CR Reconcile'!F18:H18)
C17: =" - SL Reimbursements & Additional Items: " -> - SL Reimbursements & Additional Items: | D17: =DOLLAR(H18,0) -> ($4,076,950) | G17: Innovu Fixed Costs: | H17: ='CR Reconcile'!M18 -> 1283402.8 | I17: ='CR Reconcile'!I18
C18: =" - Overall Plan Cost:" -> - Overall Plan Cost: | D18: =DOLLAR(H19,0) -> $51,889,630 | G18: IEA Total: | H18: =Addendum!P22 -> -4076949.6 | I18: =Addendum!M22
G19: Total Plan Cost: | H19: =SUM(H16:H18) -> 51889630 | I19: =SUM(G16:G18)
C20: ="Net health care program costs after refinements and adjustments come to "&DOLLAR(H19/H14,0)&" PEPM in the current plan year." -> Net health care program costs after refinements and adjustments come to $1,897 PEPM in the current plan year.
B22: RECONCILIATION
C24: ="HUB reconciles data from our analytics platform against your invoices to determine if any discrepancy exists. For the period "&H6&", the Claims Cost discrepancy is "&DOLLAR(ABS(H25),0)&" while the Fixed Cost discrepancy is "&DOLLAR(ABS(H26),0)&". The total discrepancy between Innovu's data and carrier invoices is "&DOLLAR((H27),0)&", or "&TEXT(H27/H19,"0.00%")&" of total spend over the current reporting period." -> HUB reconciles data from our analytics platform against your invoices to determine if any discrepancy exists. For the period July 2024 through February 2025, the Claims Cost discrepancy is $98,010 while the Fixed Cost discrepancy is $258,913. The total discrepancy between Innovu's data and carrier invoices is ($356,924), or -0.69% of total spend over the current reporting period.
G25: Claims Discrepancy: | H25: ='CR Reconcile'!O18 -> -98010.34 | I25: ='CR Reconcile'!K18
C26: We will continue to monitor the program status monthly. If you have any questions regarding the above comments or attached reports, please let us know. | G26: Fixed Cost Discrepancy: | H26: ='CR Reconcile'!P18 -> -258913.33 | I26: ='CR Reconcile'!L18
G27: Total Discrepancy: | H27: =SUM(H25:H26) -> -356923.67 | I27: =SUM(G23:G24)
C30: NOTE: Stop Loss Reimbursements are reported as received, not during the month the claim was originally incurred

Sheet Summary
B2: =P6 -> NOREBT | K2: Date Completed: | O2: RELEVANT DATA BELOW Update formulas upon XFER | Q2: BOLDED RED = Update on First Introduction
B3: Comprehensive Summary Dashboard | K3: =Addendum!B3 -> 45742 | Q3: RED = Formulaic - No Updates Required
Q4: BLACK = Hard Coded - Update As Necessary
B5: Healthcare KPIs | C5: ="Report Year "&$P$9-2 -> Report Year 2022 | D5: ="Report Year "&$P$9-1 -> Report Year 2023 | E5: % Change | F5: ="Report Year "&$P$9 -> Report Year 2024 | H5: Est. % Change
F6: YTD | G6: Est. Annualized | O6: Client Name: | P6: =Addendum!E2 -> NOREBT
B7: Average Enrolled Employees | C7: =AVERAGE($P$18:$P$29) -> 3487.3333 | D7: =AVERAGE($P$30:$P$41) -> 3445.25 | E7: =(ABS(D7)-ABS(C7))/ABS(C7) -> -0.012067482 | F7: =AVERAGE(P42:P53) -> 3419.125 | H7: =(ABS(F7)-ABS(D7))/ABS(D7) -> -0.007582904 | O7: Report Period To-Date: | P7: =P8&" "&P9&" through "&TEXT(DATE(2000,P14-1,1), "mmmm")&" "&(IF(P14=1,YEAR(P13)-1, YEAR(P13))) -> July 2024 through February 2025
B8: Average Enrolled Members | C8: =AVERAGE($Q$18:$Q$29) -> 9799.4167 | D8: =AVERAGE(Q30:Q41) -> 9717 | E8: =(ABS(D8)-ABS(C8))/ABS(C8) -> -0.0084103646 | F8: =AVERAGE(Q42:Q53) -> 9641 | H8: =(ABS(F8)-ABS(D8))/ABS(D8) -> -0.007821344 | O8: Report Year Begin Month: | P8: =Addendum!$B$12 -> July
O9: Report Year Begin Year: | P9: =IF(MONTH(P13)=MONTH(DATEVALUE(P8&"1")),(YEAR(P13)-1),IF(MONTH(P13)>MONTH(DATEVALUE(P8&"1")),YEAR(P13), IF(MONTH(P13)<MONTH(DATEVALUE(P8&"1")),YEAR(P13)-1, "ERROR"))) -> 2024
B10: Medical Claims | C10: =SUM(R18:R29,T18:T29)-C12 -> 48399606 | D10: =SUM(R30:R41,T30:T41)-D12 -> 56012279 | E10: =(ABS(D10)-ABS(C10))/ABS(C10) -> 0.15728792 | F10: =SUM(R42:R53,T42:T53)-F12 -> 37762081 | G10: =(F10/COUNT(P$42:P$53))*12 -> 56643122 | H10: =(ABS(G10)-ABS(D10))/ABS(D10) -> 0.011262591 | O10: Report Year End Month: | P10: =Addendum!$B$13 -> June
B11: Rx Claims | C11: =SUM(S18:S29) -> 18326458 | D11: =SUM(S30:S41) -> 21838168 | E11: =(ABS(D11)-ABS(C11))/ABS(C11) -> 0.19161967 | F11: =SUM(S42:S53) -> 16913853 | G11: =(F11/COUNT(P$42:P$53))*12 -> 25370779 | H11: =(ABS(G11)-ABS(D11))/ABS(D11) -> 0.16176316 | J11: 2021 | K11: 2022 | L11: 2023 | O11: Report Year End Year: | P11: =IF(P10="December",P9,P9+1) -> 2025
B12: Vision Claims | C12: =J12 -> 11105 | D12: =K12 -> 10707.9 | E12: =IFERROR((ABS(D12)-ABS(C12))/ABS(C12),"") -> -0.035758667 | F12: =L12 -> 7243 | G12: =(F12/COUNT(P$42:P$53))*12 -> 10864.5 | H12: =(ABS(G12)-ABS(D12))/ABS(D12) -> 0.014624716 | J12: 11105 | K12: 10707.9 | L12: ='Trust Cash Flow'!P20 -> 7243
B13: Total Claims | C13: =SUM(C10:C12) -> 66737169 | D13: =SUM(D10:D12) -> 77861154 | E13: =(ABS(D13)-ABS(C13))/ABS(C13) -> 0.16668352 | F13: =SUM(F10:F12) -> 54683177 | G13: =SUM(G10:G12) -> 82024765 | H13: =(ABS(G13)-ABS(D13))/ABS(D13) -> 0.053474817 | O13: Completed Date: | P13: =K3 -> 45742
J14: =K14-1 -> 2022 | K14: =L14-1 -> 2023 | L14: =$P$9 -> 2024 | O14: Completed Month: | P14: =MONTH(P13) -> 3
B15: Administrative Costs | C15: =J15 -> 2561793.2 | D15: =K15 -> 2621008.7 | E15: =(ABS(D15)-ABS(C15))/ABS(C15) -> 0.023114871 | F15: =L15 -> 1687082.8 | G15: =(F15/COUNT(P$42:P$53))*12 -> 2530624.2 | H15: =(ABS(G15)-ABS(D15))/ABS(D15) -> -0.034484615 | J15: 2561793.2 | K15: 2621008.7 | L15: =SUM('Trust Cash Flow'!P36,'Trust Cash Flow'!P40,'Trust Cash Flow'!P41) -> 1687082.8 | O15: HCC Threshold: | P15: 25000
B16: Mini-Pool Contributions | C16: =J16 -> 9720583.6 | D16: =K16 -> 14288653 | E16: =(ABS(D16)-ABS(C16))/ABS(C16) -> 0.46993776 | F16: =L16 -> 10093790 | G16: =(F16/COUNT(P$42:P$53))*12 -> 15140685 | H16: =(ABS(G16)-ABS(D16))/ABS(D16) -> 0.059629979 | J16: 9720583.6 | K16: 14288653 | L16: ='Trust Cash Flow'!P39 -> 10093790 | O16: PASTE BELOW FROM RECONCILIATION EXPORT
B17: Stop Loss Premium | C17: =J17 -> 4011258.1 | D17: =K17 -> 4166961 | E17: =(ABS(D17)-ABS(C17))/ABS(C17) -> 0.03881647 | F17: =L17 -> 2701655.8 | G17: =(F17/COUNT(P$42:P$53))*12 -> 4052483.7 | H17: =(ABS(G17)-ABS(D17))/ABS(D17) -> -0.027472601 | J17: 4011258.1 | K17: 4166961 | L17: ='Trust Cash Flow'!P38 -> 2701655.8 | P17: Enrolled Subs | Q17: Enrolled Mems | R17: Medical Claims | S17: Rx Claims | T17: Rebates & Adjustments | U17: Admin | V17: Budget | W17: SL Spec Premium | X17: SL Agg Premium | Y17: EE Contributions | Z17: PEPM | AA17: MONTH | AB17: PY | AC17: 3 YR AVERAGE
B18: Total Fixed Costs | C18: =SUM(C15:C17) -> 16293635 | D18: =SUM(D15:D17) -> 21076623 | E18: =(ABS(D18)-ABS(C18))/ABS(C18) -> 0.29354946 | F18: =SUM(F15:F17) -> 14482529 | G18: =(F18/COUNT(P$42:P$53))*12 -> 21723793 | H18: =(ABS(G18)-ABS(D18))/ABS(D18) -> 0.0307056 | M18: =TEXT(MONTH(DATEVALUE(P8&"1")),"00") -> 07 | N18: =P9-2 -> 2022 | O18: =N18&M18 -> 202207 | P18: 3487 | Q18: 9755 | R18: 4895324.3 | S18: 1535555.7 | T18: 0 | U18: =W18+(P18*-3.36) -> 322931.07 | V18: 5413564 | W18: =P18*95.97 -> 334647.39 | X18: 0 | Y18: 160505 | Z18: =IFERROR(SUM(#REF!)/#REF!,"") | AA18: =RIGHT(O18,2) -> 07 | AB18: =IF(LEFT($O$18,4)=LEFT($O$29,4), LEFT($O$18,4),LEFT($O$18,4)&"-"&LEFT($O$29,4)) -> 2022-2023
J19: =K19-1 -> 2022 | K19: =L19-1 -> 2023 | L19: =$P$9 -> 2024 | M19: =TEXT(IF(M18+1>12, (M18+1)-12, M18+1),"00") -> 08 | N19: =IF(TEXT(DATE(2000,M19,1),"mmmm")="January",N18+1,N18) -> 2022 | O19: =N19&M19 -> 202208 | P19: 3485 | Q19: 9760 | R19: 3286809.4 | S19: 1418798.1 | T19: 71008.23 | U19: =W19+(P19*-3.36) -> 322745.85 | V19: 5411322.4 | W19: =P19*95.97 -> 334455.45 | X19: 0 | Y19: 161080 | Z19: =IFERROR(SUM(#REF!)/#REF!,"") | AA19: =RIGHT(O19,2) -> 08 | AB19: =$AB$18 -> 2022-2023
B20: Invoiced Expenses | C20: =J20 -> -3513858 | D20: =K20 -> 1500037.1 | E20: =(ABS(D20)-ABS(C20))/ABS(C20) -> -0.57310821 | F20: =L20 -> -157351.16 | G20: =(F20/COUNT(P$42:P$53))*12 -> -236026.74 | H20: =(ABS(G20)-ABS(D20))/ABS(D20) -> -0.84265274 | J20: -3513858 | K20: 1500037.1 | L20: =SUM(Addendum!F22:L22) -> -157351.16 | M20: =TEXT(IF(M19+1>12, (M19+1)-12, M19+1),"00") -> 09 | N20: =IF(TEXT(DATE(2000,M20,1),"mmmm")="January",N19+1,N19) -> 2022 | O20: =N20&M20 -> 202209 | P20: 3488 | Q20: 9766 | R20: 4559659.6 | S20: 1576088.8 | T20: 35199.87 | U20: =W20+(P20*-3.36) -> 323023.68 | V20: 5411152 | W20: =P20*95.97 -> 334743.36 | X20: 0 | Y20: 161816 | Z20: =IFERROR(SUM(#REF!)/#REF!,"") | AA20: =RIGHT(O20,2) -> 09 | AB20: =$AB$18 -> 2022-2023
B21: Rx Rebates & Discount Guarantees | C21: =J21 -> -2002276.1 | D21: =K21 -> -7337404.8 | E21: =(ABS(D21)-ABS(C21))/ABS(C21) -> 2.6645319 | F21: =L21 -> -3663161.3 | G21: =(F21/COUNT(P$42:P$53))*12 -> -5494741.9 | H21: =(ABS(G21)-ABS(D21))/ABS(D21) -> -0.25113278 | J21: -2002276.1 | K21: -7337404.8 | L21: =SUM('Trust Cash Flow'!P24,Addendum!M22) -> -3663161.3 | M21: =TEXT(IF(M20+1>12, (M20+1)-12, M20+1),"00") -> 10 | N21: =IF(TEXT(DATE(2000,M21,1),"mmmm")="January",N20+1,N20) -> 2022 | O21: =N21&M21 -> 202210 | P21: 3490 | Q21: 9774 | R21: 3516848 | S21: 1385356.2 | T21: 35688.28 | U21: =W21+(P21*-3.36) -> 323208.9 | V21: 5402762.3 | W21: =P21*95.97 -> 334935.3 | X21: 0 | Y21: 163467 | Z21: =IFERROR(SUM(#REF!)/#REF!,"") | AA21: =RIGHT(O21,2) -> 10 | AB21: =$AB$18 -> 2022-2023
B22: Mini-Pool Reimbursements | C22: =J22 -> -9636461.8 | D22: =K22 -> -11976558 | E22: =(ABS(D22)-ABS(C22))/ABS(C22) -> 0.24283772 | F22: =L22 -> -7792458.3 | G22: =(F22/COUNT(P$42:P$53))*12 -> -11688687 | H22: =(ABS(G22)-ABS(D22))/ABS(D22) -> -0.024036174 | J22: -9636461.8 | K22: -11976558 | L22: ='Trust Cash Flow'!P21 -> -7792458.3 | M22: =TEXT(IF(M21+1>12, (M21+1)-12, M21+1),"00") -> 11 | N22: =IF(TEXT(DATE(2000,M22,1),"mmmm")="January",N21+1,N21) -> 2022 | O22: =N22&M22 -> 202211 | P22: 3496 | Q22: 9820 | R22: 2791511.3 | S22: 1327745.2 | T22: 36076.64 | U22: =W22+(P22*-3.36) -> 323764.56 | V22: 5423902.8 | W22: =P22*95.97 -> 335511.12 | X22: 0 | Y22: 159823 | Z22: =IFERROR(SUM(#REF!)/#REF!,"") | AA22: =RIGHT(O22,2) -> 11 | AB22: =$AB$18 -> 2022-2023
B23: Stop Loss Reimbursements | C23: =J23 -> -3571042.4 | D23: =K23 -> -8020488 | E23: =(ABS(D23)-ABS(C23))/ABS(C23) -> 1.2459795 | F23: =L23 -> -2843777.2 | G23: =(F23/COUNT(P$42:P$53))*12 -> -4265665.9 | H23: =IFERROR((ABS(G23)-ABS(D23))/ABS(D23),"") -> -0.46815383 | J23: -3571042.4 | K23: -8020488 | L23: ='Trust Cash Flow'!P23 -> -2843777.2 | M23: =TEXT(IF(M22+1>12, (M22+1)-12, M22+1),"00") -> 12 | N23: =IF(TEXT(DATE(2000,M23,1),"mmmm")="January",N22+1,N22) -> 2022 | O23: =N23&M23 -> 202212 | P23: 3492 | Q23: 9826 | R23: 4681866.3 | S23: 1577419.6 | T23: 234418.47 | U23: =W23+(P23*-3.36) -> 323394.12 | V23: 5426941.9 | W23: =P23*95.97 -> 335127.24 | X23: 0 | Y23: 160023 | Z23: =IFERROR(SUM(#REF!)/#REF!,"") | AA23: =RIGHT(O23,2) -> 12 | AB23: =$AB$18 -> 2022-2023
B24: Total Additional Items | C24: =SUM(C20:C23) -> -18723638 | D24: =SUM(D20:D23) -> -25834414 | E24: =(ABS(D24)-ABS(C24))/ABS(C24) -> 0.37977531 | F24: =SUM(F20:F23) -> -14456748 | G24: =SUM(G20:G23) -> -21685122 | H24: =(ABS(G24)-ABS(D24))/ABS(D24) -> -0.16061103 | M24: =TEXT(IF(M23+1>12, (M23+1)-12, M23+1),"00") -> 01 | N24: =IF(TEXT(DATE(2000,M24,1),"mmmm")="January",N23+1,N23) -> 2023 | O24: =N24&M24 -> 202301 | P24: 3498 | Q24: 9851 | R24: 3972790.7 | S24: 1256553.3 | T24: 55835.16 | U24: =W24+(P24*-3.36) -> 323949.78 | V24: 5448121 | W24: =P24*95.97 -> 335703.06 | X24: 0 | Y24: 192867 | Z24: =IFERROR(SUM(#REF!)/#REF!,"") | AA24: =RIGHT(O24,2) -> 01 | AB24: =$AB$18 -> 2022-2023
M25: =TEXT(IF(M24+1>12, (M24+1)-12, M24+1),"00") -> 02 | N25: =IF(TEXT(DATE(2000,M25,1),"mmmm")="January",N24+1,N24) -> 2023 | O25: =N25&M25 -> 202302 | P25: 3495 | Q25: 9835 | R25: 3275619.9 | S25: 1273244.7 | T25: 50375.96 | U25: =W25+(P25*-3.36) -> 323671.95 | V25: 5442304.6 | W25: =P25*95.97 -> 335415.15 | X25: 0 | Y25: 191434 | Z25: =IFERROR(SUM(#REF!)/#REF!,"") | AA25: =RIGHT(O25,2) -> 02 | AB25: =$AB$18 -> 2022-2023
B26: Actual Total Cost | C26: =SUM(C18,C13,C24) -> 64307165 | D26: =SUM(D18,D13,D24) -> 73103363 | E26: =(ABS(D26)-ABS(C26))/ABS(C26) -> 0.13678411 | F26: =SUM(F18,F13,F24) -> 54708958 | G26: =SUM(G18,G13,G24) -> 82063436 | H26: =(ABS(G26)-ABS(D26))/ABS(D26) -> 0.12256718 | M26: =TEXT(IF(M25+1>12, (M25+1)-12, M25+1),"00") -> 03 | N26: =IF(TEXT(DATE(2000,M26,1),"mmmm")="January",N25+1,N25) -> 2023 | O26: =N26&M26 -> 202303 | P26: 3485 | Q26: 9813 | R26: 4957457 | S26: 1856958.8 | T26: 60266.95 | U26: =W26+(P26*-3.36) -> 322745.85 | V26: 5423243 | W26: =P26*95.97 -> 334455.45 | X26: 0 | Y26: 189943 | Z26: =IFERROR(SUM(#REF!)/#REF!,"") | AA26: =RIGHT(O26,2) -> 03 | AB26: =$AB$18 -> 2022-2023
B27: Actual Cost PEPY | C27: =C26/C7 -> 18440.212 | D27: =D26/D7 -> 21218.595 | E27: =(ABS(D27)-ABS(C27))/ABS(C27) -> 0.15066979 | F27: =G26/F7 -> 24001.298 | H27: =(ABS(F27)-ABS(D27))/ABS(D27) -> 0.13114454 | J27: =K27-1 -> 2022 | K27: =L27-1 -> 2023 | L27: =$P$9 -> 2024 | M27: =TEXT(IF(M26+1>12, (M26+1)-12, M26+1),"00") -> 04 | N27: =IF(TEXT(DATE(2000,M27,1),"mmmm")="January",N26+1,N26) -> 2023 | O27: =N27&M27 -> 202304 | P27: 3476 | Q27: 9799 | R27: 3381430.6 | S27: 1446104.8 | T27: 57985.28 | U27: =W27+(P27*-3.36) -> 321912.36 | V27: 5409682.2 | W27: =P27*95.97 -> 333591.72 | X27: 0 | Y27: 191029 | Z27: =IFERROR(SUM(#REF!)/#REF!,"") | AA27: =RIGHT(O27,2) -> 04 | AB27: =$AB$18 -> 2022-2023
B28: Trust Contributions | C28: =J28 -> 65554466 | D28: =K28 -> 69759687 | E28: =(ABS(D28)-ABS(C28))/ABS(C28) -> 0.064148501 | F28: =L28 -> 47200696 | G28: =(F28/COUNT(P$42:P$53))*12 -> 70801044 | H28: =(ABS(G28)-ABS(D28))/ABS(D28) -> 0.014927768 | J28: 65554466 | K28: 69759687 | L28: ='Trust Cash Flow'!P10 -> 47200696 | M28: =TEXT(IF(M27+1>12, (M27+1)-12, M27+1),"00") -> 05 | N28: =IF(TEXT(DATE(2000,M28,1),"mmmm")="January",N27+1,N27) -> 2023 | O28: =N28&M28 -> 202305 | P28: 3476 | Q28: 9789 | R28: 4192804.2 | S28: 1632316.9 | T28: 57660.74 | U28: =W28+(P28*-3.36) -> 321912.36 | V28: 5411132.1 | W28: =P28*95.97 -> 333591.72 | X28: 0 | Y28: 190318 | Z28: =IFERROR(SUM(#REF!)/#REF!,"") | AA28: =RIGHT(O28,2) -> 05 | AB28: =$AB$18 -> 2022-2023
B29: Contributions PEPY | C29: =C28/C7 -> 18797.878 | D29: =D28/D7 -> 20248.077 | E29: =(ABS(D29)-ABS(C29))/ABS(C29) -> 0.077146953 | F29: =G28/F7 -> 20707.357 | H29: =(ABS(F29)-ABS(D29))/ABS(D29) -> 0.022682673 | M29: =TEXT(IF(M28+1>12, (M28+1)-12, M28+1),"00") -> 06 | N29: =IF(TEXT(DATE(2000,M29,1),"mmmm")="January",N28+1,N28) -> 2023 | O29: =N29&M29 -> 202306 | P29: 3480 | Q29: 9805 | R29: 4143539 | S29: 2040315.7 | T29: 60534.54 | U29: =W29+(P29*-3.36) -> 322282.8 | V29: 5418631 | W29: =P29*95.97 -> 333975.6 | X29: 0 | Y29: 191292 | Z29: =IFERROR(SUM(#REF!)/#REF!,"") | AA29: =RIGHT(O29,2) -> 06 | AB29: =$AB$18 -> 2022-2023
B30: Actual/Budget | C30: =C26/C28 -> 0.98097305 | D30: =D26/D28 -> 1.0479314 | F30: =IF(F28=0,"No Budget Structure",F26/F28) -> 1.159071 | M30: =TEXT(IF(M29+1>12, (M29+1)-12, M29+1),"00") -> 07 | N30: =IF(TEXT(DATE(2000,M30,1),"mmmm")="January",N29+1,N29) -> 2023 | O30: =N30&M30 -> 202307 | P30: 3454 | Q30: 9739 | R30: 3714171.6 | S30: 1632586.1 | T30: 59977.07 | U30: =W30+(P30*-52.35) -> 168668.1 | V30: 5981454.5 | W30: 349485 | X30: 0 | Y30: 222065 | Z30: =IFERROR(SUM(R18:U18)/P18,"") -> 1936.8544 | AA30: =RIGHT(O30,2) -> 07 | AB30: =IF(LEFT($O$30,4)=LEFT($O$41,4), LEFT($O$30,4),LEFT($O$30,4)&"-"&LEFT($O$41,4)) -> 2023-2024 | AC30: =SUM($R$18:$U$41)/SUM($P$18:$P$41) -> 1808.9848
M31: =TEXT(IF(M30+1>12, (M30+1)-12, M30+1),"00") -> 08 | N31: =IF(TEXT(DATE(2000,M31,1),"mmmm")="January",N30+1,N30) -> 2023 | O31: =N31&M31 -> 202308 | P31: 3470 | Q31: 9788 | R31: 4457853 | S31: 1487004.8 | T31: 60125.9 | U31: =W31+(P31*-52.35) -> 169326.5 | V31: 6006573.1 | W31: 350981 | X31: 0 | Y31: 222736 | Z31: =IFERROR(SUM(R19:U19)/P19,"") -> 1463.2315 | AA31: =RIGHT(O31,2) -> 08 | AB31: =$AB$30 -> 2023-2024 | AC31: =SUM($R$18:$U$41)/SUM($P$18:$P$41) -> 1808.9848
B32: Large Claimants | C32: ="Report Year "&$P$9-2 -> Report Year 2022 | D32: ="Report Year "&$P$9-1 -> Report Year 2023 | E32: % Change | F32: ="Report Year "&$P$9 -> Report Year 2024 | H32: Est. % Change | M32: =TEXT(IF(M31+1>12, (M31+1)-12, M31+1),"00") -> 09 | N32: =IF(TEXT(DATE(2000,M32,1),"mmmm")="January",N31+1,N31) -> 2023 | O32: =N32&M32 -> 202309 | P32: 3483 | Q32: 9805 | R32: 4222989.6 | S32: 2084426.5 | T32: 61303.6 | U32: =W32+(P32*-52.35) -> 169866.95 | V32: 6003910.8 | W32: 352202 | X32: 0 | Y32: 221430 | Z32: =IFERROR(SUM(R20:U20)/P20,"") -> 1861.8039 | AA32: =RIGHT(O32,2) -> 09 | AB32: =$AB$30 -> 2023-2024 | AC32: =SUM($R$18:$U$41)/SUM($P$18:$P$41) -> 1808.9848
F33: YTD | G33: Est. Annualized | M33: =TEXT(IF(M32+1>12, (M32+1)-12, M32+1),"00") -> 10 | N33: =IF(TEXT(DATE(2000,M33,1),"mmmm")="January",N32+1,N32) -> 2023 | O33: =N33&M33 -> 202310 | P33: 3461 | Q33: 9762 | R33: 7441335.5 | S33: 1667751.6 | T33: 59620.23 | U33: =W33+(P33*-52.35) -> 168816.65 | V33: 5962607.2 | W33: 350000 | X33: 0 | Y33: 219781 | Z33: =IFERROR(SUM(R21:U21)/P21,"") -> 1507.4789 | AA33: =RIGHT(O33,2) -> 10 | AB33: =$AB$30 -> 2023-2024 | AC33: =SUM($R$18:$U$41)/SUM($P$18:$P$41) -> 1808.9848
B34: Reporting Threshold | C34: =P15 -> 25000 | D34: =P15 -> 25000 | F34: =P15 -> 25000 | J34: =K34-1 -> 2022 | K34: =L34-1 -> 2023 | L34: =$P$9 -> 2024 | M34: =TEXT(IF(M33+1>12, (M33+1)-12, M33+1),"00") -> 11 | N34: =IF(TEXT(DATE(2000,M34,1),"mmmm")="January",N33+1,N33) -> 2023 | O34: =N34&M34 -> 202311 | P34: 3461 | Q34: 9747 | R34: 2786925.3 | S34: 1675939.6 | T34: 60186.01 | U34: =W34+(P34*-52.35) -> 169002.65 | V34: 5950947.2 | W34: 350186 | X34: 0 | Y34: 223498 | Z34: =IFERROR(SUM(R22:U22)/P22,"") -> 1281.2064 | AA34: =RIGHT(O34,2) -> 11 | AB34: =$AB$30 -> 2023-2024 | AC34: =SUM($R$18:$U$41)/SUM($P$18:$P$41) -> 1808.9848
B35: Claimants over Threshold | C35: =J35 -> 460 | D35: =K35 -> 492 | E35: =(ABS(D35)-ABS(C35))/ABS(C35) -> 0.069565217 | F35: =L35 -> 331 | G35: =(F35/COUNT(P$42:P$53))*12 -> 496.5 | H35: =(ABS(G35)-ABS(D35))/ABS(D35) -> 0.0091463415 | J35: 460 | K35: 492 | L35: ='HCC Summary'!D28 -> 331 | M35: =TEXT(IF(M34+1>12, (M34+1)-12, M34+1),"00") -> 12 | N35: =IF(TEXT(DATE(2000,M35,1),"mmmm")="January",N34+1,N34) -> 2023 | O35: =N35&M35 -> 202312 | P35: 3457 | Q35: 9742 | R35: 6530881.5 | S35: 2081856.4 | T35: 229739.93 | U35: =W35+(P35*-52.35) -> 168602.05 | V35: 5953935.5 | W35: 349576 | X35: 0 | Y35: 224483 | Z35: =IFERROR(SUM(R23:U23)/P23,"") -> 1952.2046 | AA35: =RIGHT(O35,2) -> 12 | AB35: =$AB$30 -> 2023-2024 | AC35: =SUM($R$18:$U$41)/SUM($P$18:$P$41) -> 1808.9848
B36: Average Cost Per Claimant | C36: =C37/C35 -> 80181.971 | D36: =D37/D35 -> 90424.848 | E36: =(ABS(D36)-ABS(C36))/ABS(C36) -> 0.12774539 | F36: =F37/F35 -> 85316.508 | G36: =G37/G35 -> 85316.508 | H36: =(ABS(G36)-ABS(D36))/ABS(D36) -> -0.056492659 | M36: =TEXT(IF(M35+1>12, (M35+1)-12, M35+1),"00") -> 01 | N36: =IF(TEXT(DATE(2000,M36,1),"mmmm")="January",N35+1,N35) -> 2024 | O36: =N36&M36 -> 202401 | P36: 3443 | Q36: 9717 | R36: 3190815.7 | S36: 1684656.1 | T36: 3190.44 | U36: =W36+(P36*-52.35) -> 167928.95 | V36: 5942116.7 | W36: 348170 | X36: 0 | Y36: 220556 | Z36: =IFERROR(SUM(R24:U24)/P24,"") -> 1603.5246 | AA36: =RIGHT(O36,2) -> 01 | AB36: =$AB$30 -> 2023-2024 | AC36: =SUM($R$18:$U$41)/SUM($P$18:$P$41) -> 1808.9848
B37: Total Cost | C37: =J37 -> 36883707 | D37: =K37 -> 44489025 | E37: =(ABS(D37)-ABS(C37))/ABS(C37) -> 0.20619724 | F37: =L37 -> 28239764 | G37: =(F37/COUNT(P$42:P$53))*12 -> 42359646 | H37: =(ABS(G37)-ABS(D37))/ABS(D37) -> -0.047863019 | J37: 36883707 | K37: 44489025 | L37: ='HCC Summary'!G28 -> 28239764 | M37: =TEXT(IF(M36+1>12, (M36+1)-12, M36+1),"00") -> 02 | N37: =IF(TEXT(DATE(2000,M37,1),"mmmm")="January",N36+1,N36) -> 2024 | O37: =N37&M37 -> 202402 | P37: 3442 | Q37: 9715 | R37: 4349816.3 | S37: 1575764.1 | T37: 118683.35 | U37: =W37+(P37*-52.35) -> 167870.3 | V37: 5938684.6 | W37: 348059 | X37: 0 | Y37: 219678 | Z37: =IFERROR(SUM(R25:U25)/P25,"") -> 1408.5587 | AA37: =RIGHT(O37,2) -> 02 | AB37: =$AB$30 -> 2023-2024 | AC37: =SUM($R$18:$U$41)/SUM($P$18:$P$41) -> 1808.9848
B38: % of Total Claims | C38: =C37/C13 -> 0.55267113 | D38: =D37/D13 -> 0.57138923 | F38: =G37/G13 -> 0.51642508 | M38: =TEXT(IF(M37+1>12, (M37+1)-12, M37+1),"00") -> 03 | N38: =IF(TEXT(DATE(2000,M38,1),"mmmm")="January",N37+1,N37) -> 2024 | O38: =N38&M38 -> 202403 | P38: 3433 | Q38: 9700 | R38: 4910524.6 | S38: 2076329.1 | T38: 60539.44 | U38: =W38+(P38*-52.35) -> 167635.45 | V38: 5934191.6 | W38: 347353 | X38: 0 | Y38: 217260 | Z38: =IFERROR(SUM(R26:U26)/P26,"") -> 2065.2593 | AA38: =RIGHT(O38,2) -> 03 | AB38: =$AB$30 -> 2023-2024 | AC38: =SUM($R$18:$U$41)/SUM($P$18:$P$41) -> 1808.9848
M39: =TEXT(IF(M38+1>12, (M38+1)-12, M38+1),"00") -> 04 | N39: =IF(TEXT(DATE(2000,M39,1),"mmmm")="January",N38+1,N38) -> 2024 | O39: =N39&M39 -> 202404 | P39: 3425 | Q39: 9667 | R39: 4489002.9 | S39: 1804714.2 | T39: 58451.17 | U39: =W39+(P39*-52.35) -> 167141.25 | V39: 5910558.2 | W39: 346440 | X39: 0 | Y39: 215419 | Z39: =IFERROR(SUM(R27:U27)/P27,"") -> 1498.1108 | AA39: =RIGHT(O39,2) -> 04 | AB39: =$AB$30 -> 2023-2024 | AC39: =SUM($R$18:$U$41)/SUM($P$18:$P$41) -> 1808.9848
B40: Actual PEPM by Plan Year | M40: =TEXT(IF(M39+1>12, (M39+1)-12, M39+1),"00") -> 05 | N40: =IF(TEXT(DATE(2000,M40,1),"mmmm")="January",N39+1,N39) -> 2024 | O40: =N40&M40 -> 202405 | P40: 3411 | Q40: 9622 | R40: 4684914.8 | S40: 2147941 | T40: 61112.54 | U40: =W40+(P40*-52.35) -> 166559.15 | V40: 5887570 | W40: 345125 | X40: 0 | Y40: 213503 | Z40: =IFERROR(SUM(R28:U28)/P28,"") -> 1785.0099 | AA40: =RIGHT(O40,2) -> 05 | AB40: =$AB$30 -> 2023-2024 | AC40: =SUM($R$18:$U$41)/SUM($P$18:$P$41) -> 1808.9848
M41: =TEXT(IF(M40+1>12, (M40+1)-12, M40+1),"00") -> 06 | N41: =IF(TEXT(DATE(2000,M41,1),"mmmm")="January",N40+1,N40) -> 2024 | O41: =N41&M41 -> 202406 | P41: 3403 | Q41: 9600 | R41: 4362829.5 | S41: 1919198.5 | T41: 47996.67 | U41: =W41+(P41*-52.35) -> 165969.95 | V41: 5874104 | W41: 344117 | X41: 0 | Y41: 212861 | Z41: =IFERROR(SUM(R29:U29)/P29,"") -> 1886.9747 | AA41: =RIGHT(O41,2) -> 06 | AB41: =$AB$30 -> 2023-2024 | AC41: =SUM($R$18:$U$41)/SUM($P$18:$P$41) -> 1808.9848
M42: =TEXT(IF(M41+1>12, (M41+1)-12, M41+1),"00") -> 07 | N42: =IF(TEXT(DATE(2000,M42,1),"mmmm")="January",N41+1,N41) -> 2024 | O42: =N42&M42 -> 202407 | P42: 3387 | Q42: 9554 | R42: 3758957.7 | S42: 1813006.4 | T42: 60667.5 | U42: =W42+(P42*-51.85) -> 158918.04 | V42: 6117111.4 | W42: =P42*98.77 -> 334533.99 | X42: 0 | Y42: 19107 | Z42: =IFERROR(SUM(R30:U30)/P30,"") -> 1614.1873 | AA42: =RIGHT(O42,2) -> 07 | AB42: =IF(LEFT($O$42,4)=LEFT($O$53,4), LEFT($O$42,4),LEFT($O$42,4)&"-"&LEFT($O$53,4)) -> 2024-2025
M43: =TEXT(IF(M42+1>12, (M42+1)-12, M42+1),"00") -> 08 | N43: =IF(TEXT(DATE(2000,M43,1),"mmmm")="January",N42+1,N42) -> 2024 | O43: =N43&M43 -> 202408 | P43: 3385 | Q43: 9576 | R43: 5482061.4 | S43: 2331500.6 | T43: 61499.6 | U43: =W43+(P43*-51.85) -> 158824.2 | V43: 6124386.6 | W43: =P43*98.77 -> 334336.45 | X43: 0 | Y43: 17230 | Z43: =IFERROR(SUM(R31:U31)/P31,"") -> 1779.3401 | AA43: =RIGHT(O43,2) -> 08 | AB43: =$AB$42 -> 2024-2025
M44: =TEXT(IF(M43+1>12, (M43+1)-12, M43+1),"00") -> 09 | N44: =IF(TEXT(DATE(2000,M44,1),"mmmm")="January",N43+1,N43) -> 2024 | O44: =N44&M44 -> 202409 | P44: 3430 | Q44: 9654 | R44: 3741278.6 | S44: 1964306.8 | T44: 58967.77 | U44: =W44+(P44*-51.85) -> 160935.6 | V44: 6164361.6 | W44: =P44*98.77 -> 338781.1 | X44: 0 | Y44: 23975 | Z44: =IFERROR(SUM(R32:U32)/P32,"") -> 1877.2859 | AA44: =RIGHT(O44,2) -> 09 | AB44: =$AB$42 -> 2024-2025
M45: =TEXT(IF(M44+1>12, (M44+1)-12, M44+1),"00") -> 10 | N45: =IF(TEXT(DATE(2000,M45,1),"mmmm")="January",N44+1,N44) -> 2024 | O45: =N45&M45 -> 202410 | P45: 3428 | Q45: 9653 | R45: 3647336.5 | S45: 2019687.7 | T45: 42113.69 | U45: =W45+(P45*-51.85) -> 160841.76 | V45: 6150363.8 | W45: =P45*98.77 -> 338583.56 | X45: 0 | Y45: 24498 | Z45: =IFERROR(SUM(R33:U33)/P33,"") -> 2697.9266 | AA45: =RIGHT(O45,2) -> 10 | AB45: =$AB$42 -> 2024-2025
M46: =TEXT(IF(M45+1>12, (M45+1)-12, M45+1),"00") -> 11 | N46: =IF(TEXT(DATE(2000,M46,1),"mmmm")="January",N45+1,N45) -> 2024 | O46: =N46&M46 -> 202411 | P46: 3429 | Q46: 9670 | R46: 5005651.2 | S46: 2421488.2 | T46: 62892.61 | U46: =W46+(P46*-51.85) -> 160888.68 | V46: 6164365.1 | W46: =P46*98.77 -> 338682.33 | X46: 0 | Y46: 24015 | Z46: =IFERROR(SUM(R34:U34)/P34,"") -> 1355.693 | AA46: =RIGHT(O46,2) -> 11 | AB46: =$AB$42 -> 2024-2025
M47: =TEXT(IF(M46+1>12, (M46+1)-12, M46+1),"00") -> 12 | N47: =IF(TEXT(DATE(2000,M47,1),"mmmm")="January",N46+1,N46) -> 2024 | O47: =N47&M47 -> 202412 | P47: 3435 | Q47: 9677 | R47: 4876876.4 | S47: 1989836.5 | T47: 238954.94 | U47: =W47+(P47*-51.85) -> 161170.2 | V47: 6172087.9 | W47: =P47*98.77 -> 339274.95 | X47: 0 | Y47: 24650 | Z47: =IFERROR(SUM(R35:U35)/P35,"") -> 2606.6184 | AA47: =RIGHT(O47,2) -> 12 | AB47: =$AB$42 -> 2024-2025
M48: =TEXT(IF(M47+1>12, (M47+1)-12, M47+1),"00") -> 01 | N48: =IF(TEXT(DATE(2000,M48,1),"mmmm")="January",N47+1,N47) -> 2025 | O48: =N48&M48 -> 202501 | P48: 3435 | Q48: 9690 | R48: 5924122.7 | S48: 2394639.7 | T48: 69083.17 | U48: =W48+(P48*-51.85) -> 161170.2 | V48: 6178627.1 | W48: =P48*98.77 -> 339274.95 | X48: 0 | Y48: 24716 | Z48: =IFERROR(SUM(R36:U36)/P36,"") -> 1465.754 | AA48: =RIGHT(O48,2) -> 01 | AB48: =$AB$42 -> 2024-2025
M49: =TEXT(IF(M48+1>12, (M48+1)-12, M48+1),"00") -> 02 | N49: =IF(TEXT(DATE(2000,M49,1),"mmmm")="January",N48+1,N48) -> 2025 | O49: =N49&M49 -> 202502 | P49: 3424 | Q49: 9654 | R49: 4669326.8 | S49: 1979386.8 | T49: 69533.79 | U49: =W49+(P49*-51.85) -> 160654.08 | V49: 6161083.2 | W49: =P49*98.77 -> 338188.48 | X49: 0 | Y49: 24478 | Z49: =IFERROR(SUM(R37:U37)/P37,"") -> 1804.8036 | AA49: =RIGHT(O49,2) -> 02 | AB49: =$AB$42 -> 2024-2025
M50: =TEXT(IF(M49+1>12, (M49+1)-12, M49+1),"00") -> 03 | N50: =IF(TEXT(DATE(2000,M50,1),"mmmm")="January",N49+1,N49) -> 2025 | O50: =N50&M50 -> 202503 | Z50: =IFERROR(SUM(R38:U38)/P38,"") -> 2101.6687 | AA50: =RIGHT(O50,2) -> 03 | AB50: =$AB$42 -> 2024-2025
M51: =TEXT(IF(M50+1>12, (M50+1)-12, M50+1),"00") -> 04 | N51: =IF(TEXT(DATE(2000,M51,1),"mmmm")="January",N50+1,N50) -> 2025 | O51: =N51&M51 -> 202504 | Z51: =IFERROR(SUM(R39:U39)/P39,"") -> 1903.448 | AA51: =RIGHT(O51,2) -> 04 | AB51: =$AB$42 -> 2024-2025
M52: =TEXT(IF(M51+1>12, (M51+1)-12, M51+1),"00") -> 05 | N52: =IF(TEXT(DATE(2000,M52,1),"mmmm")="January",N51+1,N51) -> 2025 | O52: =N52&M52 -> 202505 | Z52: =IFERROR(SUM(R40:U40)/P40,"") -> 2069.9289 | AA52: =RIGHT(O52,2) -> 05 | AB52: =$AB$42 -> 2024-2025
M53: =TEXT(IF(M52+1>12, (M52+1)-12, M52+1),"00") -> 06 | N53: =IF(TEXT(DATE(2000,M53,1),"mmmm")="January",N52+1,N52) -> 2025 | O53: =N53&M53 -> 202506 | Z53: =IFERROR(SUM(R41:U41)/P41,"") -> 1908.9023 | AA53: =RIGHT(O53,2) -> 06 | AB53: =$AB$42 -> 2024-2025
Z54: =SUM(R18:U41)/SUM(P18:P41) -> 1808.9848
Y55: ChartValue Name

Sheet Addendum
B2: Date Completed: | E2: =Narrative!H5 -> NOREBT
B3: 45742 | C3: =MONTH(B3) -> 3 | E3: Invoiced Expense Addendum
E5: ="Plan Year: "&B8&" "&C8&" - "&B9&" "&C9 -> Plan Year: July 2024 - June 2025
E6: ="Claims Paid "&B12&" "&C12&" through "&TEXT(DATE(2000,C3-1,1), "mmmm")&" "&(IF(C3=1,YEAR(B3)-1, YEAR(B3))) -> Claims Paid July 2024 through February 2025
B7: Plan Year Begin: | F7: A | G7: B | H7: C | I7: D | J7: E | K7: F | L7: G | M7: H | N7: I | O7: J
B8: July | C8: =IF(MONTH(B3)=MONTH(DATEVALUE(B8&"1")),(YEAR(B3)-1),IF(MONTH(B3)>MONTH(DATEVALUE(B8&"1")),YEAR(B3), IF(MONTH(B3)<MONTH(DATEVALUE(B8&"1")),YEAR(B3)-1, "ERROR"))) -> 2024 | E8: Month | F8: INVOICED EXPENSES | P8: Total
B9: =IF(B8="","",TEXT(DATE(2000,MONTH(DATEVALUE(B8&"1")) + 11,1), "mmmm")) -> June | C9: =IF(B9="December", C8,C8+1) -> 2025 | F9: Prepay Claims Savings Fees | G9: Reimbs., Chargebacks, & Adjustments | H9: Taxes & Fees | I9: Utilization Management | J9: Claims Related Expenses | K9: Other Prepay Fees | L9: Copay Armor | M9: Highmark Rebates & Discount Guarantees | N9: ScriptWorld Rx Rebates | O9: Stop Loss Reimbursements
D10: =MONTH(DATEVALUE(B12&"1")) -> 7 | E10: =B12&" "&C12 -> July 2024 | F10: =IF(Conneaut!K68="","",SUM(Conneaut:Wattsburg!L68)) -> 13140.05 | G10: =IF(Conneaut!K68="","",SUM(Conneaut:Wattsburg!M68)) -> 0 | H10: =IF(Conneaut!K68="","",SUM(Conneaut:Wattsburg!N68)) -> 205.04 | I10: =IF(Conneaut!K68="","",SUM(Conneaut:Wattsburg!O68)) -> 19780 | J10: =IF(Conneaut!K68="","",SUM(Conneaut:Wattsburg!P68)) -> 10926.87 | K10: =IF(Conneaut!K68="","",SUM(Conneaut:Wattsburg!Q68)) -> 4024.55 | L10: =IF(Conneaut!K68="","",SUM(Conneaut:Wattsburg!R68)) -> -499.45 | M10: =IF(Conneaut!K68="","",SUM(Conneaut:Wattsburg!T68,Conneaut:Wattsburg!S68)) -> -4611.85 | N10: =IF(Girard!K85="","",Girard!K85+HarborCreek!K85) -> -209146.01 | O10: =IF(Conneaut!D$11="","",SUM(Conneaut:Wattsburg!$U68)) -> -581176.75 | P10: =SUM(F10:O10) -> -747357.55
B11: Report Year Begin: | D11: =IF(D10+1>12, (D10+1)-12, D10+1) -> 8 | E11: =TEXT(DATE(2000,D11,1), "mmmm")&IF(D11=1, " "&$C$13,"") -> August | F11: =IF(Conneaut!K69="","",SUM(Conneaut:Wattsburg!L69)) -> 10640.7 | G11: =IF(Conneaut!K69="","",SUM(Conneaut:Wattsburg!M69)) -> 0 | H11: =IF(Conneaut!K69="","",SUM(Conneaut:Wattsburg!N69)) -> 2434.68 | I11: =IF(Conneaut!K69="","",SUM(Conneaut:Wattsburg!O69)) -> 38500 | J11: =IF(Conneaut!K69="","",SUM(Conneaut:Wattsburg!P69)) -> 6162.94 | K11: =IF(Conneaut!K69="","",SUM(Conneaut:Wattsburg!Q69)) -> 7222.03 | L11: =IF(Conneaut!K69="","",SUM(Conneaut:Wattsburg!R69)) -> 0 | M11: =IF(Conneaut!K69="","",SUM(Conneaut:Wattsburg!T69,Conneaut:Wattsburg!S69)) -> -3514.5 | N11: =IF(Girard!K86="","",Girard!K86+HarborCreek!K86) -> 0 | O11: =IF(Conneaut!E$11="","",SUM(Conneaut:Wattsburg!$U69)) -> -177847.22 | P11: =SUM(F11:O11) -> -116401.37
B12: July | C12: =IF(MONTH(B3)=MONTH(DATEVALUE(B12&"1")),(YEAR(B3)-1),IF(MONTH(B3)>MONTH(DATEVALUE(B12&"1")),YEAR(B3), IF(MONTH(B3)<MONTH(DATEVALUE(B12&"1")),YEAR(B3)-1, "ERROR"))) -> 2024 | D12: =IF(D11+1>12, (D11+1)-12, D11+1) -> 9 | E12: =TEXT(DATE(2000,D12,1), "mmmm")&IF(D12=1, " "&$C$13,"") -> September | F12: =IF(Conneaut!K70="","",SUM(Conneaut:Wattsburg!L70)) -> 53154.51 | G12: =IF(Conneaut!K70="","",SUM(Conneaut:Wattsburg!M70)) -> 0 | H12: =IF(Conneaut!K70="","",SUM(Conneaut:Wattsburg!N70)) -> 234.19 | I12: =IF(Conneaut!K70="","",SUM(Conneaut:Wattsburg!O70)) -> 25550 | J12: =IF(Conneaut!K70="","",SUM(Conneaut:Wattsburg!P70)) -> -636538 | K12: =IF(Conneaut!K70="","",SUM(Conneaut:Wattsburg!Q70)) -> 113.6 | L12: =IF(Conneaut!K70="","",SUM(Conneaut:Wattsburg!R70)) -> 0 | M12: =IF(Conneaut!K70="","",SUM(Conneaut:Wattsburg!T70,Conneaut:Wattsburg!S70)) -> -5875.83 | N12: =IF(Girard!K87="","",Girard!K87+HarborCreek!K87) -> 0 | O12: =IF(Conneaut!F$11="","",SUM(Conneaut:Wattsburg!$U70)) -> 0 | P12: =SUM(F12:O12) -> -563361.53
B13: =IF(B12="","",TEXT(DATE(2000,MONTH(DATEVALUE(B12&"1")) + 11,1), "mmmm")) -> June | C13: =IF(B13="December", C12,C12+1) -> 2025 | D13: =IF(D12+1>12, (D12+1)-12, D12+1) -> 10 | E13: =TEXT(DATE(2000,D13,1), "mmmm")&IF(D13=1, " "&$C$13,"") -> October | F13: =IF(Conneaut!K71="","",SUM(Conneaut:Wattsburg!L71)) -> 19853.7 | G13: =IF(Conneaut!K71="","",SUM(Conneaut:Wattsburg!M71)) -> 11900.7 | H13: =IF(Conneaut!K71="","",SUM(Conneaut:Wattsburg!N71)) -> 221.26 | I13: =IF(Conneaut!K71="","",SUM(Conneaut:Wattsburg!O71)) -> 24500 | J13: =IF(Conneaut!K71="","",SUM(Conneaut:Wattsburg!P71)) -> 0 | K13: =IF(Conneaut!K71="","",SUM(Conneaut:Wattsburg!Q71)) -> 5376.83 | L13: =IF(Conneaut!K71="","",SUM(Conneaut:Wattsburg!R71)) -> 0 | M13: =IF(Conneaut!K71="","",SUM(Conneaut:Wattsburg!T71,Conneaut:Wattsburg!S71)) -> -22657.14 | N13: =IF(Girard!K88="","",Girard!K88+HarborCreek!K88) -> -222684.26 | O13: =IF(Conneaut!G$11="","",SUM(Conneaut:Wattsburg!$U71)) -> -241494.2 | P13: =SUM(F13:O13) -> -424983.11
D14: =IF(D13+1>12, (D13+1)-12, D13+1) -> 11 | E14: =TEXT(DATE(2000,D14,1), "mmmm")&IF(D14=1, " "&$C$13,"") -> November | F14: =IF(Conneaut!K72="","",SUM(Conneaut:Wattsburg!L72)) -> -22084.66 | G14: =IF(Conneaut!K72="","",SUM(Conneaut:Wattsburg!M72)) -> 1451.1 | H14: =IF(Conneaut!K72="","",SUM(Conneaut:Wattsburg!N72)) -> 208.82 | I14: =IF(Conneaut!K72="","",SUM(Conneaut:Wattsburg!O72)) -> 33140 | J14: =IF(Conneaut!K72="","",SUM(Conneaut:Wattsburg!P72)) -> 8627.49 | K14: =IF(Conneaut!K72="","",SUM(Conneaut:Wattsburg!Q72)) -> 6125.09 | L14: =IF(Conneaut!K72="","",SUM(Conneaut:Wattsburg!R72)) -> 0 | M14: =IF(Conneaut!K72="","",SUM(Conneaut:Wattsburg!T72,Conneaut:Wattsburg!S72)) -> -2151.91 | N14: =IF(Girard!K89="","",Girard!K89+HarborCreek!K89) -> 0 | O14: =IF(Conneaut!H$11="","",SUM(Conneaut:Wattsburg!$U72)) -> -251789.18 | P14: =SUM(F14:O14) -> -226473.25
D15: =IF(D14+1>12, (D14+1)-12, D14+1) -> 12 | E15: =TEXT(DATE(2000,D15,1), "mmmm")&IF(D15=1, " "&$C$13,"") -> December | F15: =IF(Conneaut!K73="","",SUM(Conneaut:Wattsburg!L73)) -> 3423.35 | G15: =IF(Conneaut!K73="","",SUM(Conneaut:Wattsburg!M73)) -> 0 | H15: =IF(Conneaut!K73="","",SUM(Conneaut:Wattsburg!N73)) -> 239.1 | I15: =IF(Conneaut!K73="","",SUM(Conneaut:Wattsburg!O73)) -> 27400 | J15: =IF(Conneaut!K73="","",SUM(Conneaut:Wattsburg!P73)) -> 660604.45 | K15: =IF(Conneaut!K73="","",SUM(Conneaut:Wattsburg!Q73)) -> 1905.61 | L15: =IF(Conneaut!K73="","",SUM(Conneaut:Wattsburg!R73)) -> 0 | M15: =IF(Conneaut!K73="","",SUM(Conneaut:Wattsburg!T73,Conneaut:Wattsburg!S73)) -> -608.83 | N15: =IF(Girard!K90="","",Girard!K90+HarborCreek!K90) -> -269947.83 | O15: =IF(Conneaut!I$11="","",SUM(Conneaut:Wattsburg!$U73)) -> -615302.64 | P15: =SUM(F15:O15) -> -192286.79
D16: =IF(D15+1>12, (D15+1)-12, D15+1) -> 1 | E16: =TEXT(DATE(2000,D16,1), "mmmm")&IF(D16=1, " "&$C$13,"") -> January 2025 | F16: =IF(Conneaut!K74="","",SUM(Conneaut:Wattsburg!L74)) -> 21892.84 | G16: =IF(Conneaut!K74="","",SUM(Conneaut:Wattsburg!M74)) -> -29.09 | H16: =IF(Conneaut!K74="","",SUM(Conneaut:Wattsburg!N74)) -> 350.38 | I16: =IF(Conneaut!K74="","",SUM(Conneaut:Wattsburg!O74)) -> 38920 | J16: =IF(Conneaut!K74="","",SUM(Conneaut:Wattsburg!P74)) -> -607001.03 | K16: =IF(Conneaut!K74="","",SUM(Conneaut:Wattsburg!Q74)) -> 4813.56 | L16: =IF(Conneaut!K74="","",SUM(Conneaut:Wattsburg!R74)) -> 137.76 | M16: =IF(Conneaut!K74="","",SUM(Conneaut:Wattsburg!T74,Conneaut:Wattsburg!S74)) -> 9.98 | N16: =IF(Girard!K91="","",Girard!K91+HarborCreek!K91) -> 0 | O16: =IF(Conneaut!J$11="","",SUM(Conneaut:Wattsburg!$U74)) -> -241987.17 | P16: =SUM(F16:O16) -> -782892.77
D17: =IF(D16+1>12, (D16+1)-12, D16+1) -> 2 | E17: =TEXT(DATE(2000,D17,1), "mmmm")&IF(D17=1, " "&$C$13,"") -> February | F17: =IF(Conneaut!K75="","",SUM(Conneaut:Wattsburg!L75)) -> -6175.97 | G17: =IF(Conneaut!K75="","",SUM(Conneaut:Wattsburg!M75)) -> 0 | H17: =IF(Conneaut!K75="","",SUM(Conneaut:Wattsburg!N75)) -> 211.82 | I17: =IF(Conneaut!K75="","",SUM(Conneaut:Wattsburg!O75)) -> 25990 | J17: =IF(Conneaut!K75="","",SUM(Conneaut:Wattsburg!P75)) -> 21927.3 | K17: =IF(Conneaut!K75="","",SUM(Conneaut:Wattsburg!Q75)) -> 3659.07 | L17: =IF(Conneaut!K75="","",SUM(Conneaut:Wattsburg!R75)) -> 7.65 | M17: =IF(Conneaut!K75="","",SUM(Conneaut:Wattsburg!T75,Conneaut:Wattsburg!S75)) -> -334633 | N17: =IF(Girard!K92="","",Girard!K92+HarborCreek!K92) -> 0 | O17: =IF(Conneaut!K$11="","",SUM(Conneaut:Wattsburg!$U75)) -> -734180.08 | P17: =SUM(F17:O17) -> -1023193.2
D18: =IF(D17+1>12, (D17+1)-12, D17+1) -> 3 | E18: =TEXT(DATE(2000,D18,1), "mmmm")&IF(D18=1, " "&$C$13,"") -> March | F18: =IF(Conneaut!K76="","",SUM(Conneaut:Wattsburg!L76)) | G18: =IF(Conneaut!K76="","",SUM(Conneaut:Wattsburg!M76)) | H18: =IF(Conneaut!K76="","",SUM(Conneaut:Wattsburg!N76)) | I18: =IF(Conneaut!K76="","",SUM(Conneaut:Wattsburg!O76)) | J18: =IF(Conneaut!K76="","",SUM(Conneaut:Wattsburg!P76)) | K18: =IF(Conneaut!K76="","",SUM(Conneaut:Wattsburg!Q76)) | L18: =IF(Conneaut!K76="","",SUM(Conneaut:Wattsburg!R76)) | M18: =IF(Conneaut!K76="","",SUM(Conneaut:Wattsburg!T76,Conneaut:Wattsburg!S76)) | N18: =IF(Girard!K93="","",Girard!K93+HarborCreek!K93) | O18: =IF(Conneaut!L$11="","",SUM(Conneaut:Wattsburg!$U76)) | P18: =SUM(F18:O18) -> 0
D19: =IF(D18+1>12, (D18+1)-12, D18+1) -> 4 | E19: =TEXT(DATE(2000,D19,1), "mmmm")&IF(D19=1, " "&$C$13,"") -> April | F19: =IF(Conneaut!K77="","",SUM(Conneaut:Wattsburg!L77)) | G19: =IF(Conneaut!K77="","",SUM(Conneaut:Wattsburg!M77)) | H19: =IF(Conneaut!K77="","",SUM(Conneaut:Wattsburg!N77)) | I19: =IF(Conneaut!K77="","",SUM(Conneaut:Wattsburg!O77)) | J19: =IF(Conneaut!K77="","",SUM(Conneaut:Wattsburg!P77)) | K19: =IF(Conneaut!K77="","",SUM(Conneaut:Wattsburg!Q77)) | L19: =IF(Conneaut!K77="","",SUM(Conneaut:Wattsburg!R77)) | M19: =IF(Conneaut!K77="","",SUM(Conneaut:Wattsburg!T77,Conneaut:Wattsburg!S77)) | N19: =IF(Girard!K94="","",Girard!K94+HarborCreek!K94) | O19: =IF(Conneaut!M$11="","",SUM(Conneaut:Wattsburg!$U77)) | P19: =SUM(F19:O19) -> 0
D20: =IF(D19+1>12, (D19+1)-12, D19+1) -> 5 | E20: =TEXT(DATE(2000,D20,1), "mmmm")&IF(D20=1, " "&$C$13,"") -> May | F20: =IF(Conneaut!K78="","",SUM(Conneaut:Wattsburg!L78)) | G20: =IF(Conneaut!K78="","",SUM(Conneaut:Wattsburg!M78)) | H20: =IF(Conneaut!K78="","",SUM(Conneaut:Wattsburg!N78)) | I20: =IF(Conneaut!K78="","",SUM(Conneaut:Wattsburg!O78)) | J20: =IF(Conneaut!K78="","",SUM(Conneaut:Wattsburg!P78)) | K20: =IF(Conneaut!K78="","",SUM(Conneaut:Wattsburg!Q78)) | L20: =IF(Conneaut!K78="","",SUM(Conneaut:Wattsburg!R78)) | M20: =IF(Conneaut!K78="","",SUM(Conneaut:Wattsburg!T78,Conneaut:Wattsburg!S78)) | N20: =IF(Girard!K95="","",Girard!K95+HarborCreek!K95) | O20: =IF(Conneaut!N$11="","",SUM(Conneaut:Wattsburg!$U78)) | P20: =SUM(F20:O20) -> 0
D21: =IF(D20+1>12, (D20+1)-12, D20+1) -> 6 | E21: =TEXT(DATE(2000,D21,1), "mmmm")&IF(D21=1, " "&$C$13,"") -> June | F21: =IF(Conneaut!K79="","",SUM(Conneaut:Wattsburg!L79)) | G21: =IF(Conneaut!K79="","",SUM(Conneaut:Wattsburg!M79)) | H21: =IF(Conneaut!K79="","",SUM(Conneaut:Wattsburg!N79)) | I21: =IF(Conneaut!K79="","",SUM(Conneaut:Wattsburg!O79)) | J21: =IF(Conneaut!K79="","",SUM(Conneaut:Wattsburg!P79)) | K21: =IF(Conneaut!K79="","",SUM(Conneaut:Wattsburg!Q79)) | L21: =IF(Conneaut!K79="","",SUM(Conneaut:Wattsburg!R79)) | M21: =IF(Conneaut!K79="","",SUM(Conneaut:Wattsburg!T79,Conneaut:Wattsburg!S79)) | N21: =IF(Girard!K96="","",Girard!K96+HarborCreek!K96) | O21: =IF(Conneaut!O$11="","",SUM(Conneaut:Wattsburg!$U79)) | P21: =SUM(F21:O21) -> 0
E22: Totals | F22: =SUM(F10:F21) -> 93844.52 | G22: =SUM(G10:G21) -> 13322.71 | H22: =SUM(H10:H21) -> 4105.29 | I22: =SUM(I10:I21) -> 233780 | J22: =SUM(J10:J21) -> -535289.98 | K22: =SUM(K10:K21) -> 33240.34 | L22: =SUM(L10:L21) -> -354.04 | M22: =SUM(M10:M21) -> -374043.08 | ... P22: =SUM(P10:P21) -> -4076949.6

Sheet Rolling Projection
C2: =Narrative!H5 -> NOREBT | W2: =DATEDIF(DATE(YEAR($Y$5),MONTH($Y$5)+X6/2,DAY($Y$5)),DATE(YEAR($X$3),MONTH($X$3)+6,DAY($X$3)),"m") -> 16 | X2: Proj. Plan Yr
C3: Rolling Projection | W3: Start: | X3: 45839
X4: Exp. Period | Y4: Auto Start | Z4: Auto End
C5: =Addendum!E6&" and Annualized through the Remaining Plan Year" -> Claims Paid July 2024 through February 2025 and Annualized through the Remaining Plan Year | W5: Start: | Y5: =IF(X5="",EDATE(X3,(-COUNTBLANK('Trust Cash Flow'!$D$8:$O$8))-12),X5) -> 45352 | Z5: =EOMONTH(X3,(11-COUNTBLANK('Trust Cash Flow'!$D$8:$O$8)-12)) -> 45716
W6: Length: | X6: 12
C7: District | D7: EE Months | E7: Mem Months | F7: Annualized Current PEPM | H7: Annualized Adjustments | J7: Three-Year Weighting | L7: Blend w/ Current R12 | N7: Trended Claims | Q7: Credibility Adjustment | S7: Fixed Costs | T7: Projected Funding | U7: Current Funding | V7: Required Rate Action
F8: Medical | G8: Rx | H8: Medical | I8: Rx | J8: Medical | K8: Rx | L8: Medical | M8: Rx | N8: Medical | O8: Rx | P8: Combined PEPM | Q8: Credibility | R8: Cred. Adj. PEPM
B9: Conneaut | C9: ='HCC Data Entry'!I4 -> Conneaut School District | D9: =SUMIF('Cash Flow Entry'!$B$3:$B$500,'Rolling Projection'!C9,'Cash Flow Entry'!$D$3:$D$500) -> 1715 | E9: =SUMIF('Cash Flow Entry'!$B$3:$B$500,'Rolling Projection'!C9,'Cash Flow Entry'!$E$3:$E$500) -> 4621 | F9: {=((INDIRECT($B9&"!P18")/(12-COUNTBLANK('Trust Cash Flow'!$D$8:$O$8)))*12)/(($D9/(12-COUNTBLANK('Trust Cash Flow'!$D$8:$O$8)))*12)} -> 1363.6019 | G9: {=((INDIRECT($B9&"!P19")/(12-COUNTBLANK('Trust Cash Flow'!$D$8:$O$8)))*12)/(($D9/(12-COUNTBLANK('Trust Cash Flow'!$D$8:$O$8)))*12)} -> 672.81683 | H9: {=((((INDIRECT($B9&"!P21")+INDIRECT($B9&"!P23")+INDIRECT($B9&"!P25"))/(12-COUNTBLANK('Trust Cash Flow'!$D$8:$O$8)))*12)/(($D9/(12-COUNTBLANK('Trust Cash Flow'!$D$8:$O$8)))*12))*($F9/SUM($F9:$G9))} -> -249.6644 | I9: {=(((((INDIRECT($B9&"!P21")+INDIRECT($B9&"!P23")+INDIRECT($B9&"!P25"))/(12-COUNTBLANK('Trust Cash Flow'!$D$8:$O$8)))*12)/(($D9/(12-COUNTBLANK('Trust Cash Flow'!$D$8:$O$8)))*12))*($G9/SUM($F9:$G9)))+((((INDIRECT($B9&"!P24"))/(12-COUNTBLANK('Trust Cash Flow'!$D$8:$O$8)))*12)/(($D9/(12-COUNTBLANK('Trust Cash Flow'!$D$8:$O$8)))*12))} -> -233.18728 | J9: =((F9+H9)*$K$29)+(H37*$K$30)+(F37*$K$31) -> 1111.1425 | K9: =((G9+I9)*$K$29)+(I37*$K$30)+(G37*$K$31) -> 424.9393 | L9: =(J37*$M$29)+(J9*$M$30) -> 1084.1315 | M9: =(K37*$M$29)+(K9*$M$30) -> 416.38042 | N9: =L9*((1+$P$30)^($P$29/12)) -> 1246.8388 | O9: =M9*((1+$P$31)^($P$29/12)) -> 510.90803 | P9: =SUM(N9:O9) -> 1757.7468 | Q9: =IF((SQRT($E9/(12-COUNTBLANK('Trust Cash Flow'!$D$8:$O$8)))*0.0275973662330441)>1,1,SQRT($E9/(12-COUNTBLANK('Trust Cash Flow'!$D$8:$O$8)))*0.0275973662330441) -> 0.66327042 | R9: =(P9*Q9)+($P$28*(1-Q9)) -> 1778.2841 | S9: {=(INDIRECT($B9&"!P36")+INDIRECT($B9&"!P42"))/$D9} -> 570.7712 | T9: =SUM(R9:S9) -> 2349.0553 | U9: {=INDIRECT($B9&"!Q10")} -> 2054.25 | V9: =(T9-U9)/U9 -> 0.14350992
B10: Corry | C10: ='HCC Data Entry'!I5 -> Corry Area School District | D10: =SUMIF('Cash Flow Entry'!$B$3:$B$500,'Rolling Projection'!C10,'Cash Flow Entry'!$D$3:$D$500) -> 2042 | E10: =SUMIF('Cash Flow Entry'!$B$3:$B$500,'Rolling Projection'!C10,'Cash Flow Entry'!$E$3:$E$500) -> 6459 | F10: {=((INDIRECT($B10&"!P18")/(12-COUNTBLANK('Trust Cash Flow'!$D$8:$O$8)))*12)/(($D10/(12-COUNTBLANK('Trust Cash Flow'!$D$8:$O$8)))*12)} -> 1137.6398 | G10: {=((INDIRECT($B10&"!P19")/(12-COUNTBLANK('Trust Cash Flow'!$D$8:$O$8)))*12)/(($D10/(12-COUNTBLANK('Trust Cash Flow'!$D$8:$O$8)))*12)} -> 671.77 | H10: {=((((INDIRECT($B10&"!P21")+INDIRECT($B10&"!P23")+INDIRECT($B10&"!P25"))/(12-COUNTBLANK('Trust Cash Flow'!$D$8:$O$8)))*12)/(($D10/(12-COUNTBLANK('Trust Cash Flow'!$D$8:$O$8)))*12))*($F10/SUM($F10:$G10))} -> -127.20873 | I10: {=(((((INDIRECT($B10&"!P21")+INDIRECT($B10&"!P23")+INDIRECT($B10&"!P25"))/(12-COUNTBLANK('Trust Cash Flow'!$D$8:$O$8)))*12)/(($D10/(12-COUNTBLANK('Trust Cash Flow'!$D$8:$O$8)))*12))*($G10/SUM($F10:$G10)))+((((INDIRECT($B10&"!P24"))/(12-COUNTBLANK('Trust Cash Flow'!$D$8:$O$8)))*12)/(($D10/(12-COUNTBLANK('Trust Cash Flow'!$D$8:$O$8)))*12))} -> -185.11605 | J10: =((F10+H10)*$K$29)+(H38*$K$30)+(F38*$K$31) -> 950.80652 | K10: =((G10+I10)*$K$29)+(I38*$K$30)+(G38*$K$31) -> 420.71818 | L10: =(J38*$M$29)+(J10*$M$30) -> 960.20125 | M10: =(K38*$M$29)+(K10*$M$30) -> 424.47325 | N10: =L10*((1+$P$30)^($P$29/12)) -> 1104.309 | O10: =M10*((1+$P$31)^($P$29/12)) -> 520.83811 | P10: =SUM(N10:O10) -> 1625.1471 | Q10: =IF((SQRT($E10/(12-COUNTBLANK('Trust Cash Flow'!$D$8:$O$8)))*0.0275973662330441)>1,1,SQRT($E10/(12-COUNTBLANK('Trust Cash Flow'!$D$8:$O$8)))*0.0275973662330441) -> 0.78416108 | R10: =(P10*Q10)+($P$28*(1-Q10)) -> 1666.9314 | S10: {=(INDIRECT($B10&"!P36")+INDIRECT($B10&"!P42"))/$D10} -> 571.10523 | T10: =SUM(R10:S10) -> 2238.0366 | U10: {=INDIRECT($B10&"!Q10")} -> 1813.76 | V10: =(T10-U10)/U10 -> 0.23392102
B11: Crawford | C11: ='HCC Data Entry'!I6 -> Crawford County Career & Technical Center | D11: =SUMIF('Cash Flow Entry'!$B$3:$B$500,'Rolling Projection'!C11,'Cash Flow Entry'!$D$3:$D$500) -> 309 | E11: =SUMIF('Cash Flow Entry'!$B$3:$B$500,'Rolling Projection'!C11,'Cash Flow Entry'!$E$3:$E$500) -> 881 | F11: {=((INDIRECT($B11&"!P18")/(12-COUNTBLANK('Trust Cash Flow'!$D$8:$O$8)))*12)/(($D11/(12-COUNTBLANK('Trust Cash Flow'!$D$8:$O$8)))*12)} -> 1134.7636 | G11: {=((INDIRECT($B11&"!P19")/(12-COUNTBLANK('Trust Cash Flow'!$D$8:$O$8)))*12)/(($D11/(12-COUNTBLANK('Trust Cash Flow'!$D$8:$O$8)))*12)} -> 799.67443 | H11: {=((((INDIRECT($B11&"!P21")+INDIRECT($B11&"!P23")+INDIRECT($B11&"!P25"))/(12-COUNTBLANK('Trust Cash Flow'!$D$8:$O$8)))*12)/(($D11/(12-COUNTBLANK('Trust Cash Flow'!$D$8:$O$8)))*12))*($F11/SUM($F11:$G11))} -> -54.261109 | I11: {=(((((INDIRECT($B11&"!P21")+INDIRECT($B11&"!P23")+INDIRECT($B11&"!P25"))/(12-COUNTBLANK('Trust Cash Flow'!$D$8:$O$8)))*12)/(($D11/(12-COUNTBLANK('Trust Cash Flow'!$D$8:$O$8)))*12))*($G11/SUM($F11:$G11)))+((((INDIRECT($B11&"!P24"))/(12-COUNTBLANK('Trust Cash Flow'!$D$8:$O$8)))*12)/(($D11/(12-COUNTBLANK('Trust Cash Flow'!$D$8:$O$8)))*12))} -> -148.23811 | J11: =((F11+H11)*$K$29)+(H39*$K$30)+(F39*$K$31) -> 1078.2584 | K11: =((G11+I11)*$K$29)+(I39*$K$30)+(G39*$K$31) -> 663.01099 | L11: =(J39*$M$29)+(J11*$M$30) -> 1030.7698 | M11: =(K39*$M$29)+(K11*$M$30) -> 657.35477 | N11: =L11*((1+$P$30)^($P$29/12)) -> 1185.4686 | O11: =M11*((1+$P$31)^($P$29/12)) -> 806.58891 | P11: =SUM(N11:O11) -> 1992.0575 | Q11: =IF((SQRT($E11/(12-COUNTBLANK('Trust Cash Flow'!$D$8:$O$8)))*0.0275973662330441)>1,1,SQRT($E11/(12-COUNTBLANK('Trust Cash Flow'!$D$8:$O$8)))*0.0275973662330441) -> 0.28960803 | R11: =(P11*Q11)+($P$28*(1-Q11)) -> 1868.9321 | S11: {=(INDIRECT($B11&"!P36")+INDIRECT($B11&"!P42"))/$D11} -> 747.75359 | T11: =SUM(R11:S11) -> 2616.6857 | U11: {=INDIRECT($B11&"!Q10")} -> 2341.38 | V11: =(T11-U11)/U11 -> 0.11758265
B12: Erie | C12: ='HCC Data Entry'!I7 -> Erie County Technical School | D12: =SUMIF('Cash Flow Entry'!$B$3:$B$500,'Rolling Projection'!C12,'Cash Flow Entry'!$D$3:$D$500) -> 349 | E12: =SUMIF('Cash Flow Entry'!$B$3:$B$500,'Rolling Projection'!C12,'Cash Flow Entry'!$E$3:$E$500) -> 939 | F12: {=((INDIRECT($B12&"!P18")/(12-COUNTBLANK('Trust Cash Flow'!$D$8:$O$8)))*12)/(($D12/(12-COUNTBLANK('Trust Cash Flow'!$D$8:$O$8)))*12)} -> 1039.059 | G12: {=((INDIRECT($B12&"!P19")/(12-COUNTBLANK('Trust Cash Flow'!$D$8:$O$8)))*12)/(($D12/(12-COUNTBLANK('Trust Cash Flow'!$D$8:$O$8)))*12)} -> 946.76628 | H12: {=((((INDIRECT($B12&"!P21")+INDIRECT($B12&"!P23")+INDIRECT($B12&"!P25"))/(12-COUNTBLANK('Trust Cash Flow'!$D$8:$O$8)))*12)/(($D12/(12-COUNTBLANK('Trust Cash Flow'!$D$8:$O$8)))*12))*($F12/SUM($F12:$G12))} -> -170.33525 | I12: {=(((((INDIRECT($B12&"!P21")+INDIRECT($B12&"!P23")+INDIRECT($B12&"!P25"))/(12-COUNTBLANK('Trust Cash Flow'!$D$8:$O$8)))*12)/(($D12/(12-COUNTBLANK('Trust Cash Flow'!$D$8:$O$8)))*12))*($G12/SUM($F12:$G12)))+((((INDIRECT($B12&"!P24"))/(12-COUNTBLANK('Trust Cash Flow'!$D$8:$O$8)))*12)/(($D12/(12-COUNTBLANK('Trust Cash Flow'!$D$8:$O$8)))*12))} -> -378.12836 | J12: =((F12+H12)*$K$29)+(H40*$K$30)+(F40*$K$31) -> 780.86546 | K12: =((G12+I12)*$K$29)+(I40*$K$30)+(G40*$K$31) -> 437.21902 | L12: =(J40*$M$29)+(J12*$M$30) -> 779.56703 | M12: =(K40*$M$29)+(K12*$M$30) -> 472.09737 | N12: =L12*((1+$P$30)^($P$29/12)) -> 896.56505 | O12: =M12*((1+$P$31)^($P$29/12)) -> 579.27396 | P12: =SUM(N12:O12) -> 1475.839 | Q12: =IF((SQRT($E12/(12-COUNTBLANK('Trust Cash Flow'!$D$8:$O$8)))*0.0275973662330441)>1,1,SQRT($E12/(12-COUNTBLANK('Trust Cash Flow'!$D$8:$O$8)))*0.0275973662330441) -> 0.29898916 | R12: =(P12*Q12)+($P$28*(1-Q12)) -> 1716.2143 | S12: {=(INDIRECT($B12&"!P36")+INDIRECT($B12&"!P42"))/$D12} -> 742.45691 | T12: =SUM(R12:S12) -> 2458.6712 | U12: {=INDIRECT($B12&"!Q10")} -> 1892.98 | V12: =(T12-U12)/U12 -> 0.29883633
B13: Fairview | C13: ='HCC Data Entry'!I8 -> Fairview School District | D13: =SUMIF('Cash Flow Entry'!$B$3:$B$500,'Rolling Projection'!C13,'Cash Flow Entry'!$D$3:$D$500) -> 1458 | E13: =SUMIF('Cash Flow Entry'!$B$3:$B$500,'Rolling Projection'!C13,'Cash Flow Entry'!$E$3:$E$500) -> 3987 | F13: {=((INDIRECT($B13&"!P18")/(12-COUNTBLANK('Trust Cash Flow'!$D$8:$O$8)))*12)/(($D13/(12-COUNTBLANK('Trust Cash Flow'!$D$8:$O$8)))*12)} -> 2198.5095 | G13: {=((INDIRECT($B13&"!P19")/(12-COUNTBLANK('Trust Cash Flow'!$D$8:$O$8)))*12)/(($D13/(12-COUNTBLANK('Trust Cash Flow'!$D$8:$O$8)))*12)} -> 905.80818 | H13: {=((((INDIRECT($B13&"!P21")+INDIRECT($B13&"!P23")+INDIRECT($B13&"!P25"))/(12-COUNTBLANK('Trust Cash Flow'!$D$8:$O$8)))*12)/(($D13/(12-COUNTBLANK('Trust Cash Flow'!$D$8:$O$8)))*12))*($F13/SUM($F13:$G13))} -> -949.49812 | I13: {=(((((INDIRECT($B13&"!P21")+INDIRECT($B13&"!P23")+INDIRECT($B13&"!P25"))/(12-COUNTBLANK('Trust Cash Flow'!$D$8:$O$8)))*12)/(($D13/(12-COUNTBLANK('Trust Cash Flow'!$D$8:$O$8)))*12))*($G13/SUM($F13:$G13)))+((((INDIRECT($B13&"!P24"))/(12-COUNTBLANK('Trust Cash Flow'!$D$8:$O$8)))*12)/(($D13/(12-COUNTBLANK('Trust Cash Flow'!$D$8:$O$8)))*12))} -> -501.20284 | J13: =((F13+H13)*$K$29)+(H41*$K$30)+(F41*$K$31) -> 1198.3983 | K13: =((G13+I13)*$K$29)+(I41*$K$30)+(G41*$K$31) -> 336.12139 | L13: =(J41*$M$29)+(J13*$M$30) -> 1234.4771 | M13: =(K41*$M$29)+(K13*$M$30) -> 367.49936 | N13: =L13*((1+$P$30)^($P$29/12)) -> 1419.7484 | O13: =M13*((1+$P$31)^($P$29/12)) -> 450.92987 | P13: =SUM(N13:O13) -> 1870.6783 | Q13: =IF((SQRT($E13/(12-COUNTBLANK('Trust Cash Flow'!$D$8:$O$8)))*0.0275973662330441)>1,1,SQRT($E13/(12-COUNTBLANK('Trust Cash Flow'!$D$8:$O$8)))*0.0275973662330441) -> 0.61609227 | R13: =(P13*Q13)+($P$28*(1-Q13)) -> 1850.7377 | S13: {=(INDIRECT($B13&"!P36")+INDIRECT($B13&"!P42"))/$D13} -> 570.05701 | T13: =SUM(R13:S13) -> 2420.7947 | U13: {=INDIRECT($B13&"!Q10")} -> 1805.82 | V13: =(T13-U13)/U13 -> 0.34055148
B14: FtLeBoeuf | C14: ='HCC Data Entry'!I9 -> Ft LeBoeuf School District | D14: =SUMIF('Cash Flow Entry'!$B$3:$B$500,'Rolling Projection'!C14,'Cash Flow Entry'!$D$3:$D$500) -> 2265 | E14: =SUMIF('Cash Flow Entry'!$B$3:$B$500,'Rolling Projection'!C14,'Cash Flow Entry'!$E$3:$E$500) -> 5847 | F14: {=((INDIRECT($B14&"!P18")/(12-COUNTBLANK('Trust Cash Flow'!$D$8:$O$8)))*12)/(($D14/(12-COUNTBLANK('Trust Cash Flow'!$D$8:$O$8)))*12)} -> 1182.6101 | G14: {=((INDIRECT($B14&"!P19")/(12-COUNTBLANK('Trust Cash Flow'!$D$8:$O$8)))*12)/(($D14/(12-COUNTBLANK('Trust Cash Flow'!$D$8:$O$8)))*12)} -> 495.30914 | H14: {=((((INDIRECT($B14&"!P21")+INDIRECT($B14&"!P23")+INDIRECT($B14&"!P25"))/(12-COUNTBLANK('Trust Cash Flow'!$D$8:$O$8)))*12)/(($D14/(12-COUNTBLANK('Trust Cash Flow'!$D$8:$O$8)))*12))*($F14/SUM($F14:$G14))} -> -198.18178 | I14: {=(((((INDIRECT($B14&"!P21")+INDIRECT($B14&"!P23")+INDIRECT($B14&"!P25"))/(12-COUNTBLANK('Trust Cash Flow'!$D$8:$O$8)))*12)/(($D14/(12-COUNTBLANK('Trust Cash Flow'!$D$8:$O$8)))*12))*($G14/SUM($F14:$G14)))+((((INDIRECT($B14&"!P24"))/(12-COUNTBLANK('Trust Cash Flow'!$D$8:$O$8)))*12)/(($D14/(12-COUNTBLANK('Trust Cash Flow'!$D$8:$O$8)))*12))} -> -193.00389 | J14: =((F14+H14)*$K$29)+(H42*$K$30)+(F42*$K$31) -> 912.09534 | K14: =((G14+I14)*$K$29)+(I42*$K$30)+(G42*$K$31) -> 264.02501 | L14: =(J42*$M$29)+(J14*$M$30) -> 894.85363 | M14: =(K42*$M$29)+(K14*$M$30) -> 279.21667 | N14: =L14*((1+$P$30)^($P$29/12)) -> 1029.154 | O14: =M14*((1+$P$31)^($P$29/12)) -> 342.60506 | P14: =SUM(N14:O14) -> 1371.759 | Q14: =IF((SQRT($E14/(12-COUNTBLANK('Trust Cash Flow'!$D$8:$O$8)))*0.0275973662330441)>1,1,SQRT($E14/(12-COUNTBLANK('Trust Cash Flow'!$D$8:$O$8)))*0.0275973662330441) -> 0.74608651 | R14: =(P14*Q14)+($P$28*(1-Q14)) -> 1485.2528 | S14: {=(INDIRECT($B14&"!P36")+INDIRECT($B14&"!P42"))/$D14} -> 465.79161 | T14: =SUM(R14:S14) -> 1951.0444 | U14: {=INDIRECT($B14&"!Q10")} -> 1597.79 | V14: =(T14-U14)/U14 -> 0.22108937
B15: Franklin | C15: ='HCC Data Entry'!I10 -> Franklin Area School District | D15: =SUMIF('Cash Flow Entry'!$B$3:$B$500,'Rolling Projection'!C15,'Cash Flow Entry'!$D$3:$D$500) -> 1978 | E15: =SUMIF('Cash Flow Entry'!$B$3:$B$500,'Rolling Projection'!C15,'Cash Flow Entry'!$E$3:$E$500) -> 5172 | F15: {=((INDIRECT($B15&"!P18")/(12-COUNTBLANK('Trust Cash Flow'!$D$8:$O$8)))*12)/(($D15/(12-COUNTBLANK('Trust Cash Flow'!$D$8:$O$8)))*12)} -> 1053.0667 | G15: {=((INDIRECT($B15&"!P19")/(12-COUNTBLANK('Trust Cash Flow'!$D$8:$O$8)))*12)/(($D15/(12-COUNTBLANK('Trust Cash Flow'!$D$8:$O$8)))*12)} -> 375.55336 | H15: {=((((INDIRECT($B15&"!P21")+INDIRECT($B15&"!P23")+INDIRECT($B15&"!P25"))/(12-COUNTBLANK('Trust Cash Flow'!$D$8:$O$8)))*12)/(($D15/(12-COUNTBLANK('Trust Cash Flow'!$D$8:$O$8)))*12))*($F15/SUM($F15:$G15))} -> -139.02506 | I15: {=(((((INDIRECT($B15&"!P21")+INDIRECT($B15&"!P23")+INDIRECT($B15&"!P25"))/(12-COUNTBLANK('Trust Cash Flow'!$D$8:$O$8)))*12)/(($D15/(12-COUNTBLANK('Trust Cash Flow'!$D$8:$O$8)))*12))*($G15/SUM($F15:$G15)))+((((INDIRECT($B15&"!P24"))/(12-COUNTBLANK('Trust Cash Flow'!$D$8:$O$8)))*12)/(($D15/(12-COUNTBLANK('Trust Cash Flow'!$D$8:$O$8)))*12))} -> -159.58027 | J15: =((F15+H15)*$K$29)+(H43*$K$30)+(F43*$K$31) -> 949.24361 | K15: =((G15+I15)*$K$29)+(I43*$K$30)+(G43*$K$31) -> 204.79109 | L15: =(J43*$M$29)+(J15*$M$30) -> 967.32139 | M15: =(K43*$M$29)+(K15*$M$30) -> 204.45892 | N15: =L15*((1+$P$30)^($P$29/12)) -> 1112.4977 | O15: =M15*((1+$P$31)^($P$29/12)) -> 250.87563 | P15: =SUM(N15:O15) -> 1363.3734 | Q15: =IF((SQRT($E15/(12-COUNTBLANK('Trust Cash Flow'!$D$8:$O$8)))*0.0275973662330441)>1,1,SQRT($E15/(12-COUNTBLANK('Trust Cash Flow'!$D$8:$O$8)))*0.0275973662330441) -> 0.70170069 | R15: =(P15*Q15)+($P$28*(1-Q15)) -> 1499.2081 | S15: {=(INDIRECT($B15&"!P36")+INDIRECT($B15&"!P42"))/$D15} -> 571.8167 | T15: =SUM(R15:S15) -> 2071.0248 | U15: {=INDIRECT($B15&"!Q10")} -> 1675.74 | V15: =(T15-U15)/U15 -> 0.23588668
B16: Girard | C16: ='HCC Data Entry'!I11 -> Girard School District | D16: =SUMIF('Cash Flow Entry'!$B$3:$B$500,'Rolling Projection'!C16,'Cash Flow Entry'!$D$3:$D$500) -> 1581 | E16: =SUMIF('Cash Flow Entry'!$B$3:$B$500,'Rolling Projection'!C16,'Cash Flow Entry'!$E$3:$E$500) -> 4796 | F16: {=((INDIRECT($B16&"!P18")/(12-COUNTBLANK('Trust Cash Flow'!$D$8:$O$8)))*12)/(($D16/(12-COUNTBLANK('Trust Cash Flow'!$D$8:$O$8)))*12)} -> 955.33733 | G16: {=((INDIRECT($B16&"!P19")/(12-COUNTBLANK('Trust Cash Flow'!$D$8:$O$8)))*12)/(($D16/(12-COUNTBLANK('Trust Cash Flow'!$D$8:$O$8)))*12)} -> 492.20906 | H16: {=((((INDIRECT($B16&"!P21")+INDIRECT($B16&"!P23")+INDIRECT($B16&"!P25"))/(12-COUNTBLANK('Trust Cash Flow'!$D$8:$O$8)))*12)/(($D16/(12-COUNTBLANK('Trust Cash Flow'!$D$8:$O$8)))*12))*($F16/SUM($F16:$G16))} -> -51.319229 | I16: {=(((((INDIRECT($B16&"!P21")+INDIRECT($B16&"!P23")+INDIRECT($B16&"!P25"))/(12-COUNTBLANK('Trust Cash Flow'!$D$8:$O$8)))*12)/(($D16/(12-COUNTBLANK('Trust Cash Flow'!$D$8:$O$8)))*12))*($G16/SUM($F16:$G16)))+((((INDIRECT($B16&"!P24"))/(12-COUNTBLANK('Trust Cash Flow'!$D$8:$O$8)))*12)/(($D16/(12-COUNTBLANK('Trust Cash Flow'!$D$8:$O$8)))*12))} -> -162.57746 | J16: =((F16+H16)*$K$29)+(H44*$K$30)+(F44*$K$31) -> 886.25167 | K16: =((G16+I16)*$K$29)+(I44*$K$30)+(G44*$K$31) -> 331.16659 | L16: =(J44*$M$29)+(J16*$M$30) -> 898.82142 | M16: =(K44*$M$29)+(K16*$M$30) -> 331.62528 | N16: =L16*((1+$P$30)^($P$29/12)) -> 1033.7172 | O16: =M16*((1+$P$31)^($P$29/12)) -> 406.91158 | P16: =SUM(N16:O16) -> 1440.6288 | Q16: =IF((SQRT($E16/(12-COUNTBLANK('Trust Cash Flow'!$D$8:$O$8)))*0.0275973662330441)>1,1,SQRT($E16/(12-COUNTBLANK('Trust Cash Flow'!$D$8:$O$8)))*0.0275973662330441) -> 0.67571293 | R16: =(P16*Q16)+($P$28*(1-Q16)) -> 1563.2444 | S16: {=(INDIRECT($B16&"!P36")+INDIRECT($B16&"!P42"))/$D16} -> 567.88921 | T16: =SUM(R16:S16) -> 2131.1336 | U16: {=INDIRECT($B16&"!Q10")} -> 1822.72 | V16: =(T16-U16)/U16 -> 0.16920517
B17: HarborCreek | C17: ='HCC Data Entry'!I12 -> Harborcreek School District | D17: =SUMIF('Cash Flow Entry'!$B$3:$B$500,'Rolling Projection'!C17,'Cash Flow Entry'!$D$3:$D$500) -> 1757 | E17: =SUMIF('Cash Flow Entry'!$B$3:$B$500,'Rolling Projection'!C17,'Cash Flow Entry'!$E$3:$E$500) -> 5242 | F17: {=((INDIRECT($B17&"!P18")/(12-COUNTBLANK('Trust Cash Flow'!$D$8:$O$8)))*12)/(($D17/(12-COUNTBLANK('Trust Cash Flow'!$D$8:$O$8)))*12)} -> 1616.3361 | G17: {=((INDIRECT($B17&"!P19")/(12-COUNTBLANK('Trust Cash Flow'!$D$8:$O$8)))*12)/(($D17/(12-COUNTBLANK('Trust Cash Flow'!$D$8:$O$8)))*12)} -> 833.05801 | H17: {=((((INDIRECT($B17&"!P21")+INDIRECT($B17&"!P23")+INDIRECT($B17&"!P25"))/(12-COUNTBLANK('Trust Cash Flow'!$D$8:$O$8)))*12)/(($D17/(12-COUNTBLANK('Trust Cash Flow'!$D$8:$O$8)))*12))*($F17/SUM($F17:$G17))} -> -328.37147 | I17: {=(((((INDIRECT($B17&"!P21")+INDIRECT($B17&"!P23")+INDIRECT($B17&"!P25"))/(12-COUNTBLANK('Trust Cash Flow'!$D$8:$O$8)))*12)/(($D17/(12-COUNTBLANK('Trust Cash Flow'!$D$8:$O$8)))*12))*($G17/SUM($F17:$G17)))+((((INDIRECT($B17&"!P24"))/(12-COUNTBLANK('Trust Cash Flow'!$D$8:$O$8)))*12)/(($D17/(12-COUNTBLANK('Trust Cash Flow'!$D$8:$O$8)))*12))} -> -446.16087 | J17: =((F17+H17)*$K$29)+(H45*$K$30)+(F45*$K$31) -> 1188.9053 | K17: =((G17+I17)*$K$29)+(I45*$K$30)+(G45*$K$31) -> 432.6287 | L17: =(J45*$M$29)+(J17*$M$30) -> 1208.7269 | M17: =(K45*$M$29)+(K17*$M$30) -> 423.42377 | N17: =L17*((1+$P$30)^($P$29/12)) -> 1390.1336 | O17: =M17*((1+$P$31)^($P$29/12)) -> 519.55038 | P17: =SUM(N17:O17) -> 1909.6839 | Q17: =IF((SQRT($E17/(12-COUNTBLANK('Trust Cash Flow'!$D$8:$O$8)))*0.0275973662330441)>1,1,SQRT($E17/(12-COUNTBLANK('Trust Cash Flow'!$D$8:$O$8)))*0.0275973662330441) -> 0.70643328 | R17: =(P17*Q17)+($P$28*(1-Q17)) -> 1882.985 | S17: {=(INDIRECT($B17&"!P36")+INDIRECT($B17&"!P42"))/$D17} -> 566.05662 | T17: =SUM(R17:S17) -> 2449.0416 | U17: {=INDIRECT($B17&"!Q10")} -> 2003.07 | V17: =(T17-U17)/U17 -> 0.22264404
B18: Iroquois | C18: ='HCC Data Entry'!I13 -> Iroquois School District | D18: =SUMIF('Cash Flow Entry'!$B$3:$B$500,'Rolling Projection'!C18,'Cash Flow Entry'!$D$3:$D$500) -> 1260 | E18: =SUMIF('Cash Flow Entry'!$B$3:$B$500,'Rolling Projection'!C18,'Cash Flow Entry'!$E$3:$E$500) -> 3283 | F18: {=((INDIRECT($B18&"!P18")/(12-COUNTBLANK('Trust Cash Flow'!$D$8:$O$8)))*12)/(($D18/(12-COUNTBLANK('Trust Cash Flow'!$D$8:$O$8)))*12)} -> 1113.4628 | G18: {=((INDIRECT($B18&"!P19")/(12-COUNTBLANK('Trust Cash Flow'!$D$8:$O$8)))*12)/(($D18/(12-COUNTBLANK('Trust Cash Flow'!$D$8:$O$8)))*12)} -> 497.10067 | H18: {=((((INDIRECT($B18&"!P21")+INDIRECT($B18&"!P23")+INDIRECT($B18&"!P25"))/(12-COUNTBLANK('Trust Cash Flow'!$D$8:$O$8)))*12)/(($D18/(12-COUNTBLANK('Trust Cash Flow'!$D$8:$O$8)))*12))*($F18/SUM($F18:$G18))} -> -198.92722 | I18: {=(((((INDIRECT($B18&"!P21")+INDIRECT($B18&"!P23")+INDIRECT($B18&"!P25"))/(12-COUNTBLANK('Trust Cash Flow'!$D$8:$O$8)))*12)/(($D18/(12-COUNTBLANK('Trust Cash Flow'!$D$8:$O$8)))*12))*($G18/SUM($F18:$G18)))+((((INDIRECT($B18&"!P24"))/(12-COUNTBLANK('Trust Cash Flow'!$D$8:$O$8)))*12)/(($D18/(12-COUNTBLANK('Trust Cash Flow'!$D$8:$O$8)))*12))} -> -171.3975 | J18: =((F18+H18)*$K$29)+(H46*$K$30)+(F46*$K$31) -> 874.90056 | K18: =((G18+I18)*$K$29)+(I46*$K$30)+(G46*$K$31) -> 292.02284 | L18: =(J46*$M$29)+(J18*$M$30) -> 902.54772 | M18: =(K46*$M$29)+(K18*$M$30) -> 303.58223 | N18: =L18*((1+$P$30)^($P$29/12)) -> 1038.0028 | O18: =M18*((1+$P$31)^($P$29/12)) -> 372.50215 | P18: =SUM(N18:O18) -> 1410.5049 | Q18: =IF((SQRT($E18/(12-COUNTBLANK('Trust Cash Flow'!$D$8:$O$8)))*0.0275973662330441)>1,1,SQRT($E18/(12-COUNTBLANK('Trust Cash Flow'!$D$8:$O$8)))*0.0275973662330441) -> 0.55905957 | R18: =(P18*Q18)+($P$28*(1-Q18)) -> 1590.511 | S18: {=(INDIRECT($B18&"!P36")+INDIRECT($B18&"!P42"))/$D18} -> 573.30998 | T18: =SUM(R18:S18) -> 2163.821 | U18: {=INDIRECT($B18&"!Q10")} -> 1718.22 | V18: =(T18-U18)/U18 -> 0.25933873
B19: NE | C19: ='HCC Data Entry'!I14 -> North East School District | D19: =SUMIF('Cash Flow Entry'!$B$3:$B$500,'Rolling Projection'!C19,'Cash Flow Entry'!$D$3:$D$500) -> 1285 | E19: =SUMIF('Cash Flow Entry'!$B$3:$B$500,'Rolling Projection'!C19,'Cash Flow Entry'!$E$3:$E$500) -> 3172 | F19: {=((INDIRECT($B19&"!P18")/(12-COUNTBLANK('Trust Cash Flow'!$D$8:$O$8)))*12)/(($D19/(12-COUNTBLANK('Trust Cash Flow'!$D$8:$O$8)))*12)} -> 1107.4693 | G19: {=((INDIRECT($B19&"!P19")/(12-COUNTBLANK('Trust Cash Flow'!$D$8:$O$8)))*12)/(($D19/(12-COUNTBLANK('Trust Cash Flow'!$D$8:$O$8)))*12)} -> 378.76935 | H19: {=((((INDIRECT($B19&"!P21")+INDIRECT($B19&"!P23")+INDIRECT($B19&"!P25"))/(12-COUNTBLANK('Trust Cash Flow'!$D$8:$O$8)))*12)/(($D19/(12-COUNTBLANK('Trust Cash Flow'!$D$8:$O$8)))*12))*($F19/SUM($F19:$G19))} -> -154.15375 | I19: {=(((((INDIRECT($B19&"!P21")+INDIRECT($B19&"!P23")+INDIRECT($B19&"!P25"))/(12-COUNTBLANK('Trust Cash Flow'!$D$8:$O$8)))*12)/(($D19/(12-COUNTBLANK('Trust Cash Flow'!$D$8:$O$8)))*12))*($G19/SUM($F19:$G19)))+((((INDIRECT($B19&"!P24"))/(12-COUNTBLANK('Trust Cash Flow'!$D$8:$O$8)))*12)/(($D19/(12-COUNTBLANK('Trust Cash Flow'!$D$8:$O$8)))*12))} -> -162.72265 | J19: =((F19+H19)*$K$29)+(H47*$K$30)+(F47*$K$31) -> 871.74378 | K19: =((G19+I19)*$K$29)+(I47*$K$30)+(G47*$K$31) -> 200.19777 | L19: =(J47*$M$29)+(J19*$M$30) -> 931.19684 | M19: =(K47*$M$29)+(K19*$M$30) -> 199.94854 | N19: =L19*((1+$P$30)^($P$29/12)) -> 1070.9516 | O19: =M19*((1+$P$31)^($P$29/12)) -> 245.3413 | P19: =SUM(N19:O19) -> 1316.2929 | Q19: =IF((SQRT($E19/(12-COUNTBLANK('Trust Cash Flow'!$D$8:$O$8)))*0.0275973662330441)>1,1,SQRT($E19/(12-COUNTBLANK('Trust Cash Flow'!$D$8:$O$8)))*0.0275973662330441) -> 0.54952725 | R19: =(P19*Q19)+($P$28*(1-Q19)) -> 1542.6303 | S19: {=(INDIRECT($B19&"!P36")+INDIRECT($B19&"!P42"))/$D19} -> 449.55798 | T19: =SUM(R19:S19) -> 1992.1883 | U19: {=INDIRECT($B19&"!Q10")} -> 1555.57 | V19: =(T19-U19)/U19 -> 0.28068058
B20: NW | C20: ='HCC Data Entry'!I15 -> Northwestern School District | D20: =SUMIF('Cash Flow Entry'!$B$3:$B$500,'Rolling Projection'!C20,'Cash Flow Entry'!$D$3:$D$500) -> 1172 | E20: =SUMIF('Cash Flow Entry'!$B$3:$B$500,'Rolling Projection'!C20,'Cash Flow Entry'!$E$3:$E$500) -> 3578 | F20: {=((INDIRECT($B20&"!P18")/(12-COUNTBLANK('Trust Cash Flow'!$D$8:$O$8)))*12)/(($D20/(12-COUNTBLANK('Trust Cash Flow'!$D$8:$O$8)))*12)} -> 2302.1573 | G20: {=((INDIRECT($B20&"!P19")/(12-COUNTBLANK('Trust Cash Flow'!$D$8:$O$8)))*12)/(($D20/(12-COUNTBLANK('Trust Cash Flow'!$D$8:$O$8)))*12)} -> 604.79598 | H20: {=((((INDIRECT($B20&"!P21")+INDIRECT($B20&"!P23")+INDIRECT($B20&"!P25"))/(12-COUNTBLANK('Trust Cash Flow'!$D$8:$O$8)))*12)/(($D20/(12-COUNTBLANK('Trust Cash Flow'!$D$8:$O$8)))*12))*($F20/SUM($F20:$G20))} -> -876.01268 | I20: {=(((((INDIRECT($B20&"!P21")+INDIRECT($B20&"!P23")+INDIRECT($B20&"!P25"))/(12-COUNTBLANK('Trust Cash Flow'!$D$8:$O$8)))*12)/(($D20/(12-COUNTBLANK('Trust Cash Flow'!$D$8:$O$8)))*12))*($G20/SUM($F20:$G20)))+((((INDIRECT($B20&"!P24"))/(12-COUNTBLANK('Trust Cash Flow'!$D$8:$O$8)))*12)/(($D20/(12-COUNTBLANK('Trust Cash Flow'!$D$8:$O$8)))*12))} -> -340.13586 | J20: =((F20+H20)*$K$29)+(H48*$K$30)+(F48*$K$31) -> 1274.8046 | K20: =((G20+I20)*$K$29)+(I48*$K$30)+(G48*$K$31) -> 269.12026 | L20: =(J48*$M$29)+(J20*$M$30) -> 1259.7287 | M20: =(K48*$M$29)+(K20*$M$30) -> 256.62857 | N20: =L20*((1+$P$30)^($P$29/12)) -> 1448.7898 | O20: =M20*((1+$P$31)^($P$29/12)) -> 314.88895 | P20: =SUM(N20:O20) -> 1763.6787 | Q20: =IF((SQRT($E20/(12-COUNTBLANK('Trust Cash Flow'!$D$8:$O$8)))*0.0275973662330441)>1,1,SQRT($E20/(12-COUNTBLANK('Trust Cash Flow'!$D$8:$O$8)))*0.0275973662330441) -> 0.58363699 | R20: =(P20*Q20)+($P$28*(1-Q20)) -> 1786.603 | S20: {=(INDIRECT($B20&"!P36")+INDIRECT($B20&"!P42"))/$D20} -> 477.84809 | T20: =SUM(R20:S20) -> 2264.4511 | U20: {=INDIRECT($B20&"!Q10")} -> 1782.88 | V20: =(T20-U20)/U20 -> 0.27010853
... B27: Wattsburg | C27: ='HCC Data Entry'!I22 -> Wattsburg Area School District | D27: =SUMIF('Cash Flow Entry'!$B$3:$B$500,'Rolling Projection'!C27,'Cash Flow Entry'!$D$3:$D$500) -> 1231 | E27: =SUMIF('Cash Flow Entry'!$B$3:$B$500,'Rolling Projection'!C27,'Cash Flow Entry'!$E$3:$E$500) -> 2981 | F27: {=((INDIRECT($B27&"!P18")/(12-COUNTBLANK('Trust Cash Flow'!$D$8:$O$8)))*12)/(($D27/(12-COUNTBLANK('Trust Cash Flow'!$D$8:$O$8)))*12)} -> 1184.7077 | G27: {=((INDIRECT($B27&"!P19")/(12-COUNTBLANK('Trust Cash Flow'!$D$8:$O$8)))*12)/(($D27/(12-COUNTBLANK('Trust Cash Flow'!$D$8:$O$8)))*12)} -> 890.36494 | H27: {=((((INDIRECT($B27&"!P21")+INDIRECT($B27&"!P23")+INDIRECT($B27&"!P25"))/(12-COUNTBLANK('Trust Cash Flow'!$D$8:$O$8)))*12)/(($D27/(12-COUNTBLANK('Trust Cash Flow'!$D$8:$O$8)))*12))*($F27/SUM($F27:$G27))} -> -158.78405 | I27: {=(((((INDIRECT($B27&"!P21")+INDIRECT($B27&"!P23")+INDIRECT($B27&"!P25"))/(12-COUNTBLANK('Trust Cash Flow'!$D$8:$O$8)))*12)/(($D27/(12-COUNTBLANK('Trust Cash Flow'!$D$8:$O$8)))*12))*($G27/SUM($F27:$G27)))+((((INDIRECT($B27&"!P24"))/(12-COUNTBLANK('Trust Cash Flow'!$D$8:$O$8)))*12)/(($D27/(12-COUNTBLANK('Trust Cash Flow'!$D$8:$O$8)))*12))} -> -229.33387 | J27: =((F27+H27)*$K$29)+(H55*$K$30)+(F55*$K$31) -> 933.04733 | K27: =((G27+I27)*$K$29)+(I55*$K$30)+(G55*$K$31) -> 581.9187 | L27: =(J55*$M$29)+(J27*$M$30) -> 963.58928 | M27: =(K55*$M$29)+(K27*$M$30) -> 583.47248 | N27: =L27*((1+$P$30)^($P$29/12)) -> 1108.2055 | O27: =M27*((1+$P$31)^($P$29/12)) -> 715.9337 | P27: =SUM(N27:O27) -> 1824.1392 | Q27: =IF((SQRT($E27/(12-COUNTBLANK('Trust Cash Flow'!$D$8:$O$8)))*0.0275973662330441)>1,1,SQRT($E27/(12-COUNTBLANK('Trust Cash Flow'!$D$8:$O$8)))*0.0275973662330441) -> 0.53272568 | R27: =(P27*Q27)+($P$28*(1-Q27)) -> 1821.6149 | S27: {=(INDIRECT($B27&"!P36")+INDIRECT($B27&"!P42"))/$D27} -> 570.25413 | T27: =SUM(R27:S27) -> 2391.8691 | U27: {=INDIRECT($B27&"!Q10")} -> 1934.42 | V27: =(T27-U27)/U27 -> 0.23647867
B28: Trust Cash Flow | C28: TOTAL TRUST | D28: =SUM(D9:D27) -> 27353 | E28: =SUM(E9:E27) -> 77128 | F28: {=((INDIRECT("'"&$B28&"'!P18")/(12-COUNTBLANK('Trust Cash Flow'!$D$8:$O$8)))*12)/(($D28/(12-COUNTBLANK('Trust Cash Flow'!$D$8:$O$8)))*12)} -> 1375.6275 | G28: {=((INDIRECT("'"&$B28&"'!P19")/(12-COUNTBLANK('Trust Cash Flow'!$D$8:$O$8)))*12)/(($D28/(12-COUNTBLANK('Trust Cash Flow'!$D$8:$O$8)))*12)} -> 625.52484 | H28: {=((((INDIRECT("'"&$B28&"'!P20")+INDIRECT("'"&$B28&"'!P22")+INDIRECT("'"&$B28&"'!P24"))/(12-COUNTBLANK('Trust Cash Flow'!$D$8:$O$8)))*12)/(($D28/(12-COUNTBLANK('Trust Cash Flow'!$D$8:$O$8)))*12))*($F$28/SUM($F$28:$G$28))} -> -82.477938 | I28: {=(((((INDIRECT("'"&$B28&"'!P20")+INDIRECT("'"&$B28&"'!P22")+INDIRECT("'"&$B28&"'!P24"))/(12-COUNTBLANK('Trust Cash Flow'!$D$8:$O$8)))*12)/(($D28/(12-COUNTBLANK('Trust Cash Flow'!$D$8:$O$8)))*12))*($G28/SUM($F28:$G28)))+((((INDIRECT("'"&$B28&"'!P23"))/(12-COUNTBLANK('Trust Cash Flow'!$D$8:$O$8)))*12)/(($D28/(12-COUNTBLANK('Trust Cash Flow'!$D$8:$O$8)))*12))} -> -141.47016 | J28: =((F28+H28)*$K$29)+(H56*$K$30)+(F56*$K$31) -> 1266.2222 | K28: =((G28+I28)*$K$29)+(I56*$K$30)+(G56*$K$31) -> 409.40611 | L28: =(J56*M29)+(J28*M30) -> 1169.9449 | M28: =(K56*M29)+(K28*M30) -> 385.65397 | N28: =L28*((1+$P$30)^($P$29/12)) -> 1345.5311 | O28: =M28*((1+$P$31)^($P$29/12)) -> 473.20599 | P28: =SUM(N28:O28) -> 1818.7371 | Q28: =IF((SQRT($E28/(12-COUNTBLANK('Trust Cash Flow'!$D$8:$O$8)))*0.0275973662330441)>1,1,SQRT($E28/(12-COUNTBLANK('Trust Cash Flow'!$D$8:$O$8)))*0.0275973662330441) -> 1 | R28: =(P28*Q28)+($P$28*(1-Q28)) -> 1818.7371 | S28: {=(INDIRECT("'"&$B28&"'!P36")+INDIRECT("'"&$B28&"'!P42"))/$D28} -> 529.46765 | T28: =SUM(R28:S28) -> 2348.2048 | U28: {=INDIRECT("'"&$B28&"'!Q10")} -> 1830.8157 | V28: =(T28-U28)/U28 -> 0.2826003
H29: Rebates allocated to Rx, all other adjustments are split according to average claims activity | J29: Current Period: | K29: =1-SUM(K30:K31) -> 0.6 | L29: Current: | M29: =J35 -> 0.5 | N29: Trend Months: | P29: =W2 -> 16
J30: =H34&":" -> 2023-2024: | K30: =H35 -> 0.35 | L30: 3Yr Avg: | M30: =1-M29 -> 0.5 | N30: Medical Trend: | P30: =(((F28+H28)-F56)/(F28+H28))/3 -> 0.11057081
J31: =F34&":" -> 2022-2023: | K31: =F35 -> 0.05 | N31: Rx Trend: | P31: =(((G28+I28)-G56)/(G28+I28))/3 -> 0.16584099
F34: 2022-2023 | H34: 2023-2024 | J34: Current R12
C35: Weighting --> | F35: 0.05 | H35: 0.35 | J35: 0.5
F36: Medical | G36: Rx | H36: Medical | I36: Rx | J36: Medical | K36: Rx
C37: Conneaut School District | F37: =1405.41908675799-418.95 -> 986.46909 | G37: =585.312705479452-222.48 -> 362.83271 | H37: =1423.79150217994-299.63 -> 1124.1615 | I37: =656.868398731669-248.24 -> 408.6284 | J37: =(SUMIFS(Sheet1!D$2:D$241,Sheet1!$A$2:$A$241,"="&$B9,Sheet1!$B$2:$B$241,">="&$Y$5)+SUMIFS(Sheet2!D$2:D$241,Sheet2!$A$2:$A$241,"="&$B9,Sheet2!$B$2:$B$241,"<="&$Z$5)+((SUMIFS(Sheet1!$F$2:$F$241,Sheet1!$A$2:$A$241,"="&$B9,Sheet1!$B$2:$B$241,">="&$Y$5)+SUMIFS(Sheet2!$F$2:$F$241,Sheet2!$A$2:$A$241,"="&$B9,Sheet2!$B$2:$B$241,"<="&$Z$5))*((SUMIFS(Sheet1!D$2:D$241,Sheet1!$A$2:$A$241,"="&$B9,Sheet1!$B$2:$B$241,">="&$Y$5)+SUMIFS(Sheet2!D$2:D$241,Sheet2!$A$2:$A$241,"="&$B9,Sheet2!$B$2:$B$241,"<="&$Z$5))/(SUMIFS(Sheet1!$D$2:$D$241,Sheet1!$A$2:$A$241,"="&$B9,Sheet1!$B$2:$B$241,">="&$Y$5)+SUMIFS(Sheet1!$E$2:$E$241,Sheet1!$A$2:$A$241,"="&$B9,Sheet1!$B$2:$B$241,">="&$Y$5)+SUMIFS(Sheet2!$D$2:$D$241,Sheet2!$A$2:$A$241,"="&$B9,Sheet2!$B$2:$B$241,"<="&$Z$5)+SUMIFS(Sheet2!$E$2:$E$241,Sheet2!$A$2:$A$241,"="&$B9,Sheet2!$B$2:$B$241,"<="&$Z$5)))))/(SUMIFS(Sheet1!$C$2:$C$241,Sheet1!$A$2:$A$241,"="&$B9,Sheet1!$B$2:$B$241,">="&$Y$5)+SUMIFS(Sheet2!$C$2:$C$241,Sheet2!$A$2:$A$241,"="&$B9,Sheet2!$B$2:$B$241,"<="&$Z$5)) -> 1057.1205 | K37: =(SUMIFS(Sheet1!E$2:E$241,Sheet1!$A$2:$A$241,"="&$B9,Sheet1!$B$2:$B$241,">="&$Y$5)+SUMIFS(Sheet2!E$2:E$241,Sheet2!$A$2:$A$241,"="&$B9,Sheet2!$B$2:$B$241,"<="&$Z$5)+SUMIFS(Sheet1!$G$2:$G$241,Sheet1!$A$2:$A$241,"="&$B9,Sheet1!$B$2:$B$241,">="&$Y$5)+SUMIFS(Sheet2!$G$2:$G$241,Sheet2!$A$2:$A$241,"="&$B9,Sheet2!$B$2:$B$241,"<="&$Z$5)+((SUMIFS(Sheet1!$F$2:$F$241,Sheet1!$A$2:$A$241,"="&$B9,Sheet1!$B$2:$B$241,">="&$Y$5)+SUMIFS(Sheet2!$F$2:$F$241,Sheet2!$A$2:$A$241,"="&$B9,Sheet2!$B$2:$B$241,"<="&$Z$5))*((SUMIFS(Sheet1!E$2:E$241,Sheet1!$A$2:$A$241,"="&$B9,Sheet1!$B$2:$B$241,">="&$Y$5)+SUMIFS(Sheet2!E$2:E$241,Sheet2!$A$2:$A$241,"="&$B9,Sheet2!$B$2:$B$241,"<="&$Z$5))/(SUMIFS(Sheet1!$D$2:$D$241,Sheet1!$A$2:$A$241,"="&$B9,Sheet1!$B$2:$B$241,">="&$Y$5)+SUMIFS(Sheet1!$E$2:$E$241,Sheet1!$A$2:$A$241,"="&$B9,Sheet1!$B$2:$B$241,">="&$Y$5)+SUMIFS(Sheet2!$D$2:$D$241,Sheet2!$A$2:$A$241,"="&$B9,Sheet2!$B$2:$B$241,"<="&$Z$5)+SUMIFS(Sheet2!$E$2:$E$241,Sheet2!$A$2:$A$241,"="&$B9,Sheet2!$B$2:$B$241,"<="&$Z$5)))))/(SUMIFS(Sheet1!$C$2:$C$241,Sheet1!$A$2:$A$241,"="&$B9,Sheet1!$B$2:$B$241,">="&$Y$5)+SUMIFS(Sheet2!$C$2:$C$241,Sheet2!$A$2:$A$241,"="&$B9,Sheet2!$B$2:$B$241,"<="&$Z$5)) -> 407.82154
C38: Corry Area School District | F38: =938.558943348186-195.69 -> 742.86894 | G38: =438.792571610439-139.49 -> 299.30257 | H38: =1166.53842426187-288.24 -> 878.29842 | I38: =577.790500641848-252.76 -> 325.0305 | J38: =(SUMIFS(Sheet1!D$2:D$241,Sheet1!$A$2:$A$241,"="&$B10,Sheet1!$B$2:$B$241,">="&$Y$5)+SUMIFS(Sheet2!D$2:D$241,Sheet2!$A$2:$A$241,"="&$B10,Sheet2!$B$2:$B$241,"<="&$Z$5)+((SUMIFS(Sheet1!$F$2:$F$241,Sheet1!$A$2:$A$241,"="&$B10,Sheet1!$B$2:$B$241,">="&$Y$5)+SUMIFS(Sheet2!$F$2:$F$241,Sheet2!$A$2:$A$241,"="&$B10,Sheet2!$B$2:$B$241,"<="&$Z$5))*((SUMIFS(Sheet1!D$2:D$241,Sheet1!$A$2:$A$241,"="&$B10,Sheet1!$B$2:$B$241,">="&$Y$5)+SUMIFS(Sheet2!D$2:D$241,Sheet2!$A$2:$A$241,"="&$B10,Sheet2!$B$2:$B$241,"<="&$Z$5))/(SUMIFS(Sheet1!$D$2:$D$241,Sheet1!$A$2:$A$241,"="&$B10,Sheet1!$B$2:$B$241,">="&$Y$5)+SUMIFS(Sheet1!$E$2:$E$241,Sheet1!$A$2:$A$241,"="&$B10,Sheet1!$B$2:$B$241,">="&$Y$5)+SUMIFS(Sheet2!$D$2:$D$241,Sheet2!$A$2:$A$241,"="&$B10,Sheet2!$B$2:$B$241,"<="&$Z$5)+SUMIFS(Sheet2!$E$2:$E$241,Sheet2!$A$2:$A$241,"="&$B10,Sheet2!$B$2:$B$241,"<="&$Z$5)))))/(SUMIFS(Sheet1!$C$2:$C$241,Sheet1!$A$2:$A$241,"="&$B10,Sheet1!$B$2:$B$241,">="&$Y$5)+SUMIFS(Sheet2!$C$2:$C$241,Sheet2!$A$2:$A$241,"="&$B10,Sheet2!$B$2:$B$241,"<="&$Z$5)) -> 969.59597 | K38: =(SUMIFS(Sheet1!E$2:E$241,Sheet1!$A$2:$A$241,"="&$B10,Sheet1!$B$2:$B$241,">="&$Y$5)+SUMIFS(Sheet2!E$2:E$241,Sheet2!$A$2:$A$241,"="&$B10,Sheet2!$B$2:$B$241,"<="&$Z$5)+SUMIFS(Sheet1!$G$2:$G$241,Sheet1!$A$2:$A$241,"="&$B10,Sheet1!$B$2:$B$241,">="&$Y$5)+SUMIFS(Sheet2!$G$2:$G$241,Sheet2!$A$2:$A$241,"="&$B10,Sheet2!$B$2:$B$241,"<="&$Z$5)+((SUMIFS(Sheet1!$F$2:$F$241,Sheet1!$A$2:$A$241,"="&$B10,Sheet1!$B$2:$B$241,">="&$Y$5)+SUMIFS(Sheet2!$F$2:$F$241,Sheet2!$A$2:$A$241,"="&$B10,Sheet2!$B$2:$B$241,"<="&$Z$5))*((SUMIFS(Sheet1!E$2:E$241,Sheet1!$A$2:$A$241,"="&$B10,Sheet1!$B$2:$B$241,">="&$Y$5)+SUMIFS(Sheet2!E$2:E$241,Sheet2!$A$2:$A$241,"="&$B10,Sheet2!$B$2:$B$241,"<="&$Z$5))/(SUMIFS(Sheet1!$D$2:$D$241,Sheet1!$A$2:$A$241,"="&$B10,Sheet1!$B$2:$B$241,">="&$Y$5)+SUMIFS(Sheet1!$E$2:$E$241,Sheet1!$A$2:$A$241,"="&$B10,Sheet1!$B$2:$B$241,">="&$Y$5)+SUMIFS(Sheet2!$D$2:$D$241,Sheet2!$A$2:$A$241,"="&$B10,Sheet2!$B$2:$B$241,"<="&$Z$5)+SUMIFS(Sheet2!$E$2:$E$241,Sheet2!$A$2:$A$241,"="&$B10,Sheet2!$B$2:$B$241,"<="&$Z$5)))))/(SUMIFS(Sheet1!$C$2:$C$241,Sheet1!$A$2:$A$241,"="&$B10,Sheet1!$B$2:$B$241,">="&$Y$5)+SUMIFS(Sheet2!$C$2:$C$241,Sheet2!$A$2:$A$241,"="&$B10,Sheet2!$B$2:$B$241,"<="&$Z$5)) -> 428.22832
C39: Crawford County Career & Technical Center | F39: =1248.37677148847-227.22 -> 1021.1568 | G39: =727.278825995807-180.37 -> 546.90883 | H39: =1111.03879345603-28.47 -> 1082.5688 | I39: =830.729304703476-131.29 -> 699.4393 | J39: =(SUMIFS(Sheet1!D$2:D$241,Sheet1!$A$2:$A$241,"="&$B11,Sheet1!$B$2:$B$241,">="&$Y$5)+SUMIFS(Sheet2!D$2:D$241,Sheet2!$A$2:$A$241,"="&$B11,Sheet2!$B$2:$B$241,"<="&$Z$5)+((SUMIFS(Sheet1!$F$2:$F$241,Sheet1!$A$2:$A$241,"="&$B11,Sheet1!$B$2:$B$241,">="&$Y$5)+SUMIFS(Sheet2!$F$2:$F$241,Sheet2!$A$2:$A$241,"="&$B11,Sheet2!$B$2:$B$241,"<="&$Z$5))*((SUMIFS(Sheet1!D$2:D$241,Sheet1!$A$2:$A$241,"="&$B11,Sheet1!$B$2:$B$241,">="&$Y$5)+SUMIFS(Sheet2!D$2:D$241,Sheet2!$A$2:$A$241,"="&$B11,Sheet2!$B$2:$B$241,"<="&$Z$5))/(SUMIFS(Sheet1!$D$2:$D$241,Sheet1!$A$2:$A$241,"="&$B11,Sheet1!$B$2:$B$241,">="&$Y$5)+SUMIFS(Sheet1!$E$2:$E$241,Sheet1!$A$2:$A$241,"="&$B11,Sheet1!$B$2:$B$241,">="&$Y$5)+SUMIFS(Sheet2!$D$2:$D$241,Sheet2!$A$2:$A$241,"="&$B11,Sheet2!$B$2:$B$241,"<="&$Z$5)+SUMIFS(Sheet2!$E$2:$E$241,Sheet2!$A$2:$A$241,"="&$B11,Sheet2!$B$2:$B$241,"<="&$Z$5)))))/(SUMIFS(Sheet1!$C$2:$C$241,Sheet1!$A$2:$A$241,"="&$B11,Sheet1!$B$2:$B$241,">="&$Y$5)+SUMIFS(Sheet2!$C$2:$C$241,Sheet2!$A$2:$A$241,"="&$B11,Sheet2!$B$2:$B$241,"<="&$Z$5)) -> 983.28124 | K39: =(SUMIFS(Sheet1!E$2:E$241,Sheet1!$A$2:$A$241,"="&$B11,Sheet1!$B$2:$B$241,">="&$Y$5)+SUMIFS(Sheet2!E$2:E$241,Sheet2!$A$2:$A$241,"="&$B11,Sheet2!$B$2:$B$241,"<="&$Z$5)+SUMIFS(Sheet1!$G$2:$G$241,Sheet1!$A$2:$A$241,"="&$B11,Sheet1!$B$2:$B$241,">="&$Y$5)+SUMIFS(Sheet2!$G$2:$G$241,Sheet2!$A$2:$A$241,"="&$B11,Sheet2!$B$2:$B$241,"<="&$Z$5)+((SUMIFS(Sheet1!$F$2:$F$241,Sheet1!$A$2:$A$241,"="&$B11,Sheet1!$B$2:$B$241,">="&$Y$5)+SUMIFS(Sheet2!$F$2:$F$241,Sheet2!$A$2:$A$241,"="&$B11,Sheet2!$B$2:$B$241,"<="&$Z$5))*((SUMIFS(Sheet1!E$2:E$241,Sheet1!$A$2:$A$241,"="&$B11,Sheet1!$B$2:$B$241,">="&$Y$5)+SUMIFS(Sheet2!E$2:E$241,Sheet2!$A$2:$A$241,"="&$B11,Sheet2!$B$2:$B$241,"<="&$Z$5))/(SUMIFS(Sheet1!$D$2:$D$241,Sheet1!$A$2:$A$241,"="&$B11,Sheet1!$B$2:$B$241,">="&$Y$5)+SUMIFS(Sheet1!$E$2:$E$241,Sheet1!$A$2:$A$241,"="&$B11,Sheet1!$B$2:$B$241,">="&$Y$5)+SUMIFS(Sheet2!$D$2:$D$241,Sheet2!$A$2:$A$241,"="&$B11,Sheet2!$B$2:$B$241,"<="&$Z$5)+SUMIFS(Sheet2!$E$2:$E$241,Sheet2!$A$2:$A$241,"="&$B11,Sheet2!$B$2:$B$241,"<="&$Z$5)))))/(SUMIFS(Sheet1!$C$2:$C$241,Sheet1!$A$2:$A$241,"="&$B11,Sheet1!$B$2:$B$241,">="&$Y$5)+SUMIFS(Sheet2!$C$2:$C$241,Sheet2!$A$2:$A$241,"="&$B11,Sheet2!$B$2:$B$241,"<="&$Z$5)) -> 651.69855
C40: Erie City VoTech | F40: =1027.47743267505-251.9 -> 775.57743 | G40: =310.067666068223-124.02 -> 186.04767 | H40: =652.036647619047-21.03 -> 631.00665 | I40: =369.731104761905-121.92 -> 247.8111 | J40: =(SUMIFS(Sheet1!D$2:D$241,Sheet1!$A$2:$A$241,"="&$B12,Sheet1!$B$2:$B$241,">="&$Y$5)+SUMIFS(Sheet2!D$2:D$241,Sheet2!$A$2:$A$241,"="&$B12,Sheet2!$B$2:$B$241,"<="&$Z$5)+((SUMIFS(Sheet1!$F$2:$F$241,Sheet1!$A$2:$A$241,"="&$B12,Sheet1!$B$2:$B$241,">="&$Y$5)+SUMIFS(Sheet2!$F$2:$F$241,Sheet2!$A$2:$A$241,"="&$B12,Sheet2!$B$2:$B$241,"<="&$Z$5))*((SUMIFS(Sheet1!D$2:D$241,Sheet1!$A$2:$A$241,"="&$B12,Sheet1!$B$2:$B$241,">="&$Y$5)+SUMIFS(Sheet2!D$2:D$241,Sheet2!$A$2:$A$241,"="&$B12,Sheet2!$B$2:$B$241,"<="&$Z$5))/(SUMIFS(Sheet1!$D$2:$D$241,Sheet1!$A$2:$A$241,"="&$B12,Sheet1!$B$2:$B$241,">="&$Y$5)+SUMIFS(Sheet1!$E$2:$E$241,Sheet1!$A$2:$A$241,"="&$B12,Sheet1!$B$2:$B$241,">="&$Y$5)+SUMIFS(Sheet2!$D$2:$D$241,Sheet2!$A$2:$A$241,"="&$B12,Sheet2!$B$2:$B$241,"<="&$Z$5)+SUMIFS(Sheet2!$E$2:$E$241,Sheet2!$A$2:$A$241,"="&$B12,Sheet2!$B$2:$B$241,"<="&$Z$5)))))/(SUMIFS(Sheet1!$C$2:$C$241,Sheet1!$A$2:$A$241,"="&$B12,Sheet1!$B$2:$B$241,">="&$Y$5)+SUMIFS(Sheet2!$C$2:$C$241,Sheet2!$A$2:$A$241,"="&$B12,Sheet2!$B$2:$B$241,"<="&$Z$5)) -> 778.26859 | K40: =(SUMIFS(Sheet1!E$2:E$241,Sheet1!$A$2:$A$241,"="&$B12,Sheet1!$B$2:$B$241,">="&$Y$5)+SUMIFS(Sheet2!E$2:E$241,Sheet2!$A$2:$A$241,"="&$B12,Sheet2!$B$2:$B$241,"<="&$Z$5)+SUMIFS(Sheet1!$G$2:$G$241,Sheet1!$A$2:$A$241,"="&$B12,Sheet1!$B$2:$B$241,">="&$Y$5)+SUMIFS(Sheet2!$G$2:$G$241,Sheet2!$A$2:$A$241,"="&$B12,Sheet2!$B$2:$B$241,"<="&$Z$5)+((SUMIFS(Sheet1!$F$2:$F$241,Sheet1!$A$2:$A$241,"="&$B12,Sheet1!$B$2:$B$241,">="&$Y$5)+SUMIFS(Sheet2!$F$2:$F$241,Sheet2!$A$2:$A$241,"="&$B12,Sheet2!$B$2:$B$241,"<="&$Z$5))*((SUMIFS(Sheet1!E$2:E$241,Sheet1!$A$2:$A$241,"="&$B12,Sheet1!$B$2:$B$241,">="&$Y$5)+SUMIFS(Sheet2!E$2:E$241,Sheet2!$A$2:$A$241,"="&$B12,Sheet2!$B$2:$B$241,"<="&$Z$5))/(SUMIFS(Sheet1!$D$2:$D$241,Sheet1!$A$2:$A$241,"="&$B12,Sheet1!$B$2:$B$241,">="&$Y$5)+SUMIFS(Sheet1!$E$2:$E$241,Sheet1!$A$2:$A$241,"="&$B12,Sheet1!$B$2:$B$241,">="&$Y$5)+SUMIFS(Sheet2!$D$2:$D$241,Sheet2!$A$2:$A$241,"="&$B12,Sheet2!$B$2:$B$241,"<="&$Z$5)+SUMIFS(Sheet2!$E$2:$E$241,Sheet2!$A$2:$A$241,"="&$B12,Sheet2!$B$2:$B$241,"<="&$Z$5)))))/(SUMIFS(Sheet1!$C$2:$C$241,Sheet1!$A$2:$A$241,"="&$B12,Sheet1!$B$2:$B$241,">="&$Y$5)+SUMIFS(Sheet2!$C$2:$C$241,Sheet2!$A$2:$A$241,"="&$B12,Sheet2!$B$2:$B$241,"<="&$Z$5)) -> 506.97571
C41: Fairview School District | F41: =1581.96182159624-760.72 -> 821.24182 | G41: =403.982248826291-242.26 -> 161.72225 | H41: =1842.42240524099-676.91 -> 1165.5124 | I41: =559.014487599438-315.38 -> 243.63449 | J41: =(SUMIFS(Sheet1!D$2:D$241,Sheet1!$A$2:$A$241,"="&$B13,Sheet1!$B$2:$B$241,">="&$Y$5)+SUMIFS(Sheet2!D$2:D$241,Sheet2!$A$2:$A$241,"="&$B13,Sheet2!$B$2:$B$241,"<="&$Z$5)+((SUMIFS(Sheet1!$F$2:$F$241,Sheet1!$A$2:$A$241,"="&$B13,Sheet1!$B$2:$B$241,">="&$Y$5)+SUMIFS(Sheet2!$F$2:$F$241,Sheet2!$A$2:$A$241,"="&$B13,Sheet2!$B$2:$B$241,"<="&$Z$5))*((SUMIFS(Sheet1!D$2:D$241,Sheet1!$A$2:$A$241,"="&$B13,Sheet1!$B$2:$B$241,">="&$Y$5)+SUMIFS(Sheet2!D$2:D$241,Sheet2!$A$2:$A$241,"="&$B13,Sheet2!$B$2:$B$241,"<="&$Z$5))/(SUMIFS(Sheet1!$D$2:$D$241,Sheet1!$A$2:$A$241,"="&$B13,Sheet1!$B$2:$B$241,">="&$Y$5)+SUMIFS(Sheet1!$E$2:$E$241,Sheet1!$A$2:$A$241,"="&$B13,Sheet1!$B$2:$B$241,">="&$Y$5)+SUMIFS(Sheet2!$D$2:$D$241,Sheet2!$A$2:$A$241,"="&$B13,Sheet2!$B$2:$B$241,"<="&$Z$5)+SUMIFS(Sheet2!$E$2:$E$241,Sheet2!$A$2:$A$241,"="&$B13,Sheet2!$B$2:$B$241,"<="&$Z$5)))))/(SUMIFS(Sheet1!$C$2:$C$241,Sheet1!$A$2:$A$241,"="&$B13,Sheet1!$B$2:$B$241,">="&$Y$5)+SUMIFS(Sheet2!$C$2:$C$241,Sheet2!$A$2:$A$241,"="&$B13,Sheet2!$B$2:$B$241,"<="&$Z$5)) -> 1270.556 | K41: =(SUMIFS(Sheet1!E$2:E$241,Sheet1!$A$2:$A$241,"="&$B13,Sheet1!$B$2:$B$241,">="&$Y$5)+SUMIFS(Sheet2!E$2:E$241,Sheet2!$A$2:$A$241,"="&$B13,Sheet2!$B$2:$B$241,"<="&$Z$5)+SUMIFS(Sheet1!$G$2:$G$241,Sheet1!$A$2:$A$241,"="&$B13,Sheet1!$B$2:$B$241,">="&$Y$5)+SUMIFS(Sheet2!$G$2:$G$241,Sheet2!$A$2:$A$241,"="&$B13,Sheet2!$B$2:$B$241,"<="&$Z$5)+((SUMIFS(Sheet1!$F$2:$F$241,Sheet1!$A$2:$A$241,"="&$B13,Sheet1!$B$2:$B$241,">="&$Y$5)+SUMIFS(Sheet2!$F$2:$F$241,Sheet2!$A$2:$A$241,"="&$B13,Sheet2!$B$2:$B$241,"<="&$Z$5))*((SUMIFS(Sheet1!E$2:E$241,Sheet1!$A$2:$A$241,"="&$B13,Sheet1!$B$2:$B$241,">="&$Y$5)+SUMIFS(Sheet2!E$2:E$241,Sheet2!$A$2:$A$241,"="&$B13,Sheet2!$B$2:$B$241,"<="&$Z$5))/(SUMIFS(Sheet1!$D$2:$D$241,Sheet1!$A$2:$A$241,"="&$B13,Sheet1!$B$2:$B$241,">="&$Y$5)+SUMIFS(Sheet1!$E$2:$E$241,Sheet1!$A$2:$A$241,"="&$B13,Sheet1!$B$2:$B$241,">="&$Y$5)+SUMIFS(Sheet2!$D$2:$D$241,Sheet2!$A$2:$A$241,"="&$B13,Sheet2!$B$2:$B$241,"<="&$Z$5)+SUMIFS(Sheet2!$E$2:$E$241,Sheet2!$A$2:$A$241,"="&$B13,Sheet2!$B$2:$B$241,"<="&$Z$5)))))/(SUMIFS(Sheet1!$C$2:$C$241,Sheet1!$A$2:$A$241,"="&$B13,Sheet1!$B$2:$B$241,">="&$Y$5)+SUMIFS(Sheet2!$C$2:$C$241,Sheet2!$A$2:$A$241,"="&$B13,Sheet2!$B$2:$B$241,"<="&$Z$5)) -> 398.87732
C42: Ft LeBoeuf School District | F42: =1016.70008112981-306.53 -> 710.17008 | G42: =314.281820913462-142.76 -> 171.52182 | H42: =1004.8223356144-187.88 -> 816.94234 | I42: =395.586492115442-183.97 -> 211.61649 | J42: =(SUMIFS(Sheet1!D$2:D$241,Sheet1!$A$2:$A$241,"="&$B14,Sheet1!$B$2:$B$241,">="&$Y$5)+SUMIFS(Sheet2!D$2:D$241,Sheet2!$A$2:$A$241,"="&$B14,Sheet2!$B$2:$B$241,"<="&$Z$5)+((SUMIFS(Sheet1!$F$2:$F$241,Sheet1!$A$2:$A$241,"="&$B14,Sheet1!$B$2:$B$241,">="&$Y$5)+SUMIFS(Sheet2!$F$2:$F$241,Sheet2!$A$2:$A$241,"="&$B14,Sheet2!$B$2:$B$241,"<="&$Z$5))*((SUMIFS(Sheet1!D$2:D$241,Sheet1!$A$2:$A$241,"="&$B14,Sheet1!$B$2:$B$241,">="&$Y$5)+SUMIFS(Sheet2!D$2:D$241,Sheet2!$A$2:$A$241,"="&$B14,Sheet2!$B$2:$B$241,"<="&$Z$5))/(SUMIFS(Sheet1!$D$2:$D$241,Sheet1!$A$2:$A$241,"="&$B14,Sheet1!$B$2:$B$241,">="&$Y$5)+SUMIFS(Sheet1!$E$2:$E$241,Sheet1!$A$2:$A$241,"="&$B14,Sheet1!$B$2:$B$241,">="&$Y$5)+SUMIFS(Sheet2!$D$2:$D$241,Sheet2!$A$2:$A$241,"="&$B14,Sheet2!$B$2:$B$241,"<="&$Z$5)+SUMIFS(Sheet2!$E$2:$E$241,Sheet2!$A$2:$A$241,"="&$B14,Sheet2!$B$2:$B$241,"<="&$Z$5)))))/(SUMIFS(Sheet1!$C$2:$C$241,Sheet1!$A$2:$A$241,"="&$B14,Sheet1!$B$2:$B$241,">="&$Y$5)+SUMIFS(Sheet2!$C$2:$C$241,Sheet2!$A$2:$A$241,"="&$B14,Sheet2!$B$2:$B$241,"<="&$Z$5)) -> 877.61193 | K42: =(SUMIFS(Sheet1!E$2:E$241,Sheet1!$A$2:$A$241,"="&$B14,Sheet1!$B$2:$B$241,">="&$Y$5)+SUMIFS(Sheet2!E$2:E$241,Sheet2!$A$2:$A$241,"="&$B14,Sheet2!$B$2:$B$241,"<="&$Z$5)+SUMIFS(Sheet1!$G$2:$G$241,Sheet1!$A$2:$A$241,"="&$B14,Sheet1!$B$2:$B$241,">="&$Y$5)+SUMIFS(Sheet2!$G$2:$G$241,Sheet2!$A$2:$A$241,"="&$B14,Sheet2!$B$2:$B$241,"<="&$Z$5)+((SUMIFS(Sheet1!$F$2:$F$241,Sheet1!$A$2:$A$241,"="&$B14,Sheet1!$B$2:$B$241,">="&$Y$5)+SUMIFS(Sheet2!$F$2:$F$241,Sheet2!$A$2:$A$241,"="&$B14,Sheet2!$B$2:$B$241,"<="&$Z$5))*((SUMIFS(Sheet1!E$2:E$241,Sheet1!$A$2:$A$241,"="&$B14,Sheet1!$B$2:$B$241,">="&$Y$5)+SUMIFS(Sheet2!E$2:E$241,Sheet2!$A$2:$A$241,"="&$B14,Sheet2!$B$2:$B$241,"<="&$Z$5))/(SUMIFS(Sheet1!$D$2:$D$241,Sheet1!$A$2:$A$241,"="&$B14,Sheet1!$B$2:$B$241,">="&$Y$5)+SUMIFS(Sheet1!$E$2:$E$241,Sheet1!$A$2:$A$241,"="&$B14,Sheet1!$B$2:$B$241,">="&$Y$5)+SUMIFS(Sheet2!$D$2:$D$241,Sheet2!$A$2:$A$241,"="&$B14,Sheet2!$B$2:$B$241,"<="&$Z$5)+SUMIFS(Sheet2!$E$2:$E$241,Sheet2!$A$2:$A$241,"="&$B14,Sheet2!$B$2:$B$241,"<="&$Z$5)))))/(SUMIFS(Sheet1!$C$2:$C$241,Sheet1!$A$2:$A$241,"="&$B14,Sheet1!$B$2:$B$241,">="&$Y$5)+SUMIFS(Sheet2!$C$2:$C$241,Sheet2!$A$2:$A$241,"="&$B14,Sheet2!$B$2:$B$241,"<="&$Z$5)) -> 294.40833
C43: Franklin Area School District | F43: =994.859166666667-197.38 -> 797.47917 | G43: =337.746093544137-115.01 -> 222.73609 | H43: =1185.13048666667-153.86 -> 1031.2705 | I43: =336.77838-153.72 -> 183.05838 | J43: =(SUMIFS(Sheet1!D$2:D$241,Sheet1!$A$2:$A$241,"="&$B15,Sheet1!$B$2:$B$241,">="&$Y$5)+SUMIFS(Sheet2!D$2:D$241,Sheet2!$A$2:$A$241,"="&$B15,Sheet2!$B$2:$B$241,"<="&$Z$5)+((SUMIFS(Sheet1!$F$2:$F$241,Sheet1!$A$2:$A$241,"="&$B15,Sheet1!$B$2:$B$241,">="&$Y$5)+SUMIFS(Sheet2!$F$2:$F$241,Sheet2!$A$2:$A$241,"="&$B15,Sheet2!$B$2:$B$241,"<="&$Z$5))*((SUMIFS(Sheet1!D$2:D$241,Sheet1!$A$2:$A$241,"="&$B15,Sheet1!$B$2:$B$241,">="&$Y$5)+SUMIFS(Sheet2!D$2:D$241,Sheet2!$A$2:$A$241,"="&$B15,Sheet2!$B$2:$B$241,"<="&$Z$5))/(SUMIFS(Sheet1!$D$2:$D$241,Sheet1!$A$2:$A$241,"="&$B15,Sheet1!$B$2:$B$241,">="&$Y$5)+SUMIFS(Sheet1!$E$2:$E$241,Sheet1!$A$2:$A$241,"="&$B15,Sheet1!$B$2:$B$241,">="&$Y$5)+SUMIFS(Sheet2!$D$2:$D$241,Sheet2!$A$2:$A$241,"="&$B15,Sheet2!$B$2:$B$241,"<="&$Z$5)+SUMIFS(Sheet2!$E$2:$E$241,Sheet2!$A$2:$A$241,"="&$B15,Sheet2!$B$2:$B$241,"<="&$Z$5)))))/(SUMIFS(Sheet1!$C$2:$C$241,Sheet1!$A$2:$A$241,"="&$B15,Sheet1!$B$2:$B$241,">="&$Y$5)+SUMIFS(Sheet2!$C$2:$C$241,Sheet2!$A$2:$A$241,"="&$B15,Sheet2!$B$2:$B$241,"<="&$Z$5)) -> 985.39917 | K43: =(SUMIFS(Sheet1!E$2:E$241,Sheet1!$A$2:$A$241,"="&$B15,Sheet1!$B$2:$B$241,">="&$Y$5)+SUMIFS(Sheet2!E$2:E$241,Sheet2!$A$2:$A$241,"="&$B15,Sheet2!$B$2:$B$241,"<="&$Z$5)+SUMIFS(Sheet1!$G$2:$G$241,Sheet1!$A$2:$A$241,"="&$B15,Sheet1!$B$2:$B$241,">="&$Y$5)+SUMIFS(Sheet2!$G$2:$G$241,Sheet2!$A$2:$A$241,"="&$B15,Sheet2!$B$2:$B$241,"<="&$Z$5)+((SUMIFS(Sheet1!$F$2:$F$241,Sheet1!$A$2:$A$241,"="&$B15,Sheet1!$B$2:$B$241,">="&$Y$5)+SUMIFS(Sheet2!$F$2:$F$241,Sheet2!$A$2:$A$241,"="&$B15,Sheet2!$B$2:$B$241,"<="&$Z$5))*((SUMIFS(Sheet1!E$2:E$241,Sheet1!$A$2:$A$241,"="&$B15,Sheet1!$B$2:$B$241,">="&$Y$5)+SUMIFS(Sheet2!E$2:E$241,Sheet2!$A$2:$A$241,"="&$B15,Sheet2!$B$2:$B$241,"<="&$Z$5))/(SUMIFS(Sheet1!$D$2:$D$241,Sheet1!$A$2:$A$241,"="&$B15,Sheet1!$B$2:$B$241,">="&$Y$5)+SUMIFS(Sheet1!$E$2:$E$241,Sheet1!$A$2:$A$241,"="&$B15,Sheet1!$B$2:$B$241,">="&$Y$5)+SUMIFS(Sheet2!$D$2:$D$241,Sheet2!$A$2:$A$241,"="&$B15,Sheet2!$B$2:$B$241,"<="&$Z$5)+SUMIFS(Sheet2!$E$2:$E$241,Sheet2!$A$2:$A$241,"="&$B15,Sheet2!$B$2:$B$241,"<="&$Z$5)))))/(SUMIFS(Sheet1!$C$2:$C$241,Sheet1!$A$2:$A$241,"="&$B15,Sheet1!$B$2:$B$241,">="&$Y$5)+SUMIFS(Sheet2!$C$2:$C$241,Sheet2!$A$2:$A$241,"="&$B15,Sheet2!$B$2:$B$241,"<="&$Z$5)) -> 204.12674
C44: Girard School District | F44: =950.067717213115-223.49 -> 726.57772 | G44: =481.479721311475-161.26 -> 320.21972 | H44: =996.535493474714-117.93 -> 878.60549 | I44: =453.601831158238-118.24 -> 335.36183 | J44: =(SUMIFS(Sheet1!D$2:D$241,Sheet1!$A$2:$A$241,"="&$B16,Sheet1!$B$2:$B$241,">="&$Y$5)+SUMIFS(Sheet2!D$2:D$241,Sheet2!$A$2:$A$241,"="&$B16,Sheet2!$B$2:$B$241,"<="&$Z$5)+((SUMIFS(Sheet1!$F$2:$F$241,Sheet1!$A$2:$A$241,"="&$B16,Sheet1!$B$2:$B$241,">="&$Y$5)+SUMIFS(Sheet2!$F$2:$F$241,Sheet2!$A$2:$A$241,"="&$B16,Sheet2!$B$2:$B$241,"<="&$Z$5))*((SUMIFS(Sheet1!D$2:D$241,Sheet1!$A$2:$A$241,"="&$B16,Sheet1!$B$2:$B$241,">="&$Y$5)+SUMIFS(Sheet2!D$2:D$241,Sheet2!$A$2:$A$241,"="&$B16,Sheet2!$B$2:$B$241,"<="&$Z$5))/(SUMIFS(Sheet1!$D$2:$D$241,Sheet1!$A$2:$A$241,"="&$B16,Sheet1!$B$2:$B$241,">="&$Y$5)+SUMIFS(Sheet1!$E$2:$E$241,Sheet1!$A$2:$A$241,"="&$B16,Sheet1!$B$2:$B$241,">="&$Y$5)+SUMIFS(Sheet2!$D$2:$D$241,Sheet2!$A$2:$A$241,"="&$B16,Sheet2!$B$2:$B$241,"<="&$Z$5)+SUMIFS(Sheet2!$E$2:$E$241,Sheet2!$A$2:$A$241,"="&$B16,Sheet2!$B$2:$B$241,"<="&$Z$5)))))/(SUMIFS(Sheet1!$C$2:$C$241,Sheet1!$A$2:$A$241,"="&$B16,Sheet1!$B$2:$B$241,">="&$Y$5)+SUMIFS(Sheet2!$C$2:$C$241,Sheet2!$A$2:$A$241,"="&$B16,Sheet2!$B$2:$B$241,"<="&$Z$5)) -> 911.39117 | K44: =(SUMIFS(Sheet1!E$2:E$241,Sheet1!$A$2:$A$241,"="&$B16,Sheet1!$B$2:$B$241,">="&$Y$5)+SUMIFS(Sheet2!E$2:E$241,Sheet2!$A$2:$A$241,"="&$B16,Sheet2!$B$2:$B$241,"<="&$Z$5)+SUMIFS(Sheet1!$G$2:$G$241,Sheet1!$A$2:$A$241,"="&$B16,Sheet1!$B$2:$B$241,">="&$Y$5)+SUMIFS(Sheet2!$G$2:$G$241,Sheet2!$A$2:$A$241,"="&$B16,Sheet2!$B$2:$B$241,"<="&$Z$5)+((SUMIFS(Sheet1!$F$2:$F$241,Sheet1!$A$2:$A$241,"="&$B16,Sheet1!$B$2:$B$241,">="&$Y$5)+SUMIFS(Sheet2!$F$2:$F$241,Sheet2!$A$2:$A$241,"="&$B16,Sheet2!$B$2:$B$241,"<="&$Z$5))*((SUMIFS(Sheet1!E$2:E$241,Sheet1!$A$2:$A$241,"="&$B16,Sheet1!$B$2:$B$241,">="&$Y$5)+SUMIFS(Sheet2!E$2:E$241,Sheet2!$A$2:$A$241,"="&$B16,Sheet2!$B$2:$B$241,"<="&$Z$5))/(SUMIFS(Sheet1!$D$2:$D$241,Sheet1!$A$2:$A$241,"="&$B16,Sheet1!$B$2:$B$241,">="&$Y$5)+SUMIFS(Sheet1!$E$2:$E$241,Sheet1!$A$2:$A$241,"="&$B16,Sheet1!$B$2:$B$241,">="&$Y$5)+SUMIFS(Sheet2!$D$2:$D$241,Sheet2!$A$2:$A$241,"="&$B16,Sheet2!$B$2:$B$241,"<="&$Z$5)+SUMIFS(Sheet2!$E$2:$E$241,Sheet2!$A$2:$A$241,"="&$B16,Sheet2!$B$2:$B$241,"<="&$Z$5)))))/(SUMIFS(Sheet1!$C$2:$C$241,Sheet1!$A$2:$A$241,"="&$B16,Sheet1!$B$2:$B$241,">="&$Y$5)+SUMIFS(Sheet2!$C$2:$C$241,Sheet2!$A$2:$A$241,"="&$B16,Sheet2!$B$2:$B$241,"<="&$Z$5)) -> 332.08397
C45: Harborcreek School District | F45: =1341.31624168948-381.06 -> 960.25624 | G45: =607.375369573719-220.55 -> 386.82537 | H45: =1222.74350483559-170.99 -> 1051.7535 | I45: =687.32900967118-169.76 -> 517.56901 | J45: =(SUMIFS(Sheet1!D$2:D$241,Sheet1!$A$2:$A$241,"="&$B17,Sheet1!$B$2:$B$241,">="&$Y$5)+SUMIFS(Sheet2!D$2:D$241,Sheet2!$A$2:$A$241,"="&$B17,Sheet2!$B$2:$B$241,"<="&$Z$5)+((SUMIFS(Sheet1!$F$2:$F$241,Sheet1!$A$2:$A$241,"="&$B17,Sheet1!$B$2:$B$241,">="&$Y$5)+SUMIFS(Sheet2!$F$2:$F$241,Sheet2!$A$2:$A$241,"="&$B17,Sheet2!$B$2:$B$241,"<="&$Z$5))*((SUMIFS(Sheet1!D$2:D$241,Sheet1!$A$2:$A$241,"="&$B17,Sheet1!$B$2:$B$241,">="&$Y$5)+SUMIFS(Sheet2!D$2:D$241,Sheet2!$A$2:$A$241,"="&$B17,Sheet2!$B$2:$B$241,"<="&$Z$5))/(SUMIFS(Sheet1!$D$2:$D$241,Sheet1!$A$2:$A$241,"="&$B17,Sheet1!$B$2:$B$241,">="&$Y$5)+SUMIFS(Sheet1!$E$2:$E$241,Sheet1!$A$2:$A$241,"="&$B17,Sheet1!$B$2:$B$241,">="&$Y$5)+SUMIFS(Sheet2!$D$2:$D$241,Sheet2!$A$2:$A$241,"="&$B17,Sheet2!$B$2:$B$241,"<="&$Z$5)+SUMIFS(Sheet2!$E$2:$E$241,Sheet2!$A$2:$A$241,"="&$B17,Sheet2!$B$2:$B$241,"<="&$Z$5)))))/(SUMIFS(Sheet1!$C$2:$C$241,Sheet1!$A$2:$A$241,"="&$B17,Sheet1!$B$2:$B$241,">="&$Y$5)+SUMIFS(Sheet2!$C$2:$C$241,Sheet2!$A$2:$A$241,"="&$B17,Sheet2!$B$2:$B$241,"<="&$Z$5)) -> 1228.5485 | K45: =(SUMIFS(Sheet1!E$2:E$241,Sheet1!$A$2:$A$241,"="&$B17,Sheet1!$B$2:$B$241,">="&$Y$5)+SUMIFS(Sheet2!E$2:E$241,Sheet2!$A$2:$A$241,"="&$B17,Sheet2!$B$2:$B$241,"<="&$Z$5)+SUMIFS(Sheet1!$G$2:$G$241,Sheet1!$A$2:$A$241,"="&$B17,Sheet1!$B$2:$B$241,">="&$Y$5)+SUMIFS(Sheet2!$G$2:$G$241,Sheet2!$A$2:$A$241,"="&$B17,Sheet2!$B$2:$B$241,"<="&$Z$5)+((SUMIFS(Sheet1!$F$2:$F$241,Sheet1!$A$2:$A$241,"="&$B17,Sheet1!$B$2:$B$241,">="&$Y$5)+SUMIFS(Sheet2!$F$2:$F$241,Sheet2!$A$2:$A$241,"="&$B17,Sheet2!$B$2:$B$241,"<="&$Z$5))*((SUMIFS(Sheet1!E$2:E$241,Sheet1!$A$2:$A$241,"="&$B17,Sheet1!$B$2:$B$241,">="&$Y$5)+SUMIFS(Sheet2!E$2:E$241,Sheet2!$A$2:$A$241,"="&$B17,Sheet2!$B$2:$B$241,"<="&$Z$5))/(SUMIFS(Sheet1!$D$2:$D$241,Sheet1!$A$2:$A$241,"="&$B17,Sheet1!$B$2:$B$241,">="&$Y$5)+SUMIFS(Sheet1!$E$2:$E$241,Sheet1!$A$2:$A$241,"="&$B17,Sheet1!$B$2:$B$241,">="&$Y$5)+SUMIFS(Sheet2!$D$2:$D$241,Sheet2!$A$2:$A$241,"="&$B17,Sheet2!$B$2:$B$241,"<="&$Z$5)+SUMIFS(Sheet2!$E$2:$E$241,Sheet2!$A$2:$A$241,"="&$B17,Sheet2!$B$2:$B$241,"<="&$Z$5)))))/(SUMIFS(Sheet1!$C$2:$C$241,Sheet1!$A$2:$A$241,"="&$B17,Sheet1!$B$2:$B$241,">="&$Y$5)+SUMIFS(Sheet2!$C$2:$C$241,Sheet2!$A$2:$A$241,"="&$B17,Sheet2!$B$2:$B$241,"<="&$Z$5)) -> 414.21884
C46: Iroquois School District | F46: =748.622070759625-58.43 -> 690.19207 | G46: =243.33186264308-49.86 -> 193.47186 | H46: =921.631699895068-88.29 -> 833.3417 | I46: =353.373861490032-105.01 -> 248.36386 | J46: =(SUMIFS(Sheet1!D$2:D$241,Sheet1!$A$2:$A$241,"="&$B18,Sheet1!$B$2:$B$241,">="&$Y$5)+SUMIFS(Sheet2!D$2:D$241,Sheet2!$A$2:$A$241,"="&$B18,Sheet2!$B$2:$B$241,"<="&$Z$5)+((SUMIFS(Sheet1!$F$2:$F$241,Sheet1!$A$2:$A$241,"="&$B18,Sheet1!$B$2:$B$241,">="&$Y$5)+SUMIFS(Sheet2!$F$2:$F$241,Sheet2!$A$2:$A$241,"="&$B18,Sheet2!$B$2:$B$241,"<="&$Z$5))*((SUMIFS(Sheet1!D$2:D$241,Sheet1!$A$2:$A$241,"="&$B18,Sheet1!$B$2:$B$241,">="&$Y$5)+SUMIFS(Sheet2!D$2:D$241,Sheet2!$A$2:$A$241,"="&$B18,Sheet2!$B$2:$B$241,"<="&$Z$5))/(SUMIFS(Sheet1!$D$2:$D$241,Sheet1!$A$2:$A$241,"="&$B18,Sheet1!$B$2:$B$241,">="&$Y$5)+SUMIFS(Sheet1!$E$2:$E$241,Sheet1!$A$2:$A$241,"="&$B18,Sheet1!$B$2:$B$241,">="&$Y$5)+SUMIFS(Sheet2!$D$2:$D$241,Sheet2!$A$2:$A$241,"="&$B18,Sheet2!$B$2:$B$241,"<="&$Z$5)+SUMIFS(Sheet2!$E$2:$E$241,Sheet2!$A$2:$A$241,"="&$B18,Sheet2!$B$2:$B$241,"<="&$Z$5)))))/(SUMIFS(Sheet1!$C$2:$C$241,Sheet1!$A$2:$A$241,"="&$B18,Sheet1!$B$2:$B$241,">="&$Y$5)+SUMIFS(Sheet2!$C$2:$C$241,Sheet2!$A$2:$A$241,"="&$B18,Sheet2!$B$2:$B$241,"<="&$Z$5)) -> 930.19489 | K46: =(SUMIFS(Sheet1!E$2:E$241,Sheet1!$A$2:$A$241,"="&$B18,Sheet1!$B$2:$B$241,">="&$Y$5)+SUMIFS(Sheet2!E$2:E$241,Sheet2!$A$2:$A$241,"="&$B18,Sheet2!$B$2:$B$241,"<="&$Z$5)+SUMIFS(Sheet1!$G$2:$G$241,Sheet1!$A$2:$A$241,"="&$B18,Sheet1!$B$2:$B$241,">="&$Y$5)+SUMIFS(Sheet2!$G$2:$G$241,Sheet2!$A$2:$A$241,"="&$B18,Sheet2!$B$2:$B$241,"<="&$Z$5)+((SUMIFS(Sheet1!$F$2:$F$241,Sheet1!$A$2:$A$241,"="&$B18,Sheet1!$B$2:$B$241,">="&$Y$5)+SUMIFS(Sheet2!$F$2:$F$241,Sheet2!$A$2:$A$241,"="&$B18,Sheet2!$B$2:$B$241,"<="&$Z$5))*((SUMIFS(Sheet1!E$2:E$241,Sheet1!$A$2:$A$241,"="&$B18,Sheet1!$B$2:$B$241,">="&$Y$5)+SUMIFS(Sheet2!E$2:E$241,Sheet2!$A$2:$A$241,"="&$B18,Sheet2!$B$2:$B$241,"<="&$Z$5))/(SUMIFS(Sheet1!$D$2:$D$241,Sheet1!$A$2:$A$241,"="&$B18,Sheet1!$B$2:$B$241,">="&$Y$5)+SUMIFS(Sheet1!$E$2:$E$241,Sheet1!$A$2:$A$241,"="&$B18,Sheet1!$B$2:$B$241,">="&$Y$5)+SUMIFS(Sheet2!$D$2:$D$241,Sheet2!$A$2:$A$241,"="&$B18,Sheet2!$B$2:$B$241,"<="&$Z$5)+SUMIFS(Sheet2!$E$2:$E$241,Sheet2!$A$2:$A$241,"="&$B18,Sheet2!$B$2:$B$241,"<="&$Z$5)))))/(SUMIFS(Sheet1!$C$2:$C$241,Sheet1!$A$2:$A$241,"="&$B18,Sheet1!$B$2:$B$241,">="&$Y$5)+SUMIFS(Sheet2!$C$2:$C$241,Sheet2!$A$2:$A$241,"="&$B18,Sheet2!$B$2:$B$241,"<="&$Z$5)) -> 315.14163
C47: North East School District | F47: =972.139564761405-202.19 -> 769.94956 | G47: =293.772275825905-109.1 -> 184.67228 | H47: =818.128545931758-71.68 -> 746.44855 | I47: =312.636099737533-137.39 -> 175.2461 | J47: =(SUMIFS(Sheet1!D$2:D$241,Sheet1!$A$2:$A$241,"="&$B19,Sheet1!$B$2:$B$241,">="&$Y$5)+SUMIFS(Sheet2!D$2:D$241,Sheet2!$A$2:$A$241,"="&$B19,Sheet2!$B$2:$B$241,"<="&$Z$5)+((SUMIFS(Sheet1!$F$2:$F$241,Sheet1!$A$2:$A$241,"="&$B19,Sheet1!$B$2:$B$241,">="&$Y$5)+SUMIFS(Sheet2!$F$2:$F$241,Sheet2!$A$2:$A$241,"="&$B19,Sheet2!$B$2:$B$241,"<="&$Z$5))*((SUMIFS(Sheet1!D$2:D$241,Sheet1!$A$2:$A$241,"="&$B19,Sheet1!$B$2:$B$241,">="&$Y$5)+SUMIFS(Sheet2!D$2:D$241,Sheet2!$A$2:$A$241,"="&$B19,Sheet2!$B$2:$B$241,"<="&$Z$5))/(SUMIFS(Sheet1!$D$2:$D$241,Sheet1!$A$2:$A$241,"="&$B19,Sheet1!$B$2:$B$241,">="&$Y$5)+SUMIFS(Sheet1!$E$2:$E$241,Sheet1!$A$2:$A$241,"="&$B19,Sheet1!$B$2:$B$241,">="&$Y$5)+SUMIFS(Sheet2!$D$2:$D$241,Sheet2!$A$2:$A$241,"="&$B19,Sheet2!$B$2:$B$241,"<="&$Z$5)+SUMIFS(Sheet2!$E$2:$E$241,Sheet2!$A$2:$A$241,"="&$B19,Sheet2!$B$2:$B$241,"<="&$Z$5)))))/(SUMIFS(Sheet1!$C$2:$C$241,Sheet1!$A$2:$A$241,"="&$B19,Sheet1!$B$2:$B$241,">="&$Y$5)+SUMIFS(Sheet2!$C$2:$C$241,Sheet2!$A$2:$A$241,"="&$B19,Sheet2!$B$2:$B$241,"<="&$Z$5)) -> 990.64989 | K47: =(SUMIFS(Sheet1!E$2:E$241,Sheet1!$A$2:$A$241,"="&$B19,Sheet1!$B$2:$B$241,">="&$Y$5)+SUMIFS(Sheet2!E$2:E$241,Sheet2!$A$2:$A$241,"="&$B19,Sheet2!$B$2:$B$241,"<="&$Z$5)+SUMIFS(Sheet1!$G$2:$G$241,Sheet1!$A$2:$A$241,"="&$B19,Sheet1!$B$2:$B$241,">="&$Y$5)+SUMIFS(Sheet2!$G$2:$G$241,Sheet2!$A$2:$A$241,"="&$B19,Sheet2!$B$2:$B$241,"<="&$Z$5)+((SUMIFS(Sheet1!$F$2:$F$241,Sheet1!$A$2:$A$241,"="&$B19,Sheet1!$B$2:$B$241,">="&$Y$5)+SUMIFS(Sheet2!$F$2:$F$241,Sheet2!$A$2:$A$241,"="&$B19,Sheet2!$B$2:$B$241,"<="&$Z$5))*((SUMIFS(Sheet1!E$2:E$241,Sheet1!$A$2:$A$241,"="&$B19,Sheet1!$B$2:$B$241,">="&$Y$5)+SUMIFS(Sheet2!E$2:E$241,Sheet2!$A$2:$A$241,"="&$B19,Sheet2!$B$2:$B$241,"<="&$Z$5))/(SUMIFS(Sheet1!$D$2:$D$241,Sheet1!$A$2:$A$241,"="&$B19,Sheet1!$B$2:$B$241,">="&$Y$5)+SUMIFS(Sheet1!$E$2:$E$241,Sheet1!$A$2:$A$241,"="&$B19,Sheet1!$B$2:$B$241,">="&$Y$5)+SUMIFS(Sheet2!$D$2:$D$241,Sheet2!$A$2:$A$241,"="&$B19,Sheet2!$B$2:$B$241,"<="&$Z$5)+SUMIFS(Sheet2!$E$2:$E$241,Sheet2!$A$2:$A$241,"="&$B19,Sheet2!$B$2:$B$241,"<="&$Z$5)))))/(SUMIFS(Sheet1!$C$2:$C$241,Sheet1!$A$2:$A$241,"="&$B19,Sheet1!$B$2:$B$241,">="&$Y$5)+SUMIFS(Sheet2!$C$2:$C$241,Sheet2!$A$2:$A$241,"="&$B19,Sheet2!$B$2:$B$241,"<="&$Z$5)) -> 199.69932
C48: Northwestern School District | F48: =1130.94768046709-406.81 -> 724.13768 | G48: =540.731555201698-242.51 -> 298.22156 | H48: =1589.09123756906-495.06 -> 1094.0312 | I48: =555.738883977901-283.13 -> 272.60888 | J48: =(SUMIFS(Sheet1!D$2:D$241,Sheet1!$A$2:$A$241,"="&$B20,Sheet1!$B$2:$B$241,">="&$Y$5)+SUMIFS(Sheet2!D$2:D$241,Sheet2!$A$2:$A$241,"="&$B20,Sheet2!$B$2:$B$241,"<="&$Z$5)+((SUMIFS(Sheet1!$F$2:$F$241,Sheet1!$A$2:$A$241,"="&$B20,Sheet1!$B$2:$B$241,">="&$Y$5)+SUMIFS(Sheet2!$F$2:$F$241,Sheet2!$A$2:$A$241,"="&$B20,Sheet2!$B$2:$B$241,"<="&$Z$5))*((SUMIFS(Sheet1!D$2:D$241,Sheet1!$A$2:$A$241,"="&$B20,Sheet1!$B$2:$B$241,">="&$Y$5)+SUMIFS(Sheet2!D$2:D$241,Sheet2!$A$2:$A$241,"="&$B20,Sheet2!$B$2:$B$241,"<="&$Z$5))/(SUMIFS(Sheet1!$D$2:$D$241,Sheet1!$A$2:$A$241,"="&$B20,Sheet1!$B$2:$B$241,">="&$Y$5)+SUMIFS(Sheet1!$E$2:$E$241,Sheet1!$A$2:$A$241,"="&$B20,Sheet1!$B$2:$B$241,">="&$Y$5)+SUMIFS(Sheet2!$D$2:$D$241,Sheet2!$A$2:$A$241,"="&$B20,Sheet2!$B$2:$B$241,"<="&$Z$5)+SUMIFS(Sheet2!$E$2:$E$241,Sheet2!$A$2:$A$241,"="&$B20,Sheet2!$B$2:$B$241,"<="&$Z$5)))))/(SUMIFS(Sheet1!$C$2:$C$241,Sheet1!$A$2:$A$241,"="&$B20,Sheet1!$B$2:$B$241,">="&$Y$5)+SUMIFS(Sheet2!$C$2:$C$241,Sheet2!$A$2:$A$241,"="&$B20,Sheet2!$B$2:$B$241,"<="&$Z$5)) -> 1244.6529 | K48: =(SUMIFS(Sheet1!E$2:E$241,Sheet1!$A$2:$A$241,"="&$B20,Sheet1!$B$2:$B$241,">="&$Y$5)+SUMIFS(Sheet2!E$2:E$241,Sheet2!$A$2:$A$241,"="&$B20,Sheet2!$B$2:$B$241,"<="&$Z$5)+SUMIFS(Sheet1!$G$2:$G$241,Sheet1!$A$2:$A$241,"="&$B20,Sheet1!$B$2:$B$241,">="&$Y$5)+SUMIFS(Sheet2!$G$2:$G$241,Sheet2!$A$2:$A$241,"="&$B20,Sheet2!$B$2:$B$241,"<="&$Z$5)+((SUMIFS(Sheet1!$F$2:$F$241,Sheet1!$A$2:$A$241,"="&$B20,Sheet1!$B$2:$B$241,">="&$Y$5)+SUMIFS(Sheet2!$F$2:$F$241,Sheet2!$A$2:$A$241,"="&$B20,Sheet2!$B$2:$B$241,"<="&$Z$5))*((SUMIFS(Sheet1!E$2:E$241,Sheet1!$A$2:$A$241,"="&$B20,Sheet1!$B$2:$B$241,">="&$Y$5)+SUMIFS(Sheet2!E$2:E$241,Sheet2!$A$2:$A$241,"="&$B20,Sheet2!$B$2:$B$241,"<="&$Z$5))/(SUMIFS(Sheet1!$D$2:$D$241,Sheet1!$A$2:$A$241,"="&$B20,Sheet1!$B$2:$B$241,">="&$Y$5)+SUMIFS(Sheet1!$E$2:$E$241,Sheet1!$A$2:$A$241,"="&$B20,Sheet1!$B$2:$B$241,">="&$Y$5)+SUMIFS(Sheet2!$D$2:$D$241,Sheet2!$A$2:$A$241,"="&$B20,Sheet2!$B$2:$B$241,"<="&$Z$5)+SUMIFS(Sheet2!$E$2:$E$241,Sheet2!$A$2:$A$241,"="&$B20,Sheet2!$B$2:$B$241,"<="&$Z$5)))))/(SUMIFS(Sheet1!$C$2:$C$241,Sheet1!$A$2:$A$241,"="&$B20,Sheet1!$B$2:$B$241,">="&$Y$5)+SUMIFS(Sheet2!$C$2:$C$241,Sheet2!$A$2:$A$241,"="&$B20,Sheet2!$B$2:$B$241,"<="&$Z$5)) -> 244.13688
C49: Northwest Tri-County Intermediate Unit #5 | F49: =1327.07832951196-334.39 -> 992.68833 | G49: =395.323196855552-147.61 -> 247.7132 | H49: =1740.44891935484-280.64 -> 1459.8089 | I49: =524.701774193548-194.61 -> 330.09177 | J49: =(SUMIFS(Sheet1!D$2:D$241,Sheet1!$A$2:$A$241,"="&$B21,Sheet1!$B$2:$B$241,">="&$Y$5)+SUMIFS(Sheet2!D$2:D$241,Sheet2!$A$2:$A$241,"="&$B21,Sheet2!$B$2:$B$241,"<="&$Z$5)+((SUMIFS(Sheet1!$F$2:$F$241,Sheet1!$A$2:$A$241,"="&$B21,Sheet1!$B$2:$B$241,">="&$Y$5)+SUMIFS(Sheet2!$F$2:$F$241,Sheet2!$A$2:$A$241,"="&$B21,Sheet2!$B$2:$B$241,"<="&$Z$5))*((SUMIFS(Sheet1!D$2:D$241,Sheet1!$A$2:$A$241,"="&$B21,Sheet1!$B$2:$B$241,">="&$Y$5)+SUMIFS(Sheet2!D$2:D$241,Sheet2!$A$2:$A$241,"="&$B21,Sheet2!$B$2:$B$241,"<="&$Z$5))/(SUMIFS(Sheet1!$D$2:$D$241,Sheet1!$A$2:$A$241,"="&$B21,Sheet1!$B$2:$B$241,">="&$Y$5)+SUMIFS(Sheet1!$E$2:$E$241,Sheet1!$A$2:$A$241,"="&$B21,Sheet1!$B$2:$B$241,">="&$Y$5)+SUMIFS(Sheet2!$D$2:$D$241,Sheet2!$A$2:$A$241,"="&$B21,Sheet2!$B$2:$B$241,"<="&$Z$5)+SUMIFS(Sheet2!$E$2:$E$241,Sheet2!$A$2:$A$241,"="&$B21,Sheet2!$B$2:$B$241,"<="&$Z$5)))))/(SUMIFS(Sheet1!$C$2:$C$241,Sheet1!$A$2:$A$241,"="&$B21,Sheet1!$B$2:$B$241,">="&$Y$5)+SUMIFS(Sheet2!$C$2:$C$241,Sheet2!$A$2:$A$241,"="&$B21,Sheet2!$B$2:$B$241,"<="&$Z$5)) -> 1113.1128 | K49: =(SUMIFS(Sheet1!E$2:E$241,Sheet1!$A$2:$A$241,"="&$B21,Sheet1!$B$2:$B$241,">="&$Y$5)+SUMIFS(Sheet2!E$2:E$241,Sheet2!$A$2:$A$241,"="&$B21,Sheet2!$B$2:$B$241,"<="&$Z$5)+SUMIFS(Sheet1!$G$2:$G$241,Sheet1!$A$2:$A$241,"="&$B21,Sheet1!$B$2:$B$241,">="&$Y$5)+SUMIFS(Sheet2!$G$2:$G$241,Sheet2!$A$2:$A$241,"="&$B21,Sheet2!$B$2:$B$241,"<="&$Z$5)+((SUMIFS(Sheet1!$F$2:$F$241,Sheet1!$A$2:$A$241,"="&$B21,Sheet1!$B$2:$B$241,">="&$Y$5)+SUMIFS(Sheet2!$F$2:$F$241,Sheet2!$A$2:$A$241,"="&$B21,Sheet2!$B$2:$B$241,"<="&$Z$5))*((SUMIFS(Sheet1!E$2:E$241,Sheet1!$A$2:$A$241,"="&$B21,Sheet1!$B$2:$B$241,">="&$Y$5)+SUMIFS(Sheet2!E$2:E$241,Sheet2!$A$2:$A$241,"="&$B21,Sheet2!$B$2:$B$241,"<="&$Z$5))/(SUMIFS(Sheet1!$D$2:$D$241,Sheet1!$A$2:$A$241,"="&$B21,Sheet1!$B$2:$B$241,">="&$Y$5)+SUMIFS(Sheet1!$E$2:$E$241,Sheet1!$A$2:$A$241,"="&$B21,Sheet1!$B$2:$B$241,">="&$Y$5)+SUMIFS(Sheet2!$D$2:$D$241,Sheet2!$A$2:$A$241,"="&$B21,Sheet2!$B$2:$B$241,"<="&$Z$5)+SUMIFS(Sheet2!$E$2:$E$241,Sheet2!$A$2:$A$241,"="&$B21,Sheet2!$B$2:$B$241,"<="&$Z$5)))))/(SUMIFS(Sheet1!$C$2:$C$241,Sheet1!$A$2:$A$241,"="&$B21,Sheet1!$B$2:$B$241,">="&$Y$5)+SUMIFS(Sheet2!$C$2:$C$241,Sheet2!$A$2:$A$241,"="&$B21,Sheet2!$B$2:$B$241,"<="&$Z$5)) -> 254.80139
C50: Oil City Area School District | F50: =1634.12939264328-457.23 -> 1176.8994 | G50: =330.957378100941-140.6 -> 190.35738 | H50: =1836.017-625.26 -> 1210.757 | I50: =585.657510638298-309.45 -> 276.20751 | J50: =(SUMIFS(Sheet1!D$2:D$241,Sheet1!$A$2:$A$241,"="&$B22,Sheet1!$B$2:$B$241,">="&$Y$5)+SUMIFS(Sheet2!D$2:D$241,Sheet2!$A$2:$A$241,"="&$B22,Sheet2!$B$2:$B$241,"<="&$Z$5)+((SUMIFS(Sheet1!$F$2:$F$241,Sheet1!$A$2:$A$241,"="&$B22,Sheet1!$B$2:$B$241,">="&$Y$5)+SUMIFS(Sheet2!$F$2:$F$241,Sheet2!$A$2:$A$241,"="&$B22,Sheet2!$B$2:$B$241,"<="&$Z$5))*((SUMIFS(Sheet1!D$2:D$241,Sheet1!$A$2:$A$241,"="&$B22,Sheet1!$B$2:$B$241,">="&$Y$5)+SUMIFS(Sheet2!D$2:D$241,Sheet2!$A$2:$A$241,"="&$B22,Sheet2!$B$2:$B$241,"<="&$Z$5))/(SUMIFS(Sheet1!$D$2:$D$241,Sheet1!$A$2:$A$241,"="&$B22,Sheet1!$B$2:$B$241,">="&$Y$5)+SUMIFS(Sheet1!$E$2:$E$241,Sheet1!$A$2:$A$241,"="&$B22,Sheet1!$B$2:$B$241,">="&$Y$5)+SUMIFS(Sheet2!$D$2:$D$241,Sheet2!$A$2:$A$241,"="&$B22,Sheet2!$B$2:$B$241,"<="&$Z$5)+SUMIFS(Sheet2!$E$2:$E$241,Sheet2!$A$2:$A$241,"="&$B22,Sheet2!$B$2:$B$241,"<="&$Z$5)))))/(SUMIFS(Sheet1!$C$2:$C$241,Sheet1!$A$2:$A$241,"="&$B22,Sheet1!$B$2:$B$241,">="&$Y$5)+SUMIFS(Sheet2!$C$2:$C$241,Sheet2!$A$2:$A$241,"="&$B22,Sheet2!$B$2:$B$241,"<="&$Z$5)) -> 1172.442 | K50: =(SUMIFS(Sheet1!E$2:E$241,Sheet1!$A$2:$A$241,"="&$B22,Sheet1!$B$2:$B$241,">="&$Y$5)+SUMIFS(Sheet2!E$2:E$241,Sheet2!$A$2:$A$241,"="&$B22,Sheet2!$B$2:$B$241,"<="&$Z$5)+SUMIFS(Sheet1!$G$2:$G$241,Sheet1!$A$2:$A$241,"="&$B22,Sheet1!$B$2:$B$241,">="&$Y$5)+SUMIFS(Sheet2!$G$2:$G$241,Sheet2!$A$2:$A$241,"="&$B22,Sheet2!$B$2:$B$241,"<="&$Z$5)+((SUMIFS(Sheet1!$F$2:$F$241,Sheet1!$A$2:$A$241,"="&$B22,Sheet1!$B$2:$B$241,">="&$Y$5)+SUMIFS(Sheet2!$F$2:$F$241,Sheet2!$A$2:$A$241,"="&$B22,Sheet2!$B$2:$B$241,"<="&$Z$5))*((SUMIFS(Sheet1!E$2:E$241,Sheet1!$A$2:$A$241,"="&$B22,Sheet1!$B$2:$B$241,">="&$Y$5)+SUMIFS(Sheet2!E$2:E$241,Sheet2!$A$2:$A$241,"="&$B22,Sheet2!$B$2:$B$241,"<="&$Z$5))/(SUMIFS(Sheet1!$D$2:$D$241,Sheet1!$A$2:$A$241,"="&$B22,Sheet1!$B$2:$B$241,">="&$Y$5)+SUMIFS(Sheet1!$E$2:$E$241,Sheet1!$A$2:$A$241,"="&$B22,Sheet1!$B$2:$B$241,">="&$Y$5)+SUMIFS(Sheet2!$D$2:$D$241,Sheet2!$A$2:$A$241,"="&$B22,Sheet2!$B$2:$B$241,"<="&$Z$5)+SUMIFS(Sheet2!$E$2:$E$241,Sheet2!$A$2:$A$241,"="&$B22,Sheet2!$B$2:$B$241,"<="&$Z$5)))))/(SUMIFS(Sheet1!$C$2:$C$241,Sheet1!$A$2:$A$241,"="&$B22,Sheet1!$B$2:$B$241,">="&$Y$5)+SUMIFS(Sheet2!$C$2:$C$241,Sheet2!$A$2:$A$241,"="&$B22,Sheet2!$B$2:$B$241,"<="&$Z$5)) -> 359.41115
C51: Penncrest School District | F51: =1466.1293019874-273.1 -> 1193.0293 | G51: =517.28415899176-144.36 -> 372.92416 | H51: =2341.93778002018-903.58 -> 1438.3578 | I51: =674.734717457114-370.33 -> 304.40472 | J51: =(SUMIFS(Sheet1!D$2:D$241,Sheet1!$A$2:$A$241,"="&$B23,Sheet1!$B$2:$B$241,">="&$Y$5)+SUMIFS(Sheet2!D$2:D$241,Sheet2!$A$2:$A$241,"="&$B23,Sheet2!$B$2:$B$241,"<="&$Z$5)+((SUMIFS(Sheet1!$F$2:$F$241,Sheet1!$A$2:$A$241,"="&$B23,Sheet1!$B$2:$B$241,">="&$Y$5)+SUMIFS(Sheet2!$F$2:$F$241,Sheet2!$A$2:$A$241,"="&$B23,Sheet2!$B$2:$B$241,"<="&$Z$5))*((SUMIFS(Sheet1!D$2:D$241,Sheet1!$A$2:$A$241,"="&$B23,Sheet1!$B$2:$B$241,">="&$Y$5)+SUMIFS(Sheet2!D$2:D$241,Sheet2!$A$2:$A$241,"="&$B23,Sheet2!$B$2:$B$241,"<="&$Z$5))/(SUMIFS(Sheet1!$D$2:$D$241,Sheet1!$A$2:$A$241,"="&$B23,Sheet1!$B$2:$B$241,">="&$Y$5)+SUMIFS(Sheet1!$E$2:$E$241,Sheet1!$A$2:$A$241,"="&$B23,Sheet1!$B$2:$B$241,">="&$Y$5)+SUMIFS(Sheet2!$D$2:$D$241,Sheet2!$A$2:$A$241,"="&$B23,Sheet2!$B$2:$B$241,"<="&$Z$5)+SUMIFS(Sheet2!$E$2:$E$241,Sheet2!$A$2:$A$241,"="&$B23,Sheet2!$B$2:$B$241,"<="&$Z$5)))))/(SUMIFS(Sheet1!$C$2:$C$241,Sheet1!$A$2:$A$241,"="&$B23,Sheet1!$B$2:$B$241,">="&$Y$5)+SUMIFS(Sheet2!$C$2:$C$241,Sheet2!$A$2:$A$241,"="&$B23,Sheet2!$B$2:$B$241,"<="&$Z$5)) -> 1217.529 | K51: =(SUMIFS(Sheet1!E$2:E$241,Sheet1!$A$2:$A$241,"="&$B23,Sheet1!$B$2:$B$241,">="&$Y$5)+SUMIFS(Sheet2!E$2:E$241,Sheet2!$A$2:$A$241,"="&$B23,Sheet2!$B$2:$B$241,"<="&$Z$5)+SUMIFS(Sheet1!$G$2:$G$241,Sheet1!$A$2:$A$241,"="&$B23,Sheet1!$B$2:$B$241,">="&$Y$5)+SUMIFS(Sheet2!$G$2:$G$241,Sheet2!$A$2:$A$241,"="&$B23,Sheet2!$B$2:$B$241,"<="&$Z$5)+((SUMIFS(Sheet1!$F$2:$F$241,Sheet1!$A$2:$A$241,"="&$B23,Sheet1!$B$2:$B$241,">="&$Y$5)+SUMIFS(Sheet2!$F$2:$F$241,Sheet2!$A$2:$A$241,"="&$B23,Sheet2!$B$2:$B$241,"<="&$Z$5))*((SUMIFS(Sheet1!E$2:E$241,Sheet1!$A$2:$A$241,"="&$B23,Sheet1!$B$2:$B$241,">="&$Y$5)+SUMIFS(Sheet2!E$2:E$241,Sheet2!$A$2:$A$241,"="&$B23,Sheet2!$B$2:$B$241,"<="&$Z$5))/(SUMIFS(Sheet1!$D$2:$D$241,Sheet1!$A$2:$A$241,"="&$B23,Sheet1!$B$2:$B$241,">="&$Y$5)+SUMIFS(Sheet1!$E$2:$E$241,Sheet1!$A$2:$A$241,"="&$B23,Sheet1!$B$2:$B$241,">="&$Y$5)+SUMIFS(Sheet2!$D$2:$D$241,Sheet2!$A$2:$A$241,"="&$B23,Sheet2!$B$2:$B$241,"<="&$Z$5)+SUMIFS(Sheet2!$E$2:$E$241,Sheet2!$A$2:$A$241,"="&$B23,Sheet2!$B$2:$B$241,"<="&$Z$5)))))/(SUMIFS(Sheet1!$C$2:$C$241,Sheet1!$A$2:$A$241,"="&$B23,Sheet1!$B$2:$B$241,">="&$Y$5)+SUMIFS(Sheet2!$C$2:$C$241,Sheet2!$A$2:$A$241,"="&$B23,Sheet2!$B$2:$B$241,"<="&$Z$5)) -> 565.2957
C52: St Marys Area School District | F52: =962.050697095436-133.68 -> 828.3707 | G52: =505.98977593361-118.31 -> 387.67978 | H52: =1078.39096054889-118.92 -> 959.47096 | I52: =502.04385077187-165.36 -> 336.68385 | J52: =(SUMIFS(Sheet1!D$2:D$241,Sheet1!$A$2:$A$241,"="&$B24,Sheet1!$B$2:$B$241,">="&$Y$5)+SUMIFS(Sheet2!D$2:D$241,Sheet2!$A$2:$A$241,"="&$B24,Sheet2!$B$2:$B$241,"<="&$Z$5)+((SUMIFS(Sheet1!$F$2:$F$241,Sheet1!$A$2:$A$241,"="&$B24,Sheet1!$B$2:$B$241,">="&$Y$5)+SUMIFS(Sheet2!$F$2:$F$241,Sheet2!$A$2:$A$241,"="&$B24,Sheet2!$B$2:$B$241,"<="&$Z$5))*((SUMIFS(Sheet1!D$2:D$241,Sheet1!$A$2:$A$241,"="&$B24,Sheet1!$B$2:$B$241,">="&$Y$5)+SUMIFS(Sheet2!D$2:D$241,Sheet2!$A$2:$A$241,"="&$B24,Sheet2!$B$2:$B$241,"<="&$Z$5))/(SUMIFS(Sheet1!$D$2:$D$241,Sheet1!$A$2:$A$241,"="&$B24,Sheet1!$B$2:$B$241,">="&$Y$5)+SUMIFS(Sheet1!$E$2:$E$241,Sheet1!$A$2:$A$241,"="&$B24,Sheet1!$B$2:$B$241,">="&$Y$5)+SUMIFS(Sheet2!$D$2:$D$241,Sheet2!$A$2:$A$241,"="&$B24,Sheet2!$B$2:$B$241,"<="&$Z$5)+SUMIFS(Sheet2!$E$2:$E$241,Sheet2!$A$2:$A$241,"="&$B24,Sheet2!$B$2:$B$241,"<="&$Z$5)))))/(SUMIFS(Sheet1!$C$2:$C$241,Sheet1!$A$2:$A$241,"="&$B24,Sheet1!$B$2:$B$241,">="&$Y$5)+SUMIFS(Sheet2!$C$2:$C$241,Sheet2!$A$2:$A$241,"="&$B24,Sheet2!$B$2:$B$241,"<="&$Z$5)) -> 1179.2317 | K52: =(SUMIFS(Sheet1!E$2:E$241,Sheet1!$A$2:$A$241,"="&$B24,Sheet1!$B$2:$B$241,">="&$Y$5)+SUMIFS(Sheet2!E$2:E$241,Sheet2!$A$2:$A$241,"="&$B24,Sheet2!$B$2:$B$241,"<="&$Z$5)+SUMIFS(Sheet1!$G$2:$G$241,Sheet1!$A$2:$A$241,"="&$B24,Sheet1!$B$2:$B$241,">="&$Y$5)+SUMIFS(Sheet2!$G$2:$G$241,Sheet2!$A$2:$A$241,"="&$B24,Sheet2!$B$2:$B$241,"<="&$Z$5)+((SUMIFS(Sheet1!$F$2:$F$241,Sheet1!$A$2:$A$241,"="&$B24,Sheet1!$B$2:$B$241,">="&$Y$5)+SUMIFS(Sheet2!$F$2:$F$241,Sheet2!$A$2:$A$241,"="&$B24,Sheet2!$B$2:$B$241,"<="&$Z$5))*((SUMIFS(Sheet1!E$2:E$241,Sheet1!$A$2:$A$241,"="&$B24,Sheet1!$B$2:$B$241,">="&$Y$5)+SUMIFS(Sheet2!E$2:E$241,Sheet2!$A$2:$A$241,"="&$B24,Sheet2!$B$2:$B$241,"<="&$Z$5))/(SUMIFS(Sheet1!$D$2:$D$241,Sheet1!$A$2:$A$241,"="&$B24,Sheet1!$B$2:$B$241,">="&$Y$5)+SUMIFS(Sheet1!$E$2:$E$241,Sheet1!$A$2:$A$241,"="&$B24,Sheet1!$B$2:$B$241,">="&$Y$5)+SUMIFS(Sheet2!$D$2:$D$241,Sheet2!$A$2:$A$241,"="&$B24,Sheet2!$B$2:$B$241,"<="&$Z$5)+SUMIFS(Sheet2!$E$2:$E$241,Sheet2!$A$2:$A$241,"="&$B24,Sheet2!$B$2:$B$241,"<="&$Z$5)))))/(SUMIFS(Sheet1!$C$2:$C$241,Sheet1!$A$2:$A$241,"="&$B24,Sheet1!$B$2:$B$241,">="&$Y$5)+SUMIFS(Sheet2!$C$2:$C$241,Sheet2!$A$2:$A$241,"="&$B24,Sheet2!$B$2:$B$241,"<="&$Z$5)) -> 388.24508
C53: Valley Grove School District | F53: =803.502789165446-117.03 -> 686.47279 | G53: =389.095710102489-104.67 -> 284.42571 | H53: =843.90745933385-34.36 -> 809.54746 | I53: =459.72057319907-128.72 -> 331.00057 | J53: =(SUMIFS(Sheet1!D$2:D$241,Sheet1!$A$2:$A$241,"="&$B25,Sheet1!$B$2:$B$241,">="&$Y$5)+SUMIFS(Sheet2!D$2:D$241,Sheet2!$A$2:$A$241,"="&$B25,Sheet2!$B$2:$B$241,"<="&$Z$5)+((SUMIFS(Sheet1!$F$2:$F$241,Sheet1!$A$2:$A$241,"="&$B25,Sheet1!$B$2:$B$241,">="&$Y$5)+SUMIFS(Sheet2!$F$2:$F$241,Sheet2!$A$2:$A$241,"="&$B25,Sheet2!$B$2:$B$241,"<="&$Z$5))*((SUMIFS(Sheet1!D$2:D$241,Sheet1!$A$2:$A$241,"="&$B25,Sheet1!$B$2:$B$241,">="&$Y$5)+SUMIFS(Sheet2!D$2:D$241,Sheet2!$A$2:$A$241,"="&$B25,Sheet2!$B$2:$B$241,"<="&$Z$5))/(SUMIFS(Sheet1!$D$2:$D$241,Sheet1!$A$2:$A$241,"="&$B25,Sheet1!$B$2:$B$241,">="&$Y$5)+SUMIFS(Sheet1!$E$2:$E$241,Sheet1!$A$2:$A$241,"="&$B25,Sheet1!$B$2:$B$241,">="&$Y$5)+SUMIFS(Sheet2!$D$2:$D$241,Sheet2!$A$2:$A$241,"="&$B25,Sheet2!$B$2:$B$241,"<="&$Z$5)+SUMIFS(Sheet2!$E$2:$E$241,Sheet2!$A$2:$A$241,"="&$B25,Sheet2!$B$2:$B$241,"<="&$Z$5)))))/(SUMIFS(Sheet1!$C$2:$C$241,Sheet1!$A$2:$A$241,"="&$B25,Sheet1!$B$2:$B$241,">="&$Y$5)+SUMIFS(Sheet2!$C$2:$C$241,Sheet2!$A$2:$A$241,"="&$B25,Sheet2!$B$2:$B$241,"<="&$Z$5)) -> 1029.8441 | K53: =(SUMIFS(Sheet1!E$2:E$241,Sheet1!$A$2:$A$241,"="&$B25,Sheet1!$B$2:$B$241,">="&$Y$5)+SUMIFS(Sheet2!E$2:E$241,Sheet2!$A$2:$A$241,"="&$B25,Sheet2!$B$2:$B$241,"<="&$Z$5)+SUMIFS(Sheet1!$G$2:$G$241,Sheet1!$A$2:$A$241,"="&$B25,Sheet1!$B$2:$B$241,">="&$Y$5)+SUMIFS(Sheet2!$G$2:$G$241,Sheet2!$A$2:$A$241,"="&$B25,Sheet2!$B$2:$B$241,"<="&$Z$5)+((SUMIFS(Sheet1!$F$2:$F$241,Sheet1!$A$2:$A$241,"="&$B25,Sheet1!$B$2:$B$241,">="&$Y$5)+SUMIFS(Sheet2!$F$2:$F$241,Sheet2!$A$2:$A$241,"="&$B25,Sheet2!$B$2:$B$241,"<="&$Z$5))*((SUMIFS(Sheet1!E$2:E$241,Sheet1!$A$2:$A$241,"="&$B25,Sheet1!$B$2:$B$241,">="&$Y$5)+SUMIFS(Sheet2!E$2:E$241,Sheet2!$A$2:$A$241,"="&$B25,Sheet2!$B$2:$B$241,"<="&$Z$5))/(SUMIFS(Sheet1!$D$2:$D$241,Sheet1!$A$2:$A$241,"="&$B25,Sheet1!$B$2:$B$241,">="&$Y$5)+SUMIFS(Sheet1!$E$2:$E$241,Sheet1!$A$2:$A$241,"="&$B25,Sheet1!$B$2:$B$241,">="&$Y$5)+SUMIFS(Sheet2!$D$2:$D$241,Sheet2!$A$2:$A$241,"="&$B25,Sheet2!$B$2:$B$241,"<="&$Z$5)+SUMIFS(Sheet2!$E$2:$E$241,Sheet2!$A$2:$A$241,"="&$B25,Sheet2!$B$2:$B$241,"<="&$Z$5)))))/(SUMIFS(Sheet1!$C$2:$C$241,Sheet1!$A$2:$A$241,"="&$B25,Sheet1!$B$2:$B$241,">="&$Y$5)+SUMIFS(Sheet2!$C$2:$C$241,Sheet2!$A$2:$A$241,"="&$B25,Sheet2!$B$2:$B$241,"<="&$Z$5)) -> 302.01631
C54: Venango Technology Center | F54: =957.126553323029-123.32 -> 833.80655 | G54: =288.456816074189-85.16 -> 203.29682 | H54: =874.529360730594-43.65 -> 830.87936 | I54: =412.952785388128-130.61 -> 282.34279 | J54: =(SUMIFS(Sheet1!D$2:D$241,Sheet1!$A$2:$A$241,"="&$B26,Sheet1!$B$2:$B$241,">="&$Y$5)+SUMIFS(Sheet2!D$2:D$241,Sheet2!$A$2:$A$241,"="&$B26,Sheet2!$B$2:$B$241,"<="&$Z$5)+((SUMIFS(Sheet1!$F$2:$F$241,Sheet1!$A$2:$A$241,"="&$B26,Sheet1!$B$2:$B$241,">="&$Y$5)+SUMIFS(Sheet2!$F$2:$F$241,Sheet2!$A$2:$A$241,"="&$B26,Sheet2!$B$2:$B$241,"<="&$Z$5))*((SUMIFS(Sheet1!D$2:D$241,Sheet1!$A$2:$A$241,"="&$B26,Sheet1!$B$2:$B$241,">="&$Y$5)+SUMIFS(Sheet2!D$2:D$241,Sheet2!$A$2:$A$241,"="&$B26,Sheet2!$B$2:$B$241,"<="&$Z$5))/(SUMIFS(Sheet1!$D$2:$D$241,Sheet1!$A$2:$A$241,"="&$B26,Sheet1!$B$2:$B$241,">="&$Y$5)+SUMIFS(Sheet1!$E$2:$E$241,Sheet1!$A$2:$A$241,"="&$B26,Sheet1!$B$2:$B$241,">="&$Y$5)+SUMIFS(Sheet2!$D$2:$D$241,Sheet2!$A$2:$A$241,"="&$B26,Sheet2!$B$2:$B$241,"<="&$Z$5)+SUMIFS(Sheet2!$E$2:$E$241,Sheet2!$A$2:$A$241,"="&$B26,Sheet2!$B$2:$B$241,"<="&$Z$5)))))/(SUMIFS(Sheet1!$C$2:$C$241,Sheet1!$A$2:$A$241,"="&$B26,Sheet1!$B$2:$B$241,">="&$Y$5)+SUMIFS(Sheet2!$C$2:$C$241,Sheet2!$A$2:$A$241,"="&$B26,Sheet2!$B$2:$B$241,"<="&$Z$5)) -> 1042.469 | K54: =(SUMIFS(Sheet1!E$2:E$241,Sheet1!$A$2:$A$241,"="&$B26,Sheet1!$B$2:$B$241,">="&$Y$5)+SUMIFS(Sheet2!E$2:E$241,Sheet2!$A$2:$A$241,"="&$B26,Sheet2!$B$2:$B$241,"<="&$Z$5)+SUMIFS(Sheet1!$G$2:$G$241,Sheet1!$A$2:$A$241,"="&$B26,Sheet1!$B$2:$B$241,">="&$Y$5)+SUMIFS(Sheet2!$G$2:$G$241,Sheet2!$A$2:$A$241,"="&$B26,Sheet2!$B$2:$B$241,"<="&$Z$5)+((SUMIFS(Sheet1!$F$2:$F$241,Sheet1!$A$2:$A$241,"="&$B26,Sheet1!$B$2:$B$241,">="&$Y$5)+SUMIFS(Sheet2!$F$2:$F$241,Sheet2!$A$2:$A$241,"="&$B26,Sheet2!$B$2:$B$241,"<="&$Z$5))*((SUMIFS(Sheet1!E$2:E$241,Sheet1!$A$2:$A$241,"="&$B26,Sheet1!$B$2:$B$241,">="&$Y$5)+SUMIFS(Sheet2!E$2:E$241,Sheet2!$A$2:$A$241,"="&$B26,Sheet2!$B$2:$B$241,"<="&$Z$5))/(SUMIFS(Sheet1!$D$2:$D$241,Sheet1!$A$2:$A$241,"="&$B26,Sheet1!$B$2:$B$241,">="&$Y$5)+SUMIFS(Sheet1!$E$2:$E$241,Sheet1!$A$2:$A$241,"="&$B26,Sheet1!$B$2:$B$241,">="&$Y$5)+SUMIFS(Sheet2!$D$2:$D$241,Sheet2!$A$2:$A$241,"="&$B26,Sheet2!$B$2:$B$241,"<="&$Z$5)+SUMIFS(Sheet2!$E$2:$E$241,Sheet2!$A$2:$A$241,"="&$B26,Sheet2!$B$2:$B$241,"<="&$Z$5)))))/(SUMIFS(Sheet1!$C$2:$C$241,Sheet1!$A$2:$A$241,"="&$B26,Sheet1!$B$2:$B$241,">="&$Y$5)+SUMIFS(Sheet2!$C$2:$C$241,Sheet2!$A$2:$A$241,"="&$B26,Sheet2!$B$2:$B$241,"<="&$Z$5)) -> 421.62527
C55: Wattsburg Area School District | F55: =823.662509464575-229.45 -> 594.21251 | G55: =621.488810167658-221.13 -> 400.35881 | H55: =1046.83573369565-224.6 -> 822.23573 | I55: =741.274619565217-269.04 -> 472.23462 | J55: =(SUMIFS(Sheet1!D$2:D$241,Sheet1!$A$2:$A$241,"="&$B27,Sheet1!$B$2:$B$241,">="&$Y$5)+SUMIFS(Sheet2!D$2:D$241,Sheet2!$A$2:$A$241,"="&$B27,Sheet2!$B$2:$B$241,"<="&$Z$5)+((SUMIFS(Sheet1!$F$2:$F$241,Sheet1!$A$2:$A$241,"="&$B27,Sheet1!$B$2:$B$241,">="&$Y$5)+SUMIFS(Sheet2!$F$2:$F$241,Sheet2!$A$2:$A$241,"="&$B27,Sheet2!$B$2:$B$241,"<="&$Z$5))*((SUMIFS(Sheet1!D$2:D$241,Sheet1!$A$2:$A$241,"="&$B27,Sheet1!$B$2:$B$241,">="&$Y$5)+SUMIFS(Sheet2!D$2:D$241,Sheet2!$A$2:$A$241,"="&$B27,Sheet2!$B$2:$B$241,"<="&$Z$5))/(SUMIFS(Sheet1!$D$2:$D$241,Sheet1!$A$2:$A$241,"="&$B27,Sheet1!$B$2:$B$241,">="&$Y$5)+SUMIFS(Sheet1!$E$2:$E$241,Sheet1!$A$2:$A$241,"="&$B27,Sheet1!$B$2:$B$241,">="&$Y$5)+SUMIFS(Sheet2!$D$2:$D$241,Sheet2!$A$2:$A$241,"="&$B27,Sheet2!$B$2:$B$241,"<="&$Z$5)+SUMIFS(Sheet2!$E$2:$E$241,Sheet2!$A$2:$A$241,"="&$B27,Sheet2!$B$2:$B$241,"<="&$Z$5)))))/(SUMIFS(Sheet1!$C$2:$C$241,Sheet1!$A$2:$A$241,"="&$B27,Sheet1!$B$2:$B$241,">="&$Y$5)+SUMIFS(Sheet2!$C$2:$C$241,Sheet2!$A$2:$A$241,"="&$B27,Sheet2!$B$2:$B$241,"<="&$Z$5)) -> 994.13124 | K55: =(SUMIFS(Sheet1!E$2:E$241,Sheet1!$A$2:$A$241,"="&$B27,Sheet1!$B$2:$B$241,">="&$Y$5)+SUMIFS(Sheet2!E$2:E$241,Sheet2!$A$2:$A$241,"="&$B27,Sheet2!$B$2:$B$241,"<="&$Z$5)+SUMIFS(Sheet1!$G$2:$G$241,Sheet1!$A$2:$A$241,"="&$B27,Sheet1!$B$2:$B$241,">="&$Y$5)+SUMIFS(Sheet2!$G$2:$G$241,Sheet2!$A$2:$A$241,"="&$B27,Sheet2!$B$2:$B$241,"<="&$Z$5)+((SUMIFS(Sheet1!$F$2:$F$241,Sheet1!$A$2:$A$241,"="&$B27,Sheet1!$B$2:$B$241,">="&$Y$5)+SUMIFS(Sheet2!$F$2:$F$241,Sheet2!$A$2:$A$241,"="&$B27,Sheet2!$B$2:$B$241,"<="&$Z$5))*((SUMIFS(Sheet1!E$2:E$241,Sheet1!$A$2:$A$241,"="&$B27,Sheet1!$B$2:$B$241,">="&$Y$5)+SUMIFS(Sheet2!E$2:E$241,Sheet2!$A$2:$A$241,"="&$B27,Sheet2!$B$2:$B$241,"<="&$Z$5))/(SUMIFS(Sheet1!$D$2:$D$241,Sheet1!$A$2:$A$241,"="&$B27,Sheet1!$B$2:$B$241,">="&$Y$5)+SUMIFS(Sheet1!$E$2:$E$241,Sheet1!$A$2:$A$241,"="&$B27,Sheet1!$B$2:$B$241,">="&$Y$5)+SUMIFS(Sheet2!$D$2:$D$241,Sheet2!$A$2:$A$241,"="&$B27,Sheet2!$B$2:$B$241,"<="&$Z$5)+SUMIFS(Sheet2!$E$2:$E$241,Sheet2!$A$2:$A$241,"="&$B27,Sheet2!$B$2:$B$241,"<="&$Z$5)))))/(SUMIFS(Sheet1!$C$2:$C$241,Sheet1!$A$2:$A$241,"="&$B27,Sheet1!$B$2:$B$241,">="&$Y$5)+SUMIFS(Sheet2!$C$2:$C$241,Sheet2!$A$2:$A$241,"="&$B27,Sheet2!$B$2:$B$241,"<="&$Z$5)) -> 585.02627
C56: TOTAL TRUST | F56: =1154.02577362012-289.83 -> 864.19577 | G56: =438.896358829581-195.67 -> 243.22636 | H56: =1351.54339767313-74.05 -> 1277.4934 | I56: =528.107096969257-222.93 -> 305.1771 | J56: =(SUMIFS(Sheet1!D$2:D$241,Sheet1!$A$2:$A$241,"="&$B28,Sheet1!$B$2:$B$241,">="&$Y$5)+SUMIFS(Sheet2!D$2:D$241,Sheet2!$A$2:$A$241,"="&$B28,Sheet2!$B$2:$B$241,"<="&$Z$5)+((SUMIFS(Sheet1!$F$2:$F$241,Sheet1!$A$2:$A$241,"="&$B28,Sheet1!$B$2:$B$241,">="&$Y$5)+SUMIFS(Sheet2!$F$2:$F$241,Sheet2!$A$2:$A$241,"="&$B28,Sheet2!$B$2:$B$241,"<="&$Z$5))*((SUMIFS(Sheet1!D$2:D$241,Sheet1!$A$2:$A$241,"="&$B28,Sheet1!$B$2:$B$241,">="&$Y$5)+SUMIFS(Sheet2!D$2:D$241,Sheet2!$A$2:$A$241,"="&$B28,Sheet2!$B$2:$B$241,"<="&$Z$5))/(SUMIFS(Sheet1!$D$2:$D$241,Sheet1!$A$2:$A$241,"="&$B28,Sheet1!$B$2:$B$241,">="&$Y$5)+SUMIFS(Sheet1!$E$2:$E$241,Sheet1!$A$2:$A$241,"="&$B28,Sheet1!$B$2:$B$241,">="&$Y$5)+SUMIFS(Sheet2!$D$2:$D$241,Sheet2!$A$2:$A$241,"="&$B28,Sheet2!$B$2:$B$241,"<="&$Z$5)+SUMIFS(Sheet2!$E$2:$E$241,Sheet2!$A$2:$A$241,"="&$B28,Sheet2!$B$2:$B$241,"<="&$Z$5)))))/(SUMIFS(Sheet1!$C$2:$C$241,Sheet1!$A$2:$A$241,"="&$B28,Sheet1!$B$2:$B$241,">="&$Y$5)+SUMIFS(Sheet2!$C$2:$C$241,Sheet2!$A$2:$A$241,"="&$B28,Sheet2!$B$2:$B$241,"<="&$Z$5)) -> 1073.6676 | K56: =(SUMIFS(Sheet1!E$2:E$241,Sheet1!$A$2:$A$241,"="&$B28,Sheet1!$B$2:$B$241,">="&$Y$5)+SUMIFS(Sheet2!E$2:E$241,Sheet2!$A$2:$A$241,"="&$B28,Sheet2!$B$2:$B$241,"<="&$Z$5)+SUMIFS(Sheet1!$G$2:$G$241,Sheet1!$A$2:$A$241,"="&$B28,Sheet1!$B$2:$B$241,">="&$Y$5)+SUMIFS(Sheet2!$G$2:$G$241,Sheet2!$A$2:$A$241,"="&$B28,Sheet2!$B$2:$B$241,"<="&$Z$5)+((SUMIFS(Sheet1!$F$2:$F$241,Sheet1!$A$2:$A$241,"="&$B28,Sheet1!$B$2:$B$241,">="&$Y$5)+SUMIFS(Sheet2!$F$2:$F$241,Sheet2!$A$2:$A$241,"="&$B28,Sheet2!$B$2:$B$241,"<="&$Z$5))*((SUMIFS(Sheet1!E$2:E$241,Sheet1!$A$2:$A$241,"="&$B28,Sheet1!$B$2:$B$241,">="&$Y$5)+SUMIFS(Sheet2!E$2:E$241,Sheet2!$A$2:$A$241,"="&$B28,Sheet2!$B$2:$B$241,"<="&$Z$5))/(SUMIFS(Sheet1!$D$2:$D$241,Sheet1!$A$2:$A$241,"="&$B28,Sheet1!$B$2:$B$241,">="&$Y$5)+SUMIFS(Sheet1!$E$2:$E$241,Sheet1!$A$2:$A$241,"="&$B28,Sheet1!$B$2:$B$241,">="&$Y$5)+SUMIFS(Sheet2!$D$2:$D$241,Sheet2!$A$2:$A$241,"="&$B28,Sheet2!$B$2:$B$241,"<="&$Z$5)+SUMIFS(Sheet2!$E$2:$E$241,Sheet2!$A$2:$A$241,"="&$B28,Sheet2!$B$2:$B$241,"<="&$Z$5)))))/(SUMIFS(Sheet1!$C$2:$C$241,Sheet1!$A$2:$A$241,"="&$B28,Sheet1!$B$2:$B$241,">="&$Y$5)+SUMIFS(Sheet2!$C$2:$C$241,Sheet2!$A$2:$A$241,"="&$B28,Sheet2!$B$2:$B$241,"<="&$Z$5)) -> 361.90183
F59: =F56*1.2 -> 1037.0349
F60: =F59*1.2 -> 1244.4419

Sheet HCC Summary
B2: =Narrative!H5 -> NOREBT
B3: High Claimant Summary by District
B5: ='HCC Detail'!B5 -> Claims >$25,000, Mini-Pool Threshold $300,000
B6: =Addendum!E6 -> Claims Paid July 2024 through February 2025
B8: District | C8: District Spec. | D8: Members | E8: Members Over Spec. | F8: Avg. Cost / Claimant | G8: Claims Paid | H8: Total Over Spec. | I8: Mini-Pool | J8: Claims Exceeding Mini-Pool | K8: HMIG Paid Claims | L8: HMIG Outstanding
B9: ='HCC Data Entry'!I4 -> Conneaut School District | C9: ='HCC Data Entry'!J4 -> 68000 | D9: =COUNTIF('HCC Detail'!$B$9:$B$500,'HCC Summary'!$B9) -> 24 | E9: =COUNTIFS('HCC Detail'!$B$9:$B$500,'HCC Summary'!$B9,'HCC Detail'!$H$9:$H$500,">0") -> 9 | F9: =IFERROR(G9/D9,0) -> 73321.184 | G9: =SUMIF('HCC Detail'!$B$9:$B$500,'HCC Summary'!$B9,'HCC Detail'!$F$9:$F$500) -> 1759708.4 | H9: =SUMIF('HCC Detail'!$B$9:$B$500,'HCC Summary'!$B9,'HCC Detail'!$H$9:$H$500) -> 531070.79 | I9: =SUMIF('HCC Detail'!$B$9:$B$500,'HCC Summary'!$B9,'HCC Detail'!$I$9:$I$500) -> 531070.79 | J9: =SUMIF('HCC Detail'!$B$9:$B$500,'HCC Summary'!$B9,'HCC Detail'!$J$9:$J$500) -> 0 | K9: =SUMIF('HCC Detail'!$B$9:$B$200,'HCC Summary'!$B9,'HCC Detail'!$K$9:$K$200) -> 0 | L9: =SUMIF('HCC Detail'!$B$9:$B$200,'HCC Summary'!$B9,'HCC Detail'!$L$9:$L$200) -> 0
B10: ='HCC Data Entry'!I5 -> Corry Area School District | C10: ='HCC Data Entry'!J5 -> 68000 | D10: =COUNTIF('HCC Detail'!$B$9:$B$500,'HCC Summary'!$B10) -> 24 | E10: =COUNTIFS('HCC Detail'!$B$9:$B$500,'HCC Summary'!$B10,'HCC Detail'!$H$9:$H$500,">0") -> 8 | F10: =IFERROR(G10/D10,0) -> 66210.476 | G10: =SUMIF('HCC Detail'!$B$9:$B$500,'HCC Summary'!$B10,'HCC Detail'!$F$9:$F$500) -> 1589051.4 | H10: =SUMIF('HCC Detail'!$B$9:$B$500,'HCC Summary'!$B10,'HCC Detail'!$H$9:$H$500) -> 382353.83 | I10: =SUMIF('HCC Detail'!$B$9:$B$500,'HCC Summary'!$B10,'HCC Detail'!$I$9:$I$500) -> 382353.83 | J10: =SUMIF('HCC Detail'!$B$9:$B$500,'HCC Summary'!$B10,'HCC Detail'!$J$9:$J$500) -> 0 | K10: =SUMIF('HCC Detail'!$B$9:$B$200,'HCC Summary'!$B10,'HCC Detail'!$K$9:$K$200) -> 0 | L10: =SUMIF('HCC Detail'!$B$9:$B$200,'HCC Summary'!$B10,'HCC Detail'!$L$9:$L$200) -> 0
B11: ='HCC Data Entry'!I6 -> Crawford County Career & Technical Center | C11: ='HCC Data Entry'!J6 -> 50000 | D11: =COUNTIF('HCC Detail'!$B$9:$B$500,'HCC Summary'!$B11) -> 6 | E11: =COUNTIFS('HCC Detail'!$B$9:$B$500,'HCC Summary'!$B11,'HCC Detail'!$H$9:$H$500,">0") -> 1 | F11: =IFERROR(G11/D11,0) -> 40416.033 | G11: =SUMIF('HCC Detail'!$B$9:$B$500,'HCC Summary'!$B11,'HCC Detail'!$F$9:$F$500) -> 242496.2 | H11: =SUMIF('HCC Detail'!$B$9:$B$500,'HCC Summary'!$B11,'HCC Detail'!$H$9:$H$500) -> 28063.62 | I11: =SUMIF('HCC Detail'!$B$9:$B$500,'HCC Summary'!$B11,'HCC Detail'!$I$9:$I$500) -> 28063.62 | J11: =SUMIF('HCC Detail'!$B$9:$B$500,'HCC Summary'!$B11,'HCC Detail'!$J$9:$J$500) -> 0 | K11: =SUMIF('HCC Detail'!$B$9:$B$200,'HCC Summary'!$B11,'HCC Detail'!$K$9:$K$200) -> 0 | L11: =SUMIF('HCC Detail'!$B$9:$B$200,'HCC Summary'!$B11,'HCC Detail'!$L$9:$L$200) -> 0
B12: ='HCC Data Entry'!I7 -> Erie County Technical School | C12: ='HCC Data Entry'!J7 -> 50000 | D12: =COUNTIF('HCC Detail'!$B$9:$B$500,'HCC Summary'!$B12) -> 5 | E12: =COUNTIFS('HCC Detail'!$B$9:$B$500,'HCC Summary'!$B12,'HCC Detail'!$H$9:$H$500,">0") -> 3 | F12: =IFERROR(G12/D12,0) -> 69401.182 | G12: =SUMIF('HCC Detail'!$B$9:$B$500,'HCC Summary'!$B12,'HCC Detail'!$F$9:$F$500) -> 347005.91 | H12: =SUMIF('HCC Detail'!$B$9:$B$500,'HCC Summary'!$B12,'HCC Detail'!$H$9:$H$500) -> 110956.54 | I12: =SUMIF('HCC Detail'!$B$9:$B$500,'HCC Summary'!$B12,'HCC Detail'!$I$9:$I$500) -> 110956.54 | J12: =SUMIF('HCC Detail'!$B$9:$B$500,'HCC Summary'!$B12,'HCC Detail'!$J$9:$J$500) -> 0 | K12: =SUMIF('HCC Detail'!$B$9:$B$200,'HCC Summary'!$B12,'HCC Detail'!$K$9:$K$200) -> 0 | L12: =SUMIF('HCC Detail'!$B$9:$B$200,'HCC Summary'!$B12,'HCC Detail'!$L$9:$L$200) -> 0
B13: ='HCC Data Entry'!I8 -> Fairview School District | C13: ='HCC Data Entry'!J8 -> 68000 | D13: =COUNTIF('HCC Detail'!$B$9:$B$500,'HCC Summary'!$B13) -> 24 | E13: =COUNTIFS('HCC Detail'!$B$9:$B$500,'HCC Summary'!$B13,'HCC Detail'!$H$9:$H$500,">0") -> 12 | F13: =IFERROR(G13/D13,0) -> 134510.48 | G13: =SUMIF('HCC Detail'!$B$9:$B$500,'HCC Summary'!$B13,'HCC Detail'!$F$9:$F$500) -> 3228251.4 | H13: =SUMIF('HCC Detail'!$B$9:$B$500,'HCC Summary'!$B13,'HCC Detail'!$H$9:$H$500) -> 1875229.3 | I13: =SUMIF('HCC Detail'!$B$9:$B$500,'HCC Summary'!$B13,'HCC Detail'!$I$9:$I$500) -> 1053855.3 | J13: =SUMIF('HCC Detail'!$B$9:$B$500,'HCC Summary'!$B13,'HCC Detail'!$J$9:$J$500) -> 821373.99 | K13: =SUMIF('HCC Detail'!$B$9:$B$200,'HCC Summary'!$B13,'HCC Detail'!$K$9:$K$200) -> 0 | L13: =SUMIF('HCC Detail'!$B$9:$B$200,'HCC Summary'!$B13,'HCC Detail'!$L$9:$L$200) -> 0
B14: ='HCC Data Entry'!I9 -> Ft LeBoeuf School District | C14: ='HCC Data Entry'!J9 -> 85000 | D14: =COUNTIF('HCC Detail'!$B$9:$B$500,'HCC Summary'!$B14) -> 18 | E14: =COUNTIFS('HCC Detail'!$B$9:$B$500,'HCC Summary'!$B14,'HCC Detail'!$H$9:$H$500,">0") -> 6 | F14: =IFERROR(G14/D14,0) -> 104209.9 | G14: =SUMIF('HCC Detail'!$B$9:$B$500,'HCC Summary'!$B14,'HCC Detail'!$F$9:$F$500) -> 1875778.3 | H14: =SUMIF('HCC Detail'!$B$9:$B$500,'HCC Summary'!$B14,'HCC Detail'!$H$9:$H$500) -> 762730.32 | I14: =SUMIF('HCC Detail'!$B$9:$B$500,'HCC Summary'!$B14,'HCC Detail'!$I$9:$I$500) -> 465617.89 | J14: =SUMIF('HCC Detail'!$B$9:$B$500,'HCC Summary'!$B14,'HCC Detail'!$J$9:$J$500) -> 297112.43 | K14: =SUMIF('HCC Detail'!$B$9:$B$200,'HCC Summary'!$B14,'HCC Detail'!$K$9:$K$200) -> 0 | L14: =SUMIF('HCC Detail'!$B$9:$B$200,'HCC Summary'!$B14,'HCC Detail'!$L$9:$L$200) -> 0
B15: ='HCC Data Entry'!I10 -> Franklin Area School District | C15: ='HCC Data Entry'!J10 -> 85000 | D15: =COUNTIF('HCC Detail'!$B$9:$B$500,'HCC Summary'!$B15) -> 13 | E15: =COUNTIFS('HCC Detail'!$B$9:$B$500,'HCC Summary'!$B15,'HCC Detail'!$H$9:$H$500,">0") -> 5 | F15: =IFERROR(G15/D15,0) -> 89940.199 | G15: =SUMIF('HCC Detail'!$B$9:$B$500,'HCC Summary'!$B15,'HCC Detail'!$F$9:$F$500) -> 1169222.6 | H15: =SUMIF('HCC Detail'!$B$9:$B$500,'HCC Summary'!$B15,'HCC Detail'!$H$9:$H$500) -> 373100.03 | I15: =SUMIF('HCC Detail'!$B$9:$B$500,'HCC Summary'!$B15,'HCC Detail'!$I$9:$I$500) -> 324117.78 | J15: =SUMIF('HCC Detail'!$B$9:$B$500,'HCC Summary'!$B15,'HCC Detail'!$J$9:$J$500) -> 48982.25 | K15: =SUMIF('HCC Detail'!$B$9:$B$200,'HCC Summary'!$B15,'HCC Detail'!$K$9:$K$200) -> 0 | L15: =SUMIF('HCC Detail'!$B$9:$B$200,'HCC Summary'!$B15,'HCC Detail'!$L$9:$L$200) -> 0
B16: ='HCC Data Entry'!I11 -> Girard School District | C16: ='HCC Data Entry'!J11 -> 68000 | D16: =COUNTIF('HCC Detail'!$B$9:$B$500,'HCC Summary'!$B16) -> 17 | E16: =COUNTIFS('HCC Detail'!$B$9:$B$500,'HCC Summary'!$B16,'HCC Detail'!$H$9:$H$500,">0") -> 4 | F16: =IFERROR(G16/D16,0) -> 56185.511 | G16: =SUMIF('HCC Detail'!$B$9:$B$500,'HCC Summary'!$B16,'HCC Detail'!$F$9:$F$500) -> 955153.69 | H16: =SUMIF('HCC Detail'!$B$9:$B$500,'HCC Summary'!$B16,'HCC Detail'!$H$9:$H$500) -> 139749.03 | I16: =SUMIF('HCC Detail'!$B$9:$B$500,'HCC Summary'!$B16,'HCC Detail'!$I$9:$I$500) -> 139749.03 | J16: =SUMIF('HCC Detail'!$B$9:$B$500,'HCC Summary'!$B16,'HCC Detail'!$J$9:$J$500) -> 0 | K16: =SUMIF('HCC Detail'!$B$9:$B$200,'HCC Summary'!$B16,'HCC Detail'!$K$9:$K$200) -> 0 | L16: =SUMIF('HCC Detail'!$B$9:$B$200,'HCC Summary'!$B16,'HCC Detail'!$L$9:$L$200) -> 0
B17: ='HCC Data Entry'!I12 -> Harborcreek School District | C17: ='HCC Data Entry'!J12 -> 68000 | D17: =COUNTIF('HCC Detail'!$B$9:$B$500,'HCC Summary'!$B17) -> 25 | E17: =COUNTIFS('HCC Detail'!$B$9:$B$500,'HCC Summary'!$B17,'HCC Detail'!$H$9:$H$500,">0") -> 11 | F17: =IFERROR(G17/D17,0) -> 91228.345 | G17: =SUMIF('HCC Detail'!$B$9:$B$500,'HCC Summary'!$B17,'HCC Detail'!$F$9:$F$500) -> 2280708.6 | H17: =SUMIF('HCC Detail'!$B$9:$B$500,'HCC Summary'!$B17,'HCC Detail'!$H$9:$H$500) -> 960796.91 | I17: =SUMIF('HCC Detail'!$B$9:$B$500,'HCC Summary'!$B17,'HCC Detail'!$I$9:$I$500) -> 811352.76 | J17: =SUMIF('HCC Detail'!$B$9:$B$500,'HCC Summary'!$B17,'HCC Detail'!$J$9:$J$500) -> 149444.15 | K17: =SUMIF('HCC Detail'!$B$9:$B$200,'HCC Summary'!$B17,'HCC Detail'!$K$9:$K$200) -> 0 | L17: =SUMIF('HCC Detail'!$B$9:$B$200,'HCC Summary'!$B17,'HCC Detail'!$L$9:$L$200) -> 0
B18: ='HCC Data Entry'!I13 -> Iroquois School District | C18: ='HCC Data Entry'!J13 -> 68000 | D18: =COUNTIF('HCC Detail'!$B$9:$B$500,'HCC Summary'!$B18) -> 11 | E18: =COUNTIFS('HCC Detail'!$B$9:$B$500,'HCC Summary'!$B18,'HCC Detail'!$H$9:$H$500,">0") -> 2 | F18: =IFERROR(G18/D18,0) -> 81521.08 | G18: =SUMIF('HCC Detail'!$B$9:$B$500,'HCC Summary'!$B18,'HCC Detail'!$F$9:$F$500) -> 896731.88 | H18: =SUMIF('HCC Detail'!$B$9:$B$500,'HCC Summary'!$B18,'HCC Detail'!$H$9:$H$500) -> 361958.54 | I18: =SUMIF('HCC Detail'!$B$9:$B$500,'HCC Summary'!$B18,'HCC Detail'!$I$9:$I$500) -> 261056.38 | J18: =SUMIF('HCC Detail'!$B$9:$B$500,'HCC Summary'!$B18,'HCC Detail'!$J$9:$J$500) -> 100902.16 | K18: =SUMIF('HCC Detail'!$B$9:$B$200,'HCC Summary'!$B18,'HCC Detail'!$K$9:$K$200) -> 0 | L18: =SUMIF('HCC Detail'!$B$9:$B$200,'HCC Summary'!$B18,'HCC Detail'!$L$9:$L$200) -> 0
B19: ='HCC Data Entry'!I14 -> North East School District | C19: ='HCC Data Entry'!J14 -> 85000 | D19: =COUNTIF('HCC Detail'!$B$9:$B$500,'HCC Summary'!$B19) -> 8 | E19: =COUNTIFS('HCC Detail'!$B$9:$B$500,'HCC Summary'!$B19,'HCC Detail'!$H$9:$H$500,">0") -> 4 | F19: =IFERROR(G19/D19,0) -> 97958.196 | G19: =SUMIF('HCC Detail'!$B$9:$B$500,'HCC Summary'!$B19,'HCC Detail'!$F$9:$F$500) -> 783665.57 | H19: =SUMIF('HCC Detail'!$B$9:$B$500,'HCC Summary'!$B19,'HCC Detail'!$H$9:$H$500) -> 277621.23 | I19: =SUMIF('HCC Detail'!$B$9:$B$500,'HCC Summary'!$B19,'HCC Detail'!$I$9:$I$500) -> 277621.23 | J19: =SUMIF('HCC Detail'!$B$9:$B$500,'HCC Summary'!$B19,'HCC Detail'!$J$9:$J$500) -> 0 | K19: =SUMIF('HCC Detail'!$B$9:$B$200,'HCC Summary'!$B19,'HCC Detail'!$K$9:$K$200) -> 0 | L19: =SUMIF('HCC Detail'!$B$9:$B$200,'HCC Summary'!$B19,'HCC Detail'!$L$9:$L$200) -> 0
B20: ='HCC Data Entry'!I15 -> Northwestern School District | C20: ='HCC Data Entry'!J15 -> 75000 | D20: =COUNTIF('HCC Detail'!$B$9:$B$500,'HCC Summary'!$B20) -> 16 | E20: =COUNTIFS('HCC Detail'!$B$9:$B$500,'HCC Summary'!$B20,'HCC Detail'!$H$9:$H$500,">0") -> 7 | F20: =IFERROR(G20/D20,0) -> 145633.24 | G20: =SUMIF('HCC Detail'!$B$9:$B$500,'HCC Summary'!$B20,'HCC Detail'!$F$9:$F$500) -> 2330131.8 | H20: =SUMIF('HCC Detail'!$B$9:$B$500,'HCC Summary'!$B20,'HCC Detail'!$H$9:$H$500) -> 1375523.7 | I20: =SUMIF('HCC Detail'!$B$9:$B$500,'HCC Summary'!$B20,'HCC Detail'!$I$9:$I$500) -> 1011197.9 | J20: =SUMIF('HCC Detail'!$B$9:$B$500,'HCC Summary'!$B20,'HCC Detail'!$J$9:$J$500) -> 364325.79 | K20: =SUMIF('HCC Detail'!$B$9:$B$200,'HCC Summary'!$B20,'HCC Detail'!$K$9:$K$200) -> 0 | L20: =SUMIF('HCC Detail'!$B$9:$B$200,'HCC Summary'!$B20,'HCC Detail'!$L$9:$L$200) -> 0
... B27: ='HCC Data Entry'!I22 -> Wattsburg Area School District | C27: ='HCC Data Entry'!J22 -> 68000 | D27: =COUNTIF('HCC Detail'!$B$9:$B$500,'HCC Summary'!$B27) -> 23 | E27: =COUNTIFS('HCC Detail'!$B$9:$B$500,'HCC Summary'!$B27,'HCC Detail'!$H$9:$H$500,">0") -> 6 | F27: =IFERROR(G27/D27,0) -> 64538.648 | G27: =SUMIF('HCC Detail'!$B$9:$B$500,'HCC Summary'!$B27,'HCC Detail'!$F$9:$F$500) -> 1484388.9 | H27: =SUMIF('HCC Detail'!$B$9:$B$500,'HCC Summary'!$B27,'HCC Detail'!$H$9:$H$500) -> 332238.21 | I27: =SUMIF('HCC Detail'!$B$9:$B$500,'HCC Summary'!$B27,'HCC Detail'!$I$9:$I$500) -> 282802.75 | J27: =SUMIF('HCC Detail'!$B$9:$B$500,'HCC Summary'!$B27,'HCC Detail'!$J$9:$J$500) -> 49435.46 | K27: =SUMIF('HCC Detail'!$B$9:$B$200,'HCC Summary'!$B27,'HCC Detail'!$K$9:$K$200) -> 0 | L27: =SUMIF('HCC Detail'!$B$9:$B$200,'HCC Summary'!$B27,'HCC Detail'!$L$9:$L$200) -> 0
D28: =SUM(D9:D27) -> 331 | E28: =SUM(E9:E27) -> 103 | F28: =G28/D28 -> 85316.508 | G28: =SUM(G9:G27) -> 28239764 | H28: =SUM(H9:H27) -> 10550293 | I28: =SUM(I9:I27) -> 7792458.3 | J28: =SUM(J9:J27) -> 2757834.7 | K28: =SUM(K9:K27) -> 0 | L28: =SUM(L9:L27) -> 0

Sheet HCC Detail
B2: =Narrative!H5 -> NOREBT
B3: High Claimant Detail | N3: HCC Reporting Threshold: | O3: 25000
N4: Mini-Pool Spec: | O4: 300000
B5: ="Claims >"&DOLLAR($O$3,0)&", Mini-Pool Threshold "&DOLLAR($O$4,0) -> Claims >$25,000, Mini-Pool Threshold $300,000
B6: =Addendum!E6 -> Claims Paid July 2024 through February 2025
B8: District | C8: Member ID | D8: Status | E8: Relationship | F8: Claims Paid | G8: District Spec. | H8: Total Over Spec. | I8: Mini-Pool | J8: Claims Exceeding Mini-Pool | K8: HMIG Paid Claims | L8: HMIG Outstanding
B9: =IF('HCC Data Entry'!B4="","",'HCC Data Entry'!B4) -> Conneaut School District | C9: =IF('HCC Data Entry'!C4="","",'HCC Data Entry'!C4) -> 13579127 | D9: =IF('HCC Data Entry'!D4="","",'HCC Data Entry'!D4) -> Active | E9: =IF('HCC Data Entry'!E4="","",'HCC Data Entry'!E4) -> Self | F9: =IF('HCC Data Entry'!F4="","",'HCC Data Entry'!F4) -> 191499.65 | G9: =IFERROR(INDEX('HCC Data Entry'!$J$4:$J$22, MATCH('HCC Detail'!$B9,'HCC Data Entry'!$I$4:$I$22,0)),"") -> 68000 | H9: =IF(B9="","",IF(G9="Unknown", "", IF(F9>G9,F9-G9,0))) -> 123499.65 | I9: =IF(H9="","",IF(H9=0,0, IF(F9>$O$4,($O$4-G9),H9))) -> 123499.65 | J9: =IF(I9="","",IF(I9=0,0,IF(F9>$O$4,F9-$O$4,0))) -> 0 | L9: =IF(K9="","",IF(K9=0,0,J9-K9))
B10: =IF('HCC Data Entry'!B5="","",'HCC Data Entry'!B5) -> Conneaut School District | C10: =IF('HCC Data Entry'!C5="","",'HCC Data Entry'!C5) -> 13576849 | D10: =IF('HCC Data Entry'!D5="","",'HCC Data Entry'!D5) -> Retirees | E10: =IF('HCC Data Entry'!E5="","",'HCC Data Entry'!E5) -> Spouse | F10: =IF('HCC Data Entry'!F5="","",'HCC Data Entry'!F5) -> 164348.36 | G10: =IFERROR(INDEX('HCC Data Entry'!$J$4:$J$22, MATCH('HCC Detail'!$B10,'HCC Data Entry'!$I$4:$I$22,0)),"") -> 68000 | H10: =IF(B10="","",IF(G10="Unknown", "", IF(F10>G10,F10-G10,0))) -> 96348.36 | I10: =IF(H10="","",IF(H10=0,0, IF(F10>$O$4,($O$4-G10),H10))) -> 96348.36 | J10: =IF(I10="","",IF(I10=0,0,IF(F10>$O$4,F10-$O$4,0))) -> 0 | L10: =IF(K10="","",IF(K10=0,0,J10-K10))
B11: =IF('HCC Data Entry'!B6="","",'HCC Data Entry'!B6) -> Conneaut School District | C11: =IF('HCC Data Entry'!C6="","",'HCC Data Entry'!C6) -> 13579127 | D11: =IF('HCC Data Entry'!D6="","",'HCC Data Entry'!D6) -> Retirees | E11: =IF('HCC Data Entry'!E6="","",'HCC Data Entry'!E6) -> Self | F11: =IF('HCC Data Entry'!F6="","",'HCC Data Entry'!F6) -> 163590.32 | G11: =IFERROR(INDEX('HCC Data Entry'!$J$4:$J$22, MATCH('HCC Detail'!$B11,'HCC Data Entry'!$I$4:$I$22,0)),"") -> 68000 | H11: =IF(B11="","",IF(G11="Unknown", "", IF(F11>G11,F11-G11,0))) -> 95590.32 | I11: =IF(H11="","",IF(H11=0,0, IF(F11>$O$4,($O$4-G11),H11))) -> 95590.32 | J11: =IF(I11="","",IF(I11=0,0,IF(F11>$O$4,F11-$O$4,0))) -> 0 | L11: =IF(K11="","",IF(K11=0,0,J11-K11))
B12: =IF('HCC Data Entry'!B7="","",'HCC Data Entry'!B7) -> Conneaut School District | C12: =IF('HCC Data Entry'!C7="","",'HCC Data Entry'!C7) -> 13572964 | D12: =IF('HCC Data Entry'!D7="","",'HCC Data Entry'!D7) -> Retirees | E12: =IF('HCC Data Entry'!E7="","",'HCC Data Entry'!E7) -> Self | F12: =IF('HCC Data Entry'!F7="","",'HCC Data Entry'!F7) -> 154314.77 | G12: =IFERROR(INDEX('HCC Data Entry'!$J$4:$J$22, MATCH('HCC Detail'!$B12,'HCC Data Entry'!$I$4:$I$22,0)),"") -> 68000 | H12: =IF(B12="","",IF(G12="Unknown", "", IF(F12>G12,F12-G12,0))) -> 86314.77 | I12: =IF(H12="","",IF(H12=0,0, IF(F12>$O$4,($O$4-G12),H12))) -> 86314.77 | J12: =IF(I12="","",IF(I12=0,0,IF(F12>$O$4,F12-$O$4,0))) -> 0 | L12: =IF(K12="","",IF(K12=0,0,J12-K12))
B13: =IF('HCC Data Entry'!B8="","",'HCC Data Entry'!B8) -> Conneaut School District | C13: =IF('HCC Data Entry'!C8="","",'HCC Data Entry'!C8) -> 13574218 | D13: =IF('HCC Data Entry'!D8="","",'HCC Data Entry'!D8) -> Active | E13: =IF('HCC Data Entry'!E8="","",'HCC Data Entry'!E8) -> Spouse | F13: =IF('HCC Data Entry'!F8="","",'HCC Data Entry'!F8) -> 112057.83 | G13: =IFERROR(INDEX('HCC Data Entry'!$J$4:$J$22, MATCH('HCC Detail'!$B13,'HCC Data Entry'!$I$4:$I$22,0)),"") -> 68000 | H13: =IF(B13="","",IF(G13="Unknown", "", IF(F13>G13,F13-G13,0))) -> 44057.83 | I13: =IF(H13="","",IF(H13=0,0, IF(F13>$O$4,($O$4-G13),H13))) -> 44057.83 | J13: =IF(I13="","",IF(I13=0,0,IF(F13>$O$4,F13-$O$4,0))) -> 0 | L13: =IF(K13="","",IF(K13=0,0,J13-K13))
B14: =IF('HCC Data Entry'!B9="","",'HCC Data Entry'!B9) -> Conneaut School District | C14: =IF('HCC Data Entry'!C9="","",'HCC Data Entry'!C9) -> 26682617 | D14: =IF('HCC Data Entry'!D9="","",'HCC Data Entry'!D9) -> Active | E14: =IF('HCC Data Entry'!E9="","",'HCC Data Entry'!E9) -> Spouse | F14: =IF('HCC Data Entry'!F9="","",'HCC Data Entry'!F9) -> 106184.1 | G14: =IFERROR(INDEX('HCC Data Entry'!$J$4:$J$22, MATCH('HCC Detail'!$B14,'HCC Data Entry'!$I$4:$I$22,0)),"") -> 68000 | H14: =IF(B14="","",IF(G14="Unknown", "", IF(F14>G14,F14-G14,0))) -> 38184.1 | I14: =IF(H14="","",IF(H14=0,0, IF(F14>$O$4,($O$4-G14),H14))) -> 38184.1 | J14: =IF(I14="","",IF(I14=0,0,IF(F14>$O$4,F14-$O$4,0))) -> 0 | L14: =IF(K14="","",IF(K14=0,0,J14-K14))
B15: =IF('HCC Data Entry'!B10="","",'HCC Data Entry'!B10) -> Conneaut School District | C15: =IF('HCC Data Entry'!C10="","",'HCC Data Entry'!C10) -> 13578467 | D15: =IF('HCC Data Entry'!D10="","",'HCC Data Entry'!D10) -> Retirees | E15: =IF('HCC Data Entry'!E10="","",'HCC Data Entry'!E10) -> Self | F15: =IF('HCC Data Entry'!F10="","",'HCC Data Entry'!F10) -> 104682.97 | G15: =IFERROR(INDEX('HCC Data Entry'!$J$4:$J$22, MATCH('HCC Detail'!$B15,'HCC Data Entry'!$I$4:$I$22,0)),"") -> 68000 | H15: =IF(B15="","",IF(G15="Unknown", "", IF(F15>G15,F15-G15,0))) -> 36682.97 | I15: =IF(H15="","",IF(H15=0,0, IF(F15>$O$4,($O$4-G15),H15))) -> 36682.97 | J15: =IF(I15="","",IF(I15=0,0,IF(F15>$O$4,F15-$O$4,0))) -> 0 | L15: =IF(K15="","",IF(K15=0,0,J15-K15))
B16: =IF('HCC Data Entry'!B11="","",'HCC Data Entry'!B11) -> Conneaut School District | C16: =IF('HCC Data Entry'!C11="","",'HCC Data Entry'!C11) -> 13578467 | D16: =IF('HCC Data Entry'!D11="","",'HCC Data Entry'!D11) -> Active | E16: =IF('HCC Data Entry'!E11="","",'HCC Data Entry'!E11) -> Self | F16: =IF('HCC Data Entry'!F11="","",'HCC Data Entry'!F11) -> 75823.61 | G16: =IFERROR(INDEX('HCC Data Entry'!$J$4:$J$22, MATCH('HCC Detail'!$B16,'HCC Data Entry'!$I$4:$I$22,0)),"") -> 68000 | H16: =IF(B16="","",IF(G16="Unknown", "", IF(F16>G16,F16-G16,0))) -> 7823.61 | I16: =IF(H16="","",IF(H16=0,0, IF(F16>$O$4,($O$4-G16),H16))) -> 7823.61 | J16: =IF(I16="","",IF(I16=0,0,IF(F16>$O$4,F16-$O$4,0))) -> 0 | L16: =IF(K16="","",IF(K16=0,0,J16-K16))
B17: =IF('HCC Data Entry'!B12="","",'HCC Data Entry'!B12) -> Conneaut School District | C17: =IF('HCC Data Entry'!C12="","",'HCC Data Entry'!C12) -> 13569141 | D17: =IF('HCC Data Entry'!D12="","",'HCC Data Entry'!D12) -> Active | E17: =IF('HCC Data Entry'!E12="","",'HCC Data Entry'!E12) -> Self | F17: =IF('HCC Data Entry'!F12="","",'HCC Data Entry'!F12) -> 70569.18 | G17: =IFERROR(INDEX('HCC Data Entry'!$J$4:$J$22, MATCH('HCC Detail'!$B17,'HCC Data Entry'!$I$4:$I$22,0)),"") -> 68000 | H17: =IF(B17="","",IF(G17="Unknown", "", IF(F17>G17,F17-G17,0))) -> 2569.18 | I17: =IF(H17="","",IF(H17=0,0, IF(F17>$O$4,($O$4-G17),H17))) -> 2569.18 | J17: =IF(I17="","",IF(I17=0,0,IF(F17>$O$4,F17-$O$4,0))) -> 0 | L17: =IF(K17="","",IF(K17=0,0,J17-K17))
B18: =IF('HCC Data Entry'!B13="","",'HCC Data Entry'!B13) -> Conneaut School District | C18: =IF('HCC Data Entry'!C13="","",'HCC Data Entry'!C13) -> 13579116 | D18: =IF('HCC Data Entry'!D13="","",'HCC Data Entry'!D13) -> Active | E18: =IF('HCC Data Entry'!E13="","",'HCC Data Entry'!E13) -> Spouse | F18: =IF('HCC Data Entry'!F13="","",'HCC Data Entry'!F13) -> 67526.42 | G18: =IFERROR(INDEX('HCC Data Entry'!$J$4:$J$22, MATCH('HCC Detail'!$B18,'HCC Data Entry'!$I$4:$I$22,0)),"") -> 68000 | H18: =IF(B18="","",IF(G18="Unknown", "", IF(F18>G18,F18-G18,0))) -> 0 | I18: =IF(H18="","",IF(H18=0,0, IF(F18>$O$4,($O$4-G18),H18))) -> 0 | J18: =IF(I18="","",IF(I18=0,0,IF(F18>$O$4,F18-$O$4,0))) -> 0 | L18: =IF(K18="","",IF(K18=0,0,J18-K18))
B19: =IF('HCC Data Entry'!B14="","",'HCC Data Entry'!B14) -> Conneaut School District | C19: =IF('HCC Data Entry'!C14="","",'HCC Data Entry'!C14) -> 20433672 | D19: =IF('HCC Data Entry'!D14="","",'HCC Data Entry'!D14) -> Active | E19: =IF('HCC Data Entry'!E14="","",'HCC Data Entry'!E14) -> Child | F19: =IF('HCC Data Entry'!F14="","",'HCC Data Entry'!F14) -> 58396.69 | G19: =IFERROR(INDEX('HCC Data Entry'!$J$4:$J$22, MATCH('HCC Detail'!$B19,'HCC Data Entry'!$I$4:$I$22,0)),"") -> 68000 | H19: =IF(B19="","",IF(G19="Unknown", "", IF(F19>G19,F19-G19,0))) -> 0 | I19: =IF(H19="","",IF(H19=0,0, IF(F19>$O$4,($O$4-G19),H19))) -> 0 | J19: =IF(I19="","",IF(I19=0,0,IF(F19>$O$4,F19-$O$4,0))) -> 0 | L19: =IF(K19="","",IF(K19=0,0,J19-K19))
B20: =IF('HCC Data Entry'!B15="","",'HCC Data Entry'!B15) -> Conneaut School District | C20: =IF('HCC Data Entry'!C15="","",'HCC Data Entry'!C15) -> 13572893 | D20: =IF('HCC Data Entry'!D15="","",'HCC Data Entry'!D15) -> Retirees | E20: =IF('HCC Data Entry'!E15="","",'HCC Data Entry'!E15) -> Spouse | F20: =IF('HCC Data Entry'!F15="","",'HCC Data Entry'!F15) -> 55771.56 | G20: =IFERROR(INDEX('HCC Data Entry'!$J$4:$J$22, MATCH('HCC Detail'!$B20,'HCC Data Entry'!$I$4:$I$22,0)),"") -> 68000 | H20: =IF(B20="","",IF(G20="Unknown", "", IF(F20>G20,F20-G20,0))) -> 0 | I20: =IF(H20="","",IF(H20=0,0, IF(F20>$O$4,($O$4-G20),H20))) -> 0 | J20: =IF(I20="","",IF(I20=0,0,IF(F20>$O$4,F20-$O$4,0))) -> 0 | L20: =IF(K20="","",IF(K20=0,0,J20-K20))
... B200: =IF('HCC Data Entry'!B195="","",'HCC Data Entry'!B195) -> Northwest Tri-County Intermediate Unit #5 | C200: =IF('HCC Data Entry'!C195="","",'HCC Data Entry'!C195) -> 28109978 | D200: =IF('HCC Data Entry'!D195="","",'HCC Data Entry'!D195) -> Active | E200: =IF('HCC Data Entry'!E195="","",'HCC Data Entry'!E195) -> Child | F200: =IF('HCC Data Entry'!F195="","",'HCC Data Entry'!F195) -> 32320.88 | G200: =IFERROR(INDEX('HCC Data Entry'!$J$4:$J$22, MATCH('HCC Detail'!$B200,'HCC Data Entry'!$I$4:$I$22,0)),"") -> 95000 | H200: =IF(B200="","",IF(G200="Unknown", "", IF(F200>G200,F200-G200,0))) -> 0 | I200: =IF(H200="","",IF(H200=0,0, IF(F200>$O$4,($O$4-G200),H200))) -> 0 | J200: =IF(I200="","",IF(I200=0,0,IF(F200>$O$4,F200-$O$4,0))) -> 0 | L200: =IF(K200="","",IF(K200=0,0,J200-K200))
B201: =IF('HCC Data Entry'!B196="","",'HCC Data Entry'!B196) -> Northwest Tri-County Intermediate Unit #5 | C201: =IF('HCC Data Entry'!C196="","",'HCC Data Entry'!C196) -> 13602079 | D201: =IF('HCC Data Entry'!D196="","",'HCC Data Entry'!D196) -> Active | E201: =IF('HCC Data Entry'!E196="","",'HCC Data Entry'!E196) -> Spouse | F201: =IF('HCC Data Entry'!F196="","",'HCC Data Entry'!F196) -> 32176.29 | G201: =IFERROR(INDEX('HCC Data Entry'!$J$4:$J$22, MATCH('HCC Detail'!$B201,'HCC Data Entry'!$I$4:$I$22,0)),"") -> 95000 | H201: =IF(B201="","",IF(G201="Unknown", "", IF(F201>G201,F201-G201,0))) -> 0 | I201: =IF(H201="","",IF(H201=0,0, IF(F201>$O$4,($O$4-G201),H201))) -> 0 | J201: =IF(I201="","",IF(I201=0,0,IF(F201>$O$4,F201-$O$4,0))) -> 0
B202: =IF('HCC Data Entry'!B197="","",'HCC Data Entry'!B197) -> Northwest Tri-County Intermediate Unit #5 | C202: =IF('HCC Data Entry'!C197="","",'HCC Data Entry'!C197) -> 13608355 | D202: =IF('HCC Data Entry'!D197="","",'HCC Data Entry'!D197) -> Active | E202: =IF('HCC Data Entry'!E197="","",'HCC Data Entry'!E197) -> Spouse | F202: =IF('HCC Data Entry'!F197="","",'HCC Data Entry'!F197) -> 32037.66 | G202: =IFERROR(INDEX('HCC Data Entry'!$J$4:$J$22, MATCH('HCC Detail'!$B202,'HCC Data Entry'!$I$4:$I$22,0)),"") -> 95000 | H202: =IF(B202="","",IF(G202="Unknown", "", IF(F202>G202,F202-G202,0))) -> 0 | I202: =IF(H202="","",IF(H202=0,0, IF(F202>$O$4,($O$4-G202),H202))) -> 0 | J202: =IF(I202="","",IF(I202=0,0,IF(F202>$O$4,F202-$O$4,0))) -> 0
B203: =IF('HCC Data Entry'!B198="","",'HCC Data Entry'!B198) -> Northwest Tri-County Intermediate Unit #5 | C203: =IF('HCC Data Entry'!C198="","",'HCC Data Entry'!C198) -> 13610800 | D203: =IF('HCC Data Entry'!D198="","",'HCC Data Entry'!D198) -> Active | E203: =IF('HCC Data Entry'!E198="","",'HCC Data Entry'!E198) -> Self | F203: =IF('HCC Data Entry'!F198="","",'HCC Data Entry'!F198) -> 31489.52 | G203: =IFERROR(INDEX('HCC Data Entry'!$J$4:$J$22, MATCH('HCC Detail'!$B203,'HCC Data Entry'!$I$4:$I$22,0)),"") -> 95000 | H203: =IF(B203="","",IF(G203="Unknown", "", IF(F203>G203,F203-G203,0))) -> 0 | I203: =IF(H203="","",IF(H203=0,0, IF(F203>$O$4,($O$4-G203),H203))) -> 0 | J203: =IF(I203="","",IF(I203=0,0,IF(F203>$O$4,F203-$O$4,0))) -> 0
B204: =IF('HCC Data Entry'!B199="","",'HCC Data Entry'!B199) -> Northwest Tri-County Intermediate Unit #5 | C204: =IF('HCC Data Entry'!C199="","",'HCC Data Entry'!C199) -> 13594941 | D204: =IF('HCC Data Entry'!D199="","",'HCC Data Entry'!D199) -> Active | E204: =IF('HCC Data Entry'!E199="","",'HCC Data Entry'!E199) -> Self | F204: =IF('HCC Data Entry'!F199="","",'HCC Data Entry'!F199) -> 31456.86 | G204: =IFERROR(INDEX('HCC Data Entry'!$J$4:$J$22, MATCH('HCC Detail'!$B204,'HCC Data Entry'!$I$4:$I$22,0)),"") -> 95000 | H204: =IF(B204="","",IF(G204="Unknown", "", IF(F204>G204,F204-G204,0))) -> 0 | I204: =IF(H204="","",IF(H204=0,0, IF(F204>$O$4,($O$4-G204),H204))) -> 0 | J204: =IF(I204="","",IF(I204=0,0,IF(F204>$O$4,F204-$O$4,0))) -> 0
B205: =IF('HCC Data Entry'!B200="","",'HCC Data Entry'!B200) -> Northwest Tri-County Intermediate Unit #5 | C205: =IF('HCC Data Entry'!C200="","",'HCC Data Entry'!C200) -> 13607104 | D205: =IF('HCC Data Entry'!D200="","",'HCC Data Entry'!D200) -> Active | E205: =IF('HCC Data Entry'!E200="","",'HCC Data Entry'!E200) -> Child | F205: =IF('HCC Data Entry'!F200="","",'HCC Data Entry'!F200) -> 29905.94 | G205: =IFERROR(INDEX('HCC Data Entry'!$J$4:$J$22, MATCH('HCC Detail'!$B205,'HCC Data Entry'!$I$4:$I$22,0)),"") -> 95000 | H205: =IF(B205="","",IF(G205="Unknown", "", IF(F205>G205,F205-G205,0))) -> 0 | I205: =IF(H205="","",IF(H205=0,0, IF(F205>$O$4,($O$4-G205),H205))) -> 0 | J205: =IF(I205="","",IF(I205=0,0,IF(F205>$O$4,F205-$O$4,0))) -> 0
B206: =IF('HCC Data Entry'!B201="","",'HCC Data Entry'!B201) -> Northwest Tri-County Intermediate Unit #5 | C206: =IF('HCC Data Entry'!C201="","",'HCC Data Entry'!C201) -> 13601395 | D206: =IF('HCC Data Entry'!D201="","",'HCC Data Entry'!D201) -> Active | E206: =IF('HCC Data Entry'!E201="","",'HCC Data Entry'!E201) -> Child | F206: =IF('HCC Data Entry'!F201="","",'HCC Data Entry'!F201) -> 26576.47 | G206: =IFERROR(INDEX('HCC Data Entry'!$J$4:$J$22, MATCH('HCC Detail'!$B206,'HCC Data Entry'!$I$4:$I$22,0)),"") -> 95000 | H206: =IF(B206="","",IF(G206="Unknown", "", IF(F206>G206,F206-G206,0))) -> 0 | I206: =IF(H206="","",IF(H206=0,0, IF(F206>$O$4,($O$4-G206),H206))) -> 0 | J206: =IF(I206="","",IF(I206=0,0,IF(F206>$O$4,F206-$O$4,0))) -> 0
B207: =IF('HCC Data Entry'!B202="","",'HCC Data Entry'!B202) -> Northwest Tri-County Intermediate Unit #5 | C207: =IF('HCC Data Entry'!C202="","",'HCC Data Entry'!C202) -> 13602830 | D207: =IF('HCC Data Entry'!D202="","",'HCC Data Entry'!D202) -> Active | E207: =IF('HCC Data Entry'!E202="","",'HCC Data Entry'!E202) -> Self | F207: =IF('HCC Data Entry'!F202="","",'HCC Data Entry'!F202) -> 26274.68 | G207: =IFERROR(INDEX('HCC Data Entry'!$J$4:$J$22, MATCH('HCC Detail'!$B207,'HCC Data Entry'!$I$4:$I$22,0)),"") -> 95000 | H207: =IF(B207="","",IF(G207="Unknown", "", IF(F207>G207,F207-G207,0))) -> 0 | I207: =IF(H207="","",IF(H207=0,0, IF(F207>$O$4,($O$4-G207),H207))) -> 0 | J207: =IF(I207="","",IF(I207=0,0,IF(F207>$O$4,F207-$O$4,0))) -> 0
B208: =IF('HCC Data Entry'!B203="","",'HCC Data Entry'!B203) -> Northwest Tri-County Intermediate Unit #5 | C208: =IF('HCC Data Entry'!C203="","",'HCC Data Entry'!C203) -> 13607967 | D208: =IF('HCC Data Entry'!D203="","",'HCC Data Entry'!D203) -> Active | E208: =IF('HCC Data Entry'!E203="","",'HCC Data Entry'!E203) -> Child | F208: =IF('HCC Data Entry'!F203="","",'HCC Data Entry'!F203) -> 26173.99 | G208: =IFERROR(INDEX('HCC Data Entry'!$J$4:$J$22, MATCH('HCC Detail'!$B208,'HCC Data Entry'!$I$4:$I$22,0)),"") -> 95000 | H208: =IF(B208="","",IF(G208="Unknown", "", IF(F208>G208,F208-G208,0))) -> 0 | I208: =IF(H208="","",IF(H208=0,0, IF(F208>$O$4,($O$4-G208),H208))) -> 0 | J208: =IF(I208="","",IF(I208=0,0,IF(F208>$O$4,F208-$O$4,0))) -> 0
B209: =IF('HCC Data Entry'!B204="","",'HCC Data Entry'!B204) -> Northwest Tri-County Intermediate Unit #5 | C209: =IF('HCC Data Entry'!C204="","",'HCC Data Entry'!C204) -> 13603184 | D209: =IF('HCC Data Entry'!D204="","",'HCC Data Entry'!D204) -> Retiree | E209: =IF('HCC Data Entry'!E204="","",'HCC Data Entry'!E204) -> Self | F209: =IF('HCC Data Entry'!F204="","",'HCC Data Entry'!F204) -> 25400.25 | G209: =IFERROR(INDEX('HCC Data Entry'!$J$4:$J$22, MATCH('HCC Detail'!$B209,'HCC Data Entry'!$I$4:$I$22,0)),"") -> 95000 | H209: =IF(B209="","",IF(G209="Unknown", "", IF(F209>G209,F209-G209,0))) -> 0 | I209: =IF(H209="","",IF(H209=0,0, IF(F209>$O$4,($O$4-G209),H209))) -> 0 | J209: =IF(I209="","",IF(I209=0,0,IF(F209>$O$4,F209-$O$4,0))) -> 0
B210: =IF('HCC Data Entry'!B205="","",'HCC Data Entry'!B205) -> Northwestern School District | C210: =IF('HCC Data Entry'!C205="","",'HCC Data Entry'!C205) -> 13617410 | D210: =IF('HCC Data Entry'!D205="","",'HCC Data Entry'!D205) -> Active | E210: =IF('HCC Data Entry'!E205="","",'HCC Data Entry'!E205) -> Spouse | F210: =IF('HCC Data Entry'!F205="","",'HCC Data Entry'!F205) -> 527015.11 | G210: =IFERROR(INDEX('HCC Data Entry'!$J$4:$J$22, MATCH('HCC Detail'!$B210,'HCC Data Entry'!$I$4:$I$22,0)),"") -> 75000 | H210: =IF(B210="","",IF(G210="Unknown", "", IF(F210>G210,F210-G210,0))) -> 452015.11 | I210: =IF(H210="","",IF(H210=0,0, IF(F210>$O$4,($O$4-G210),H210))) -> 225000 | J210: =IF(I210="","",IF(I210=0,0,IF(F210>$O$4,F210-$O$4,0))) -> 227015.11
B211: =IF('HCC Data Entry'!B206="","",'HCC Data Entry'!B206) -> Northwestern School District | C211: =IF('HCC Data Entry'!C206="","",'HCC Data Entry'!C206) -> 13620341 | D211: =IF('HCC Data Entry'!D206="","",'HCC Data Entry'!D206) -> Active | E211: =IF('HCC Data Entry'!E206="","",'HCC Data Entry'!E206) -> Child | F211: =IF('HCC Data Entry'!F206="","",'HCC Data Entry'!F206) -> 411508.11 | G211: =IFERROR(INDEX('HCC Data Entry'!$J$4:$J$22, MATCH('HCC Detail'!$B211,'HCC Data Entry'!$I$4:$I$22,0)),"") -> 75000 | H211: =IF(B211="","",IF(G211="Unknown", "", IF(F211>G211,F211-G211,0))) -> 336508.11 | I211: =IF(H211="","",IF(H211=0,0, IF(F211>$O$4,($O$4-G211),H211))) -> 225000 | J211: =IF(I211="","",IF(I211=0,0,IF(F211>$O$4,F211-$O$4,0))) -> 111508.11
B212: =IF('HCC Data Entry'!B207="","",'HCC Data Entry'!B207) -> Northwestern School District | C212: =IF('HCC Data Entry'!C207="","",'HCC Data Entry'!C207) -> 13615725 | D212: =IF('HCC Data Entry'!D207="","",'HCC Data Entry'!D207) -> Active | E212: =IF('HCC Data Entry'!E207="","",'HCC Data Entry'!E207) -> Self | F212: =IF('HCC Data Entry'!F207="","",'HCC Data Entry'!F207) -> 325802.57 | G212: =IFERROR(INDEX('HCC Data Entry'!$J$4:$J$22, MATCH('HCC Detail'!$B212,'HCC Data Entry'!$I$4:$I$22,0)),"") -> 75000 | H212: =IF(B212="","",IF(G212="Unknown", "", IF(F212>G212,F212-G212,0))) -> 250802.57 | I212: =IF(H212="","",IF(H212=0,0, IF(F212>$O$4,($O$4-G212),H212))) -> 225000 | J212: =IF(I212="","",IF(I212=0,0,IF(F212>$O$4,F212-$O$4,0))) -> 25802.57
... B500: =IF('HCC Data Entry'!B495="","",'HCC Data Entry'!B495) | C500: =IF('HCC Data Entry'!C495="","",'HCC Data Entry'!C495) | D500: =IF('HCC Data Entry'!D495="","",'HCC Data Entry'!D495) | E500: =IF('HCC Data Entry'!E495="","",'HCC Data Entry'!E495) | F500: =IF('HCC Data Entry'!F495="","",'HCC Data Entry'!F495) | G500: =IFERROR(INDEX('HCC Data Entry'!$J$4:$J$22, MATCH('HCC Detail'!$B500,'HCC Data Entry'!$I$4:$I$22,0)),"") | H500: =IF(B500="","",IF(G500="Unknown", "", IF(F500>G500,F500-G500,0))) | I500: =IF(H500="","",IF(H500=0,0, IF(F500>$O$4,($O$4-G500),H500))) | J500: =IF(I500="","",IF(I500=0,0,IF(F500>$O$4,F500-$O$4,0)))

Sheet HCC Detail w Diag
B2: =Narrative!H5 -> NOREBT
B3: High Claimant Detail with Prevailing Diagnosis | T3: HCC Reporting Threshold: | U3: 150000
T4: Mini-Pool Spec: | U4: 300000
B5: ="Claims >"&DOLLAR($U$3,0)&", Mini-Pool Threshold "&DOLLAR($U$4,0) -> Claims >$150,000, Mini-Pool Threshold $300,000
B6: =Addendum!E6 -> Claims Paid July 2024 through February 2025
B8: District | C8: Member ID | D8: Member Age | E8: Member Gender | F8: Relationship | G8: Top Drug | H8: Last Enrolled Month | I8: Prevailing Diagnosis | J8: Medical Claims Paid | K8: Rx Claims Paid | L8: Total Claims Paid | M8: District Spec. | N8: Total Over Spec. | O8: Mini-Pool | P8: Claims Exceeding Mini-Pool | Q8: HMIG Paid Claims | R8: HMIG Outstanding
B9: Fairview School District | C9: 13576981 | D9: 43 | E9: F | F9: Spouse | G9: FLECAINIDE ACETATE | H9: 20250201 | I9: Other hemolytic-uremic syndrome | J9: 1008307.8 | K9: 1515.25 | L9: 1009823.1 | M9: =IFERROR(INDEX('HCC Data Entry'!$J$4:$J$22, MATCH('HCC Detail w Diag'!$B9,'HCC Data Entry'!$I$4:$I$22,0)),"") -> 68000 | N9: =IF(B9="","",IF(M9="Unknown", "", IF(L9>M9,L9-M9,0))) -> 941823.09 | O9: =IF(N9="","",IF(N9=0,0, IF(L9>$U$4,($U$4-M9),N9))) -> 232000 | P9: =IF(O9="","",IF(O9=0,0,IF(L9>$U$4,L9-$U$4,0))) -> 709823.09
B10: Northwest Tri-County Intermediate Unit #5 | C10: 13599805 | D10: 58 | E10: M | F10: Spouse | G10: OXYCONTIN | H10: 20250201 | I10: Encounter for antineoplastic chemotherapy | J10: 749018.21 | K10: 3112.31 | L10: 752130.52 | M10: =IFERROR(INDEX('HCC Data Entry'!$J$4:$J$22, MATCH('HCC Detail w Diag'!$B10,'HCC Data Entry'!$I$4:$I$22,0)),"") -> 95000 | N10: =IF(B10="","",IF(M10="Unknown", "", IF(L10>M10,L10-M10,0))) -> 657130.52 | O10: =IF(N10="","",IF(N10=0,0, IF(L10>$U$4,($U$4-M10),N10))) -> 205000 | P10: =IF(O10="","",IF(O10=0,0,IF(L10>$U$4,L10-$U$4,0))) -> 452130.52
B11: Ft LeBoeuf School District | C11: 13586691 | D11: 21 | E11: F | F11: Child | G11: CRYSELLE | H11: 20250201 | I11: Spinal muscular atrophy, unspecified | J11: 596534.32 | K11: 578.11 | L11: 597112.43 | M11: =IFERROR(INDEX('HCC Data Entry'!$J$4:$J$22, MATCH('HCC Detail w Diag'!$B11,'HCC Data Entry'!$I$4:$I$22,0)),"") -> 85000 | N11: =IF(B11="","",IF(M11="Unknown", "", IF(L11>M11,L11-M11,0))) -> 512112.43 | O11: =IF(N11="","",IF(N11=0,0, IF(L11>$U$4,($U$4-M11),N11))) -> 215000 | P11: =IF(O11="","",IF(O11=0,0,IF(L11>$U$4,L11-$U$4,0))) -> 297112.43 | R11: =IF(Q11="","",IF(Q11=0,0,P11-Q11))
B12: Northwestern School District | C12: 13617410 | D12: 41 | E12: F | F12: Spouse | G12: XOLAIR | H12: 20250201 | I12: Mast cell activation, unspecified | J12: 512451.36 | K12: 14563.75 | L12: 527015.11 | M12: =IFERROR(INDEX('HCC Data Entry'!$J$4:$J$22, MATCH('HCC Detail w Diag'!$B12,'HCC Data Entry'!$I$4:$I$22,0)),"") -> 75000 | N12: =IF(B12="","",IF(M12="Unknown", "", IF(L12>M12,L12-M12,0))) -> 452015.11 | O12: =IF(N12="","",IF(N12=0,0, IF(L12>$U$4,($U$4-M12),N12))) -> 225000 | P12: =IF(O12="","",IF(O12=0,0,IF(L12>$U$4,L12-$U$4,0))) -> 227015.11
B13: Northwest Tri-County Intermediate Unit #5 | C13: 13598360 | D13: 46 | E13: F | F13: Self | G13: ELIQUIS | H13: 20250201 | I13: Malignant neoplasm of unspecified ovary | J13: 515543.01 | K13: 4956.89 | L13: 520499.9 | M13: =IFERROR(INDEX('HCC Data Entry'!$J$4:$J$22, MATCH('HCC Detail w Diag'!$B13,'HCC Data Entry'!$I$4:$I$22,0)),"") -> 95000 | N13: =IF(B13="","",IF(M13="Unknown", "", IF(L13>M13,L13-M13,0))) -> 425499.9 | O13: =IF(N13="","",IF(N13=0,0, IF(L13>$U$4,($U$4-M13),N13))) -> 205000 | P13: =IF(O13="","",IF(O13=0,0,IF(L13>$U$4,L13-$U$4,0))) -> 220499.9
B14: Harborcreek School District | C14: 28859458 | D14: 65 | E14: M | F14: Spouse | G14: CABOMETYX | H14: 20250201 | I14: Encounter for antineoplastic immunotherapy | J14: 228962.07 | K14: 220482.08 | L14: 449444.15 | M14: =IFERROR(INDEX('HCC Data Entry'!$J$4:$J$22, MATCH('HCC Detail w Diag'!$B14,'HCC Data Entry'!$I$4:$I$22,0)),"") -> 68000 | N14: =IF(B14="","",IF(M14="Unknown", "", IF(L14>M14,L14-M14,0))) -> 381444.15 | O14: =IF(N14="","",IF(N14=0,0, IF(L14>$U$4,($U$4-M14),N14))) -> 232000 | P14: =IF(O14="","",IF(O14=0,0,IF(L14>$U$4,L14-$U$4,0))) -> 149444.15
B15: Penncrest School District | C15: 13612822 | D15: 62 | E15: F | F15: Self | G15: FOLIC ACID TAB 1000MCG | H15: 20240901 | I15: Acute myeloblastic leukemia, not having achieved remission | J15: 407944.28 | K15: 8951.45 | L15: 416895.73 | M15: =IFERROR(INDEX('HCC Data Entry'!$J$4:$J$22, MATCH('HCC Detail w Diag'!$B15,'HCC Data Entry'!$I$4:$I$22,0)),"") -> 110000 | N15: =IF(B15="","",IF(M15="Unknown", "", IF(L15>M15,L15-M15,0))) -> 306895.73 | O15: =IF(N15="","",IF(N15=0,0, IF(L15>$U$4,($U$4-M15),N15))) -> 190000 | P15: =IF(O15="","",IF(O15=0,0,IF(L15>$U$4,L15-$U$4,0))) -> 116895.73
B16: Fairview School District | C16: 28765391 | D16: 16 | E16: M | F16: Child | G16: MIPLYFFA | H16: 20250201 | I16: Aphasia | J16: 4713.8 | K16: 406837.1 | L16: 411550.9 | M16: =IFERROR(INDEX('HCC Data Entry'!$J$4:$J$22, MATCH('HCC Detail w Diag'!$B16,'HCC Data Entry'!$I$4:$I$22,0)),"") -> 68000 | N16: =IF(B16="","",IF(M16="Unknown", "", IF(L16>M16,L16-M16,0))) -> 343550.9 | O16: =IF(N16="","",IF(N16=0,0, IF(L16>$U$4,($U$4-M16),N16))) -> 232000 | P16: =IF(O16="","",IF(O16=0,0,IF(L16>$U$4,L16-$U$4,0))) -> 111550.9
B17: Northwestern School District | C17: 13620341 | D17: 11 | E17: M | F17: Child | G17: NONE | H17: 20250201 | I17: Primary hyperoxaluria | J17: 411508.11 | K17: 0 | L17: 411508.11 | M17: =IFERROR(INDEX('HCC Data Entry'!$J$4:$J$22, MATCH('HCC Detail w Diag'!$B17,'HCC Data Entry'!$I$4:$I$22,0)),"") -> 75000 | N17: =IF(B17="","",IF(M17="Unknown", "", IF(L17>M17,L17-M17,0))) -> 336508.11 | O17: =IF(N17="","",IF(N17=0,0, IF(L17>$U$4,($U$4-M17),N17))) -> 225000 | P17: =IF(O17="","",IF(O17=0,0,IF(L17>$U$4,L17-$U$4,0))) -> 111508.11
B18: Iroquois School District | C18: 13596686 | D18: 46 | E18: F | F18: Self | G18: CEFADROXIL | H18: 20250201 | I18: Malig neoplm of upper-outer quadrant of right female breast | J18: 398342.5 | K18: 2559.66 | L18: 400902.16 | M18: =IFERROR(INDEX('HCC Data Entry'!$J$4:$J$22, MATCH('HCC Detail w Diag'!$B18,'HCC Data Entry'!$I$4:$I$22,0)),"") -> 68000 | N18: =IF(B18="","",IF(M18="Unknown", "", IF(L18>M18,L18-M18,0))) -> 332902.16 | O18: =IF(N18="","",IF(N18=0,0, IF(L18>$U$4,($U$4-M18),N18))) -> 232000 | P18: =IF(O18="","",IF(O18=0,0,IF(L18>$U$4,L18-$U$4,0))) -> 100902.16
B19: Penncrest School District | C19: 13612274 | D19: 61 | E19: M | F19: Spouse | G19: REVLIMID CAP 15MG | H19: 20250201 | I19: Encounter for antineoplastic immunotherapy | J19: 270547.08 | K19: 110821.92 | L19: 381369 | M19: =IFERROR(INDEX('HCC Data Entry'!$J$4:$J$22, MATCH('HCC Detail w Diag'!$B19,'HCC Data Entry'!$I$4:$I$22,0)),"") -> 110000 | N19: =IF(B19="","",IF(M19="Unknown", "", IF(L19>M19,L19-M19,0))) -> 271369 | O19: =IF(N19="","",IF(N19=0,0, IF(L19>$U$4,($U$4-M19),N19))) -> 190000 | P19: =IF(O19="","",IF(O19=0,0,IF(L19>$U$4,L19-$U$4,0))) -> 81369
B20: Oil City Area School District | C20: 13615924 | D20: 33 | E20: M | F20: Spouse | G20: NONE | H20: 20250201 | I20: Paraplegia, complete | J20: 353371.51 | K20: 1991.77 | L20: 355363.28 | M20: =IFERROR(INDEX('HCC Data Entry'!$J$4:$J$22, MATCH('HCC Detail w Diag'!$B20,'HCC Data Entry'!$I$4:$I$22,0)),"") -> 85000 | N20: =IF(B20="","",IF(M20="Unknown", "", IF(L20>M20,L20-M20,0))) -> 270363.28 | O20: =IF(N20="","",IF(N20=0,0, IF(L20>$U$4,($U$4-M20),N20))) -> 215000 | P20: =IF(O20="","",IF(O20=0,0,IF(L20>$U$4,L20-$U$4,0))) -> 55363.28
B21: Conneaut School District | C21: 13579127 | D21: 63 | E21: F | F21: Self | G21: POMALYST | H21: 20250201 | I21: Encounter for antineoplastic chemotherapy | J21: 185050.37 | K21: 170039.6 | L21: 355089.97 | M21: =IFERROR(INDEX('HCC Data Entry'!$J$4:$J$22, MATCH('HCC Detail w Diag'!$B21,'HCC Data Entry'!$I$4:$I$22,0)),"") -> 68000 | N21: =IF(B21="","",IF(M21="Unknown", "", IF(L21>M21,L21-M21,0))) -> 287089.97 | O21: =IF(N21="","",IF(N21=0,0, IF(L21>$U$4,($U$4-M21),N21))) -> 232000 | P21: =IF(O21="","",IF(O21=0,0,IF(L21>$U$4,L21-$U$4,0))) -> 55089.97
B22: Wattsburg Area School District | C22: 13622150 | D22: 39 | E22: M | F22: Spouse | G22: TRIKAFTA | H22: 20250201 | I22: Cystic fibrosis, unspecified | J22: 1006.55 | K22: 348428.91 | L22: 349435.46 | M22: =IFERROR(INDEX('HCC Data Entry'!$J$4:$J$22, MATCH('HCC Detail w Diag'!$B22,'HCC Data Entry'!$I$4:$I$22,0)),"") -> 68000 | N22: =IF(B22="","",IF(M22="Unknown", "", IF(L22>M22,L22-M22,0))) -> 281435.46 | O22: =IF(N22="","",IF(N22=0,0, IF(L22>$U$4,($U$4-M22),N22))) -> 232000 | P22: =IF(O22="","",IF(O22=0,0,IF(L22>$U$4,L22-$U$4,0))) -> 49435.46
B23: Franklin Area School District | C23: 13596608 | D23: 65 | E23: M | F23: Spouse | G23: TRELEGY AER ELLIPTA | H23: 20250201 | I23: Encounter for antineoplastic immunotherapy | J23: 345036.25 | K23: 3946 | L23: 348982.25 | M23: =IFERROR(INDEX('HCC Data Entry'!$J$4:$J$22, MATCH('HCC Detail w Diag'!$B23,'HCC Data Entry'!$I$4:$I$22,0)),"") -> 85000 | N23: =IF(B23="","",IF(M23="Unknown", "", IF(L23>M23,L23-M23,0))) -> 263982.25 | O23: =IF(N23="","",IF(N23=0,0, IF(L23>$U$4,($U$4-M23),N23))) -> 215000 | P23: =IF(O23="","",IF(O23=0,0,IF(L23>$U$4,L23-$U$4,0))) -> 48982.25
... B27: Northwestern School District | C27: 13616521 | D27: 47 | E27: M | F27: Self | G27: NONE | H27: 20250201 | I27: Nontraumatic subarachnoid hemorrhage from l verteb art | J27: 232855.77 | K27: 223.61 | L27: 233079.38 | M27: =IFERROR(INDEX('HCC Data Entry'!$J$4:$J$22, MATCH('HCC Detail w Diag'!$B27,'HCC Data Entry'!$I$4:$I$22,0)),"") -> 75000 | N27: =IF(B27="","",IF(M27="Unknown", "", IF(L27>M27,L27-M27,0))) -> 158079.38 | O27: =IF(N27="","",IF(N27=0,0, IF(L27>$U$4,($U$4-M27),N27))) -> 158079.38 | P27: =IF(O27="","",IF(O27=0,0,IF(L27>$U$4,L27-$U$4,0))) -> 0
B28: Corry Area School District | C28: 13581822 | D28: 67 | E28: F | F28: Self | H28: 20250201 | I28: Leiomyoma of uterus, unspecified | J28: 145830.91 | K28: 84239.3 | L28: 230070.21 | M28: =IFERROR(INDEX('HCC Data Entry'!$J$4:$J$22, MATCH('HCC Detail w Diag'!$B28,'HCC Data Entry'!$I$4:$I$22,0)),"") -> 68000 | N28: =IF(B28="","",IF(M28="Unknown", "", IF(L28>M28,L28-M28,0))) -> 162070.21 | O28: =IF(N28="","",IF(N28=0,0, IF(L28>$U$4,($U$4-M28),N28))) -> 162070.21 | P28: =IF(O28="","",IF(O28=0,0,IF(L28>$U$4,L28-$U$4,0))) -> 0
B29: North East School District | C29: 13919704 | D29: 50 | E29: M | F29: Self | G29: MUPIROCIN | H29: 20250201 | I29: Athscl heart disease of native coronary artery w/o ang pctrs | J29: 210238.4 | K29: 9926.78 | L29: 220165.18 | M29: =IFERROR(INDEX('HCC Data Entry'!$J$4:$J$22, MATCH('HCC Detail w Diag'!$B29,'HCC Data Entry'!$I$4:$I$22,0)),"") -> 85000 | N29: =IF(B29="","",IF(M29="Unknown", "", IF(L29>M29,L29-M29,0))) -> 135165.18 | O29: =IF(N29="","",IF(N29=0,0, IF(L29>$U$4,($U$4-M29),N29))) -> 135165.18 | P29: =IF(O29="","",IF(O29=0,0,IF(L29>$U$4,L29-$U$4,0))) -> 0
B30: Penncrest School District | C30: 13597629 | D30: 59 | E30: M | F30: Self | G30: OMEPRAZOLE | H30: 20250201 | I30: Dvtrcli of lg int w perforation and abscess w/o bleeding | J30: 216332.68 | K30: 272.36 | L30: 216605.04 | M30: =IFERROR(INDEX('HCC Data Entry'!$J$4:$J$22, MATCH('HCC Detail w Diag'!$B30,'HCC Data Entry'!$I$4:$I$22,0)),"") -> 110000 | N30: =IF(B30="","",IF(M30="Unknown", "", IF(L30>M30,L30-M30,0))) -> 106605.04 | O30: =IF(N30="","",IF(N30=0,0, IF(L30>$U$4,($U$4-M30),N30))) -> 106605.04 | P30: =IF(O30="","",IF(O30=0,0,IF(L30>$U$4,L30-$U$4,0))) -> 0
B31: Harborcreek School District | C31: 13575653 | D31: 54 | E31: F | F31: Self | G31: DEXAMETHASONE | H31: 20250201 | I31: Benign neoplasm of cerebral meninges | J31: 208356.77 | K31: 1374.22 | L31: 209730.99 | M31: =IFERROR(INDEX('HCC Data Entry'!$J$4:$J$22, MATCH('HCC Detail w Diag'!$B31,'HCC Data Entry'!$I$4:$I$22,0)),"") -> 68000 | N31: =IF(B31="","",IF(M31="Unknown", "", IF(L31>M31,L31-M31,0))) -> 141730.99 | O31: =IF(N31="","",IF(N31=0,0, IF(L31>$U$4,($U$4-M31),N31))) -> 141730.99 | P31: =IF(O31="","",IF(O31=0,0,IF(L31>$U$4,L31-$U$4,0))) -> 0
B32: Fairview School District | C32: 29065602 | D32: 0 | E32: F | F32: Child | G32: ENOXAPARIN SODIUM | H32: 20250201 | I32: Coarctation of aorta | J32: 206578.15 | K32: 332.57 | L32: 206910.72 | M32: =IFERROR(INDEX('HCC Data Entry'!$J$4:$J$22, MATCH('HCC Detail w Diag'!$B32,'HCC Data Entry'!$I$4:$I$22,0)),"") -> 68000 | N32: =IF(B32="","",IF(M32="Unknown", "", IF(L32>M32,L32-M32,0))) -> 138910.72 | O32: =IF(N32="","",IF(N32=0,0, IF(L32>$U$4,($U$4-M32),N32))) -> 138910.72 | P32: =IF(O32="","",IF(O32=0,0,IF(L32>$U$4,L32-$U$4,0))) -> 0
B33: Penncrest School District | C33: 27877903 | D33: 46 | E33: F | F33: Self | G33: TRIKAFTA | H33: 20250201 | I33: Encounter for screening for malignant neoplasm of colon | J33: 9305.64 | K33: 192485.51 | L33: 201791.15 | M33: =IFERROR(INDEX('HCC Data Entry'!$J$4:$J$22, MATCH('HCC Detail w Diag'!$B33,'HCC Data Entry'!$I$4:$I$22,0)),"") -> 110000 | N33: =IF(B33="","",IF(M33="Unknown", "", IF(L33>M33,L33-M33,0))) -> 91791.15 | O33: =IF(N33="","",IF(N33=0,0, IF(L33>$U$4,($U$4-M33),N33))) -> 91791.15 | P33: =IF(O33="","",IF(O33=0,0,IF(L33>$U$4,L33-$U$4,0))) -> 0
B34: Fairview School District | C34: 13646024 | D34: 61 | E34: F | F34: Self | G34: RINVOQ TAB 15MG ER | H34: 20250201 | I34: Bilateral primary osteoarthritis of knee | J34: 145470.81 | K34: 54097.36 | L34: 199568.17 | M34: =IFERROR(INDEX('HCC Data Entry'!$J$4:$J$22, MATCH('HCC Detail w Diag'!$B34,'HCC Data Entry'!$I$4:$I$22,0)),"") -> 68000 | N34: =IF(B34="","",IF(M34="Unknown", "", IF(L34>M34,L34-M34,0))) -> 131568.17 | O34: =IF(N34="","",IF(N34=0,0, IF(L34>$U$4,($U$4-M34),N34))) -> 131568.17 | P34: =IF(O34="","",IF(O34=0,0,IF(L34>$U$4,L34-$U$4,0))) -> 0
B35: St Marys Area School District | C35: 13595491 | D35: 62 | E35: F | F35: Spouse | G35: ACTEMRA | H35: 20250201 | I35: Primary osteoarthritis, right shoulder | J35: 136563.87 | K35: 61829.24 | L35: 198393.11 | M35: =IFERROR(INDEX('HCC Data Entry'!$J$4:$J$22, MATCH('HCC Detail w Diag'!$B35,'HCC Data Entry'!$I$4:$I$22,0)),"") -> 85000 | N35: =IF(B35="","",IF(M35="Unknown", "", IF(L35>M35,L35-M35,0))) -> 113393.11 | O35: =IF(N35="","",IF(N35=0,0, IF(L35>$U$4,($U$4-M35),N35))) -> 113393.11 | P35: =IF(O35="","",IF(O35=0,0,IF(L35>$U$4,L35-$U$4,0))) -> 0
B36: Conneaut School District | C36: 13576849 | D36: 63 | E36: M | F36: Spouse | G36: LOSARTAN POTASSIUM | H36: 20250201 | I36: Malignant neoplasm of unsp kidney, except renal pelvis | J36: 194399.26 | K36: 245.17 | L36: 194644.43 | M36: =IFERROR(INDEX('HCC Data Entry'!$J$4:$J$22, MATCH('HCC Detail w Diag'!$B36,'HCC Data Entry'!$I$4:$I$22,0)),"") -> 68000 | N36: =IF(B36="","",IF(M36="Unknown", "", IF(L36>M36,L36-M36,0))) -> 126644.43 | O36: =IF(N36="","",IF(N36=0,0, IF(L36>$U$4,($U$4-M36),N36))) -> 126644.43 | P36: =IF(O36="","",IF(O36=0,0,IF(L36>$U$4,L36-$U$4,0))) -> 0
B37: Harborcreek School District | C37: 29033259 | D37: 48 | E37: F | F37: Spouse | G37: EMGALITY | H37: 20250201 | I37: Malignant neoplasm of supraglottis | J37: 187745.98 | K37: 4476.71 | L37: 192222.69 | M37: =IFERROR(INDEX('HCC Data Entry'!$J$4:$J$22, MATCH('HCC Detail w Diag'!$B37,'HCC Data Entry'!$I$4:$I$22,0)),"") -> 68000 | N37: =IF(B37="","",IF(M37="Unknown", "", IF(L37>M37,L37-M37,0))) -> 124222.69 | O37: =IF(N37="","",IF(N37=0,0, IF(L37>$U$4,($U$4-M37),N37))) -> 124222.69 | P37: =IF(O37="","",IF(O37=0,0,IF(L37>$U$4,L37-$U$4,0))) -> 0
B38: Northwest Tri-County Intermediate Unit #5 | C38: 13602238 | D38: 57 | E38: M | F38: Spouse | G38: DRONABINOL | H38: 20250101 | I38: Malignant neoplasm of pancreas, unspecified | J38: 185241.03 | K38: 6064.71 | L38: 191305.74 | M38: =IFERROR(INDEX('HCC Data Entry'!$J$4:$J$22, MATCH('HCC Detail w Diag'!$B38,'HCC Data Entry'!$I$4:$I$22,0)),"") -> 95000 | N38: =IF(B38="","",IF(M38="Unknown", "", IF(L38>M38,L38-M38,0))) -> 96305.74 | O38: =IF(N38="","",IF(N38=0,0, IF(L38>$U$4,($U$4-M38),N38))) -> 96305.74 | P38: =IF(O38="","",IF(O38=0,0,IF(L38>$U$4,L38-$U$4,0))) -> 0
B39: Penncrest School District | C39: 13601953 | D39: 36 | E39: F | F39: Spouse | G39: XYWAV SOL 0.5GM/ML | H39: 20250201 | I39: Hypersomnia, unspecified | J39: 4786.62 | K39: 180342.34 | L39: 185128.96 | M39: =IFERROR(INDEX('HCC Data Entry'!$J$4:$J$22, MATCH('HCC Detail w Diag'!$B39,'HCC Data Entry'!$I$4:$I$22,0)),"") -> 110000 | N39: =IF(B39="","",IF(M39="Unknown", "", IF(L39>M39,L39-M39,0))) -> 75128.96 | O39: =IF(N39="","",IF(N39=0,0, IF(L39>$U$4,($U$4-M39),N39))) -> 75128.96 | P39: =IF(O39="","",IF(O39=0,0,IF(L39>$U$4,L39-$U$4,0))) -> 0
B40: Conneaut School District | C40: 13578467 | D40: 58 | E40: M | F40: Self | G40: NONE | H40: 20250101 | I40: Esophageal varices with bleeding | J40: 179935.78 | K40: 570.8 | L40: 180506.58 | M40: =IFERROR(INDEX('HCC Data Entry'!$J$4:$J$22, MATCH('HCC Detail w Diag'!$B40,'HCC Data Entry'!$I$4:$I$22,0)),"") -> 68000 | N40: =IF(B40="","",IF(M40="Unknown", "", IF(L40>M40,L40-M40,0))) -> 112506.58 | O40: =IF(N40="","",IF(N40=0,0, IF(L40>$U$4,($U$4-M40),N40))) -> 112506.58 | P40: =IF(O40="","",IF(O40=0,0,IF(L40>$U$4,L40-$U$4,0))) -> 0
... B49: Conneaut School District | C49: 13572964 | D49: 59 | E49: F | F49: Self | G49: VERZENIO | H49: 20250201 | I49: Encounter for antineoplastic radiation therapy | J49: 11730.68 | K49: 142584.09 | L49: 154314.77 | M49: =IFERROR(INDEX('HCC Data Entry'!$J$4:$J$22, MATCH('HCC Detail w Diag'!$B49,'HCC Data Entry'!$I$4:$I$22,0)),"") -> 68000 | N49: =IF(B49="","",IF(M49="Unknown", "", IF(L49>M49,L49-M49,0))) -> 86314.77 | O49: =IF(N49="","",IF(N49=0,0, IF(L49>$U$4,($U$4-M49),N49))) -> 86314.77 | P49: =IF(O49="","",IF(O49=0,0,IF(L49>$U$4,L49-$U$4,0))) -> 0
J50: =SUM(J9:J49) -> 9819575.8 | K50: =SUM(K9:K49) -> 2670506.5 | L50: =SUM(L9:L49) -> 12490082 | M50: =IFERROR(INDEX('HCC Data Entry'!$J$4:$J$22, MATCH('HCC Detail w Diag'!$B50,'HCC Data Entry'!$I$4:$I$22,0)),"") | N50: =SUM(N9:N49) -> 9191082.4 | O50: =SUM(O9:O49) -> 6378157.7 | P50: =SUM(P9:P49) -> 2812924.6
M51: =IFERROR(INDEX('HCC Data Entry'!$J$4:$J$22, MATCH('HCC Detail w Diag'!$B51,'HCC Data Entry'!$I$4:$I$22,0)),"") | N51: =IF(B51="","",IF(M51="Unknown", "", IF(L51>M51,L51-M51,0))) | O51: =IF(N51="","",IF(N51=0,0, IF(L51>$U$4,($U$4-M51),N51))) | P51: =IF(O51="","",IF(O51=0,0,IF(L51>$U$4,L51-$U$4,0)))
M52: =IFERROR(INDEX('HCC Data Entry'!$J$4:$J$22, MATCH('HCC Detail w Diag'!$B52,'HCC Data Entry'!$I$4:$I$22,0)),"") | N52: =IF(B52="","",IF(M52="Unknown", "", IF(L52>M52,L52-M52,0))) | O52: =IF(N52="","",IF(N52=0,0, IF(L52>$U$4,($U$4-M52),N52))) | P52: =IF(O52="","",IF(O52=0,0,IF(L52>$U$4,L52-$U$4,0)))
M53: =IFERROR(INDEX('HCC Data Entry'!$J$4:$J$22, MATCH('HCC Detail w Diag'!$B53,'HCC Data Entry'!$I$4:$I$22,0)),"") | N53: =IF(B53="","",IF(M53="Unknown", "", IF(L53>M53,L53-M53,0))) | O53: =IF(N53="","",IF(N53=0,0, IF(L53>$U$4,($U$4-M53),N53))) | P53: =IF(O53="","",IF(O53=0,0,IF(L53>$U$4,L53-$U$4,0)))
M54: =IFERROR(INDEX('HCC Data Entry'!$J$4:$J$22, MATCH('HCC Detail w Diag'!$B54,'HCC Data Entry'!$I$4:$I$22,0)),"") | N54: =IF(B54="","",IF(M54="Unknown", "", IF(L54>M54,L54-M54,0))) | O54: =IF(N54="","",IF(N54=0,0, IF(L54>$U$4,($U$4-M54),N54))) | P54: =IF(O54="","",IF(O54=0,0,IF(L54>$U$4,L54-$U$4,0)))
M55: =IFERROR(INDEX('HCC Data Entry'!$J$4:$J$22, MATCH('HCC Detail w Diag'!$B55,'HCC Data Entry'!$I$4:$I$22,0)),"") | N55: =IF(B55="","",IF(M55="Unknown", "", IF(L55>M55,L55-M55,0))) | O55: =IF(N55="","",IF(N55=0,0, IF(L55>$U$4,($U$4-M55),N55))) | P55: =IF(O55="","",IF(O55=0,0,IF(L55>$U$4,L55-$U$4,0)))
M56: =IFERROR(INDEX('HCC Data Entry'!$J$4:$J$22, MATCH('HCC Detail w Diag'!$B56,'HCC Data Entry'!$I$4:$I$22,0)),"") | N56: =IF(B56="","",IF(M56="Unknown", "", IF(L56>M56,L56-M56,0))) | O56: =IF(N56="","",IF(N56=0,0, IF(L56>$U$4,($U$4-M56),N56))) | P56: =IF(O56="","",IF(O56=0,0,IF(L56>$U$4,L56-$U$4,0)))
M57: =IFERROR(INDEX('HCC Data Entry'!$J$4:$J$22, MATCH('HCC Detail w Diag'!$B57,'HCC Data Entry'!$I$4:$I$22,0)),"") | N57: =IF(B57="","",IF(M57="Unknown", "", IF(L57>M57,L57-M57,0))) | O57: =IF(N57="","",IF(N57=0,0, IF(L57>$U$4,($U$4-M57),N57))) | P57: =IF(O57="","",IF(O57=0,0,IF(L57>$U$4,L57-$U$4,0)))
M58: =IFERROR(INDEX('HCC Data Entry'!$J$4:$J$22, MATCH('HCC Detail w Diag'!$B58,'HCC Data Entry'!$I$4:$I$22,0)),"") | N58: =IF(B58="","",IF(M58="Unknown", "", IF(L58>M58,L58-M58,0))) | O58: =IF(N58="","",IF(N58=0,0, IF(L58>$U$4,($U$4-M58),N58))) | P58: =IF(O58="","",IF(O58=0,0,IF(L58>$U$4,L58-$U$4,0)))
M59: =IFERROR(INDEX('HCC Data Entry'!$J$4:$J$22, MATCH('HCC Detail w Diag'!$B59,'HCC Data Entry'!$I$4:$I$22,0)),"") | N59: =IF(B59="","",IF(M59="Unknown", "", IF(L59>M59,L59-M59,0))) | O59: =IF(N59="","",IF(N59=0,0, IF(L59>$U$4,($U$4-M59),N59))) | P59: =IF(O59="","",IF(O59=0,0,IF(L59>$U$4,L59-$U$4,0)))
M60: =IFERROR(INDEX('HCC Data Entry'!$J$4:$J$22, MATCH('HCC Detail w Diag'!$B60,'HCC Data Entry'!$I$4:$I$22,0)),"") | N60: =IF(B60="","",IF(M60="Unknown", "", IF(L60>M60,L60-M60,0))) | O60: =IF(N60="","",IF(N60=0,0, IF(L60>$U$4,($U$4-M60),N60))) | P60: =IF(O60="","",IF(O60=0,0,IF(L60>$U$4,L60-$U$4,0)))
M61: =IFERROR(INDEX('HCC Data Entry'!$J$4:$J$22, MATCH('HCC Detail w Diag'!$B61,'HCC Data Entry'!$I$4:$I$22,0)),"") | N61: =IF(B61="","",IF(M61="Unknown", "", IF(L61>M61,L61-M61,0))) | O61: =IF(N61="","",IF(N61=0,0, IF(L61>$U$4,($U$4-M61),N61))) | P61: =IF(O61="","",IF(O61=0,0,IF(L61>$U$4,L61-$U$4,0)))
M62: =IFERROR(INDEX('HCC Data Entry'!$J$4:$J$22, MATCH('HCC Detail w Diag'!$B62,'HCC Data Entry'!$I$4:$I$22,0)),"") | N62: =IF(B62="","",IF(M62="Unknown", "", IF(L62>M62,L62-M62,0))) | O62: =IF(N62="","",IF(N62=0,0, IF(L62>$U$4,($U$4-M62),N62))) | P62: =IF(O62="","",IF(O62=0,0,IF(L62>$U$4,L62-$U$4,0)))
... M130: =IFERROR(INDEX('HCC Data Entry'!$J$4:$J$22, MATCH('HCC Detail w Diag'!$B130,'HCC Data Entry'!$I$4:$I$22,0)),"") | N130: =IF(B130="","",IF(M130="Unknown", "", IF(L130>M130,L130-M130,0))) | O130: =IF(N130="","",IF(N130=0,0, IF(L130>$U$4,($U$4-M130),N130))) | P130: =IF(O130="","",IF(O130=0,0,IF(L130>$U$4,L130-$U$4,0)))
M131: =IFERROR(INDEX('HCC Data Entry'!$J$4:$J$22, MATCH('HCC Detail w Diag'!$B131,'HCC Data Entry'!$I$4:$I$22,0)),"") | N131: =IF(B131="","",IF(M131="Unknown", "", IF(L131>M131,L131-M131,0))) | O131: =IF(N131="","",IF(N131=0,0, IF(L131>$U$4,($U$4-M131),N131))) | P131: =IF(O131="","",IF(O131=0,0,IF(L131>$U$4,L131-$U$4,0))) | R131: =IF(Q131="","",IF(Q131=0,0,#REF!-Q131))
M132: =IFERROR(INDEX('HCC Data Entry'!$J$4:$J$22, MATCH('HCC Detail w Diag'!$B132,'HCC Data Entry'!$I$4:$I$22,0)),"") | N132: =IF(B132="","",IF(M132="Unknown", "", IF(L132>M132,L132-M132,0))) | O132: =IF(N132="","",IF(N132=0,0, IF(L132>$U$4,($U$4-M132),N132))) | P132: =IF(O132="","",IF(O132=0,0,IF(L132>$U$4,L132-$U$4,0))) | R132: =IF(Q132="","",IF(Q132=0,0,#REF!-Q132))
M133: =IFERROR(INDEX('HCC Data Entry'!$J$4:$J$22, MATCH('HCC Detail w Diag'!$B133,'HCC Data Entry'!$I$4:$I$22,0)),"") | N133: =IF(B133="","",IF(M133="Unknown", "", IF(L133>M133,L133-M133,0))) | O133: =IF(N133="","",IF(N133=0,0, IF(L133>$U$4,($U$4-M133),N133))) | P133: =IF(O133="","",IF(O133=0,0,IF(L133>$U$4,L133-$U$4,0))) | R133: =IF(Q133="","",IF(Q133=0,0,#REF!-Q133))
M134: =IFERROR(INDEX('HCC Data Entry'!$J$4:$J$22, MATCH('HCC Detail w Diag'!$B134,'HCC Data Entry'!$I$4:$I$22,0)),"") | N134: =IF(B134="","",IF(M134="Unknown", "", IF(L134>M134,L134-M134,0))) | O134: =IF(N134="","",IF(N134=0,0, IF(L134>$U$4,($U$4-M134),N134))) | P134: =IF(O134="","",IF(O134=0,0,IF(L134>$U$4,L134-$U$4,0))) | R134: =IF(Q134="","",IF(Q134=0,0,#REF!-Q134))
M135: =IFERROR(INDEX('HCC Data Entry'!$J$4:$J$22, MATCH('HCC Detail w Diag'!$B135,'HCC Data Entry'!$I$4:$I$22,0)),"") | N135: =IF(B135="","",IF(M135="Unknown", "", IF(L135>M135,L135-M135,0))) | O135: =IF(N135="","",IF(N135=0,0, IF(L135>$U$4,($U$4-M135),N135))) | P135: =IF(O135="","",IF(O135=0,0,IF(L135>$U$4,L135-$U$4,0))) | R135: =IF(Q135="","",IF(Q135=0,0,P50-Q135))
M136: =IFERROR(INDEX('HCC Data Entry'!$J$4:$J$22, MATCH('HCC Detail w Diag'!$B136,'HCC Data Entry'!$I$4:$I$22,0)),"") | N136: =IF(B136="","",IF(M136="Unknown", "", IF(L136>M136,L136-M136,0))) | O136: =IF(N136="","",IF(N136=0,0, IF(L136>$U$4,($U$4-M136),N136))) | P136: =IF(O136="","",IF(O136=0,0,IF(L136>$U$4,L136-$U$4,0))) | R136: =IF(Q136="","",IF(Q136=0,0,#REF!-Q136))
M137: =IFERROR(INDEX('HCC Data Entry'!$J$4:$J$22, MATCH('HCC Detail w Diag'!$B137,'HCC Data Entry'!$I$4:$I$22,0)),"") | N137: =IF(B137="","",IF(M137="Unknown", "", IF(L137>M137,L137-M137,0))) | O137: =IF(N137="","",IF(N137=0,0, IF(L137>$U$4,($U$4-M137),N137))) | P137: =IF(O137="","",IF(O137=0,0,IF(L137>$U$4,L137-$U$4,0))) | R137: =IF(Q137="","",IF(Q137=0,0,#REF!-Q137))
M138: =IFERROR(INDEX('HCC Data Entry'!$J$4:$J$22, MATCH('HCC Detail w Diag'!$B138,'HCC Data Entry'!$I$4:$I$22,0)),"") | N138: =IF(B138="","",IF(M138="Unknown", "", IF(L138>M138,L138-M138,0))) | O138: =IF(N138="","",IF(N138=0,0, IF(L138>$U$4,($U$4-M138),N138))) | P138: =IF(O138="","",IF(O138=0,0,IF(L138>$U$4,L138-$U$4,0))) | R138: =IF(Q138="","",IF(Q138=0,0,#REF!-Q138))
M139: =IFERROR(INDEX('HCC Data Entry'!$J$4:$J$22, MATCH('HCC Detail w Diag'!$B139,'HCC Data Entry'!$I$4:$I$22,0)),"") | N139: =IF(B139="","",IF(M139="Unknown", "", IF(L139>M139,L139-M139,0))) | O139: =IF(N139="","",IF(N139=0,0, IF(L139>$U$4,($U$4-M139),N139))) | P139: =IF(O139="","",IF(O139=0,0,IF(L139>$U$4,L139-$U$4,0))) | R139: =IF(Q139="","",IF(Q139=0,0,#REF!-Q139))
M140: =IFERROR(INDEX('HCC Data Entry'!$J$4:$J$22, MATCH('HCC Detail w Diag'!$B140,'HCC Data Entry'!$I$4:$I$22,0)),"") | N140: =IF(B140="","",IF(M140="Unknown", "", IF(L140>M140,L140-M140,0))) | O140: =IF(N140="","",IF(N140=0,0, IF(L140>$U$4,($U$4-M140),N140))) | P140: =IF(O140="","",IF(O140=0,0,IF(L140>$U$4,L140-$U$4,0))) | R140: =IF(Q140="","",IF(Q140=0,0,#REF!-Q140))
M141: =IFERROR(INDEX('HCC Data Entry'!$J$4:$J$22, MATCH('HCC Detail w Diag'!$B141,'HCC Data Entry'!$I$4:$I$22,0)),"") | N141: =IF(B141="","",IF(M141="Unknown", "", IF(L141>M141,L141-M141,0))) | O141: =IF(N141="","",IF(N141=0,0, IF(L141>$U$4,($U$4-M141),N141))) | P141: =IF(O141="","",IF(O141=0,0,IF(L141>$U$4,L141-$U$4,0))) | R141: =IF(Q141="","",IF(Q141=0,0,#REF!-Q141))
M142: =IFERROR(INDEX('HCC Data Entry'!$J$4:$J$22, MATCH('HCC Detail w Diag'!$B142,'HCC Data Entry'!$I$4:$I$22,0)),"") | N142: =IF(B142="","",IF(M142="Unknown", "", IF(L142>M142,L142-M142,0))) | O142: =IF(N142="","",IF(N142=0,0, IF(L142>$U$4,($U$4-M142),N142))) | P142: =IF(O142="","",IF(O142=0,0,IF(L142>$U$4,L142-$U$4,0))) | R142: =IF(Q142="","",IF(Q142=0,0,#REF!-Q142))
M143: =IFERROR(INDEX('HCC Data Entry'!$J$4:$J$22, MATCH('HCC Detail w Diag'!$B143,'HCC Data Entry'!$I$4:$I$22,0)),"") | N143: =IF(B143="","",IF(M143="Unknown", "", IF(L143>M143,L143-M143,0))) | O143: =IF(N143="","",IF(N143=0,0, IF(L143>$U$4,($U$4-M143),N143))) | P143: =IF(O143="","",IF(O143=0,0,IF(L143>$U$4,L143-$U$4,0))) | R143: =IF(Q143="","",IF(Q143=0,0,#REF!-Q143))
M144: =IFERROR(INDEX('HCC Data Entry'!$J$4:$J$22, MATCH('HCC Detail w Diag'!$B144,'HCC Data Entry'!$I$4:$I$22,0)),"") | N144: =IF(B144="","",IF(M144="Unknown", "", IF(L144>M144,L144-M144,0))) | O144: =IF(N144="","",IF(N144=0,0, IF(L144>$U$4,($U$4-M144),N144))) | P144: =IF(O144="","",IF(O144=0,0,IF(L144>$U$4,L144-$U$4,0))) | R144: =IF(Q144="","",IF(Q144=0,0,P51-Q144))
M145: =IFERROR(INDEX('HCC Data Entry'!$J$4:$J$22, MATCH('HCC Detail w Diag'!$B145,'HCC Data Entry'!$I$4:$I$22,0)),"") | N145: =IF(B145="","",IF(M145="Unknown", "", IF(L145>M145,L145-M145,0))) | O145: =IF(N145="","",IF(N145=0,0, IF(L145>$U$4,($U$4-M145),N145))) | P145: =IF(O145="","",IF(O145=0,0,IF(L145>$U$4,L145-$U$4,0))) | R145: =IF(Q145="","",IF(Q145=0,0,P52-Q145))
M146: =IFERROR(INDEX('HCC Data Entry'!$J$4:$J$22, MATCH('HCC Detail w Diag'!$B146,'HCC Data Entry'!$I$4:$I$22,0)),"") | N146: =IF(B146="","",IF(M146="Unknown", "", IF(L146>M146,L146-M146,0))) | O146: =IF(N146="","",IF(N146=0,0, IF(L146>$U$4,($U$4-M146),N146))) | P146: =IF(O146="","",IF(O146=0,0,IF(L146>$U$4,L146-$U$4,0))) | R146: =IF(Q146="","",IF(Q146=0,0,P53-Q146))
M147: =IFERROR(INDEX('HCC Data Entry'!$J$4:$J$22, MATCH('HCC Detail w Diag'!$B147,'HCC Data Entry'!$I$4:$I$22,0)),"") | N147: =IF(B147="","",IF(M147="Unknown", "", IF(L147>M147,L147-M147,0))) | O147: =IF(N147="","",IF(N147=0,0, IF(L147>$U$4,($U$4-M147),N147))) | P147: =IF(O147="","",IF(O147=0,0,IF(L147>$U$4,L147-$U$4,0))) | R147: =IF(Q147="","",IF(Q147=0,0,P54-Q147))
M148: =IFERROR(INDEX('HCC Data Entry'!$J$4:$J$22, MATCH('HCC Detail w Diag'!$B148,'HCC Data Entry'!$I$4:$I$22,0)),"") | N148: =IF(B148="","",IF(M148="Unknown", "", IF(L148>M148,L148-M148,0))) | O148: =IF(N148="","",IF(N148=0,0, IF(L148>$U$4,($U$4-M148),N148))) | P148: =IF(O148="","",IF(O148=0,0,IF(L148>$U$4,L148-$U$4,0))) | R148: =IF(Q148="","",IF(Q148=0,0,P55-Q148))
M149: =IFERROR(INDEX('HCC Data Entry'!$J$4:$J$22, MATCH('HCC Detail w Diag'!$B149,'HCC Data Entry'!$I$4:$I$22,0)),"") | N149: =IF(B149="","",IF(M149="Unknown", "", IF(L149>M149,L149-M149,0))) | O149: =IF(N149="","",IF(N149=0,0, IF(L149>$U$4,($U$4-M149),N149))) | P149: =IF(O149="","",IF(O149=0,0,IF(L149>$U$4,L149-$U$4,0))) | R149: =IF(Q149="","",IF(Q149=0,0,P56-Q149))
M150: =IFERROR(INDEX('HCC Data Entry'!$J$4:$J$22, MATCH('HCC Detail w Diag'!$B150,'HCC Data Entry'!$I$4:$I$22,0)),"") | N150: =IF(B150="","",IF(M150="Unknown", "", IF(L150>M150,L150-M150,0))) | O150: =IF(N150="","",IF(N150=0,0, IF(L150>$U$4,($U$4-M150),N150))) | P150: =IF(O150="","",IF(O150=0,0,IF(L150>$U$4,L150-$U$4,0))) | R150: =IF(Q150="","",IF(Q150=0,0,P57-Q150))
M151: =IFERROR(INDEX('HCC Data Entry'!$J$4:$J$22, MATCH('HCC Detail w Diag'!$B151,'HCC Data Entry'!$I$4:$I$22,0)),"") | N151: =IF(B151="","",IF(M151="Unknown", "", IF(L151>M151,L151-M151,0))) | O151: =IF(N151="","",IF(N151=0,0, IF(L151>$U$4,($U$4-M151),N151))) | P151: =IF(O151="","",IF(O151=0,0,IF(L151>$U$4,L151-$U$4,0))) | R151: =IF(Q151="","",IF(Q151=0,0,P58-Q151))
M152: =IFERROR(INDEX('HCC Data Entry'!$J$4:$J$22, MATCH('HCC Detail w Diag'!$B152,'HCC Data Entry'!$I$4:$I$22,0)),"") | N152: =IF(B152="","",IF(M152="Unknown", "", IF(L152>M152,L152-M152,0))) | O152: =IF(N152="","",IF(N152=0,0, IF(L152>$U$4,($U$4-M152),N152))) | P152: =IF(O152="","",IF(O152=0,0,IF(L152>$U$4,L152-$U$4,0))) | R152: =IF(Q152="","",IF(Q152=0,0,P59-Q152))
M153: =IFERROR(INDEX('HCC Data Entry'!$J$4:$J$22, MATCH('HCC Detail w Diag'!$B153,'HCC Data Entry'!$I$4:$I$22,0)),"") | N153: =IF(B153="","",IF(M153="Unknown", "", IF(L153>M153,L153-M153,0))) | O153: =IF(N153="","",IF(N153=0,0, IF(L153>$U$4,($U$4-M153),N153))) | P153: =IF(O153="","",IF(O153=0,0,IF(L153>$U$4,L153-$U$4,0))) | R153: =IF(Q153="","",IF(Q153=0,0,P60-Q153))
M154: =IFERROR(INDEX('HCC Data Entry'!$J$4:$J$22, MATCH('HCC Detail w Diag'!$B154,'HCC Data Entry'!$I$4:$I$22,0)),"") | N154: =IF(B154="","",IF(M154="Unknown", "", IF(L154>M154,L154-M154,0))) | O154: =IF(N154="","",IF(N154=0,0, IF(L154>$U$4,($U$4-M154),N154))) | P154: =IF(O154="","",IF(O154=0,0,IF(L154>$U$4,L154-$U$4,0))) | R154: =IF(Q154="","",IF(Q154=0,0,P61-Q154))
M155: =IFERROR(INDEX('HCC Data Entry'!$J$4:$J$22, MATCH('HCC Detail w Diag'!$B155,'HCC Data Entry'!$I$4:$I$22,0)),"") | N155: =IF(B155="","",IF(M155="Unknown", "", IF(L155>M155,L155-M155,0))) | O155: =IF(N155="","",IF(N155=0,0, IF(L155>$U$4,($U$4-M155),N155))) | P155: =IF(O155="","",IF(O155=0,0,IF(L155>$U$4,L155-$U$4,0))) | R155: =IF(Q155="","",IF(Q155=0,0,P62-Q155))
... M288: =IFERROR(INDEX('HCC Data Entry'!$J$4:$J$22, MATCH('HCC Detail w Diag'!$B288,'HCC Data Entry'!$I$4:$I$22,0)),"") | N288: =IF(B288="","",IF(M288="Unknown", "", IF(L288>M288,L288-M288,0))) | O288: =IF(N288="","",IF(N288=0,0, IF(L288>$U$4,($U$4-M288),N288))) | P288: =IF(O288="","",IF(O288=0,0,IF(L288>$U$4,L288-$U$4,0))) | R288: =IF(Q288="","",IF(Q288=0,0,P195-Q288))
M289: =IFERROR(INDEX('HCC Data Entry'!$J$4:$J$22, MATCH('HCC Detail w Diag'!$B289,'HCC Data Entry'!$I$4:$I$22,0)),"") | N289: =IF(B289="","",IF(M289="Unknown", "", IF(L289>M289,L289-M289,0))) | O289: =IF(N289="","",IF(N289=0,0, IF(L289>$U$4,($U$4-M289),N289))) | P289: =IF(O289="","",IF(O289=0,0,IF(L289>$U$4,L289-$U$4,0)))
M290: =IFERROR(INDEX('HCC Data Entry'!$J$4:$J$22, MATCH('HCC Detail w Diag'!$B290,'HCC Data Entry'!$I$4:$I$22,0)),"") | N290: =IF(B290="","",IF(M290="Unknown", "", IF(L290>M290,L290-M290,0))) | O290: =IF(N290="","",IF(N290=0,0, IF(L290>$U$4,($U$4-M290),N290))) | P290: =IF(O290="","",IF(O290=0,0,IF(L290>$U$4,L290-$U$4,0)))
M291: =IFERROR(INDEX('HCC Data Entry'!$J$4:$J$22, MATCH('HCC Detail w Diag'!$B291,'HCC Data Entry'!$I$4:$I$22,0)),"") | N291: =IF(B291="","",IF(M291="Unknown", "", IF(L291>M291,L291-M291,0))) | O291: =IF(N291="","",IF(N291=0,0, IF(L291>$U$4,($U$4-M291),N291))) | P291: =IF(O291="","",IF(O291=0,0,IF(L291>$U$4,L291-$U$4,0)))
M292: =IFERROR(INDEX('HCC Data Entry'!$J$4:$J$22, MATCH('HCC Detail w Diag'!$B292,'HCC Data Entry'!$I$4:$I$22,0)),"") | N292: =IF(B292="","",IF(M292="Unknown", "", IF(L292>M292,L292-M292,0))) | O292: =IF(N292="","",IF(N292=0,0, IF(L292>$U$4,($U$4-M292),N292))) | P292: =IF(O292="","",IF(O292=0,0,IF(L292>$U$4,L292-$U$4,0)))
M293: =IFERROR(INDEX('HCC Data Entry'!$J$4:$J$22, MATCH('HCC Detail w Diag'!$B293,'HCC Data Entry'!$I$4:$I$22,0)),"") | N293: =IF(B293="","",IF(M293="Unknown", "", IF(L293>M293,L293-M293,0))) | O293: =IF(N293="","",IF(N293=0,0, IF(L293>$U$4,($U$4-M293),N293))) | P293: =IF(O293="","",IF(O293=0,0,IF(L293>$U$4,L293-$U$4,0)))
M294: =IFERROR(INDEX('HCC Data Entry'!$J$4:$J$22, MATCH('HCC Detail w Diag'!$B294,'HCC Data Entry'!$I$4:$I$22,0)),"") | N294: =IF(B294="","",IF(M294="Unknown", "", IF(L294>M294,L294-M294,0))) | O294: =IF(N294="","",IF(N294=0,0, IF(L294>$U$4,($U$4-M294),N294))) | P294: =IF(O294="","",IF(O294=0,0,IF(L294>$U$4,L294-$U$4,0)))
M295: =IFERROR(INDEX('HCC Data Entry'!$J$4:$J$22, MATCH('HCC Detail w Diag'!$B295,'HCC Data Entry'!$I$4:$I$22,0)),"") | N295: =IF(B295="","",IF(M295="Unknown", "", IF(L295>M295,L295-M295,0))) | O295: =IF(N295="","",IF(N295=0,0, IF(L295>$U$4,($U$4-M295),N295))) | P295: =IF(O295="","",IF(O295=0,0,IF(L295>$U$4,L295-$U$4,0)))
M296: =IFERROR(INDEX('HCC Data Entry'!$J$4:$J$22, MATCH('HCC Detail w Diag'!$B296,'HCC Data Entry'!$I$4:$I$22,0)),"") | N296: =IF(B296="","",IF(M296="Unknown", "", IF(L296>M296,L296-M296,0))) | O296: =IF(N296="","",IF(N296=0,0, IF(L296>$U$4,($U$4-M296),N296))) | P296: =IF(O296="","",IF(O296=0,0,IF(L296>$U$4,L296-$U$4,0)))
M297: =IFERROR(INDEX('HCC Data Entry'!$J$4:$J$22, MATCH('HCC Detail w Diag'!$B297,'HCC Data Entry'!$I$4:$I$22,0)),"") | N297: =IF(B297="","",IF(M297="Unknown", "", IF(L297>M297,L297-M297,0))) | O297: =IF(N297="","",IF(N297=0,0, IF(L297>$U$4,($U$4-M297),N297))) | P297: =IF(O297="","",IF(O297=0,0,IF(L297>$U$4,L297-$U$4,0)))
M298: =IFERROR(INDEX('HCC Data Entry'!$J$4:$J$22, MATCH('HCC Detail w Diag'!$B298,'HCC Data Entry'!$I$4:$I$22,0)),"") | N298: =IF(B298="","",IF(M298="Unknown", "", IF(L298>M298,L298-M298,0))) | O298: =IF(N298="","",IF(N298=0,0, IF(L298>$U$4,($U$4-M298),N298))) | P298: =IF(O298="","",IF(O298=0,0,IF(L298>$U$4,L298-$U$4,0)))
M299: =IFERROR(INDEX('HCC Data Entry'!$J$4:$J$22, MATCH('HCC Detail w Diag'!$B299,'HCC Data Entry'!$I$4:$I$22,0)),"") | N299: =IF(B299="","",IF(M299="Unknown", "", IF(L299>M299,L299-M299,0))) | O299: =IF(N299="","",IF(N299=0,0, IF(L299>$U$4,($U$4-M299),N299))) | P299: =IF(O299="","",IF(O299=0,0,IF(L299>$U$4,L299-$U$4,0)))
M300: =IFERROR(INDEX('HCC Data Entry'!$J$4:$J$22, MATCH('HCC Detail w Diag'!$B300,'HCC Data Entry'!$I$4:$I$22,0)),"") | N300: =IF(B300="","",IF(M300="Unknown", "", IF(L300>M300,L300-M300,0))) | O300: =IF(N300="","",IF(N300=0,0, IF(L300>$U$4,($U$4-M300),N300))) | P300: =IF(O300="","",IF(O300=0,0,IF(L300>$U$4,L300-$U$4,0)))
... M380: =IFERROR(INDEX('HCC Data Entry'!$J$4:$J$22, MATCH('HCC Detail w Diag'!$B380,'HCC Data Entry'!$I$4:$I$22,0)),"") | N380: =IF(B380="","",IF(M380="Unknown", "", IF(L380>M380,L380-M380,0))) | O380: =IF(N380="","",IF(N380=0,0, IF(L380>$U$4,($U$4-M380),N380))) | P380: =IF(O380="","",IF(O380=0,0,IF(L380>$U$4,L380-$U$4,0)))
B381: =IF('HCC Data Entry'!B381="","",'HCC Data Entry'!B381) | C381: =IF('HCC Data Entry'!C381="","",'HCC Data Entry'!C381) | F381: =IF('HCC Data Entry'!E381="","",'HCC Data Entry'!E381) | L381: =IF('HCC Data Entry'!F381="","",'HCC Data Entry'!F381) | M381: =IFERROR(INDEX('HCC Data Entry'!$J$4:$J$22, MATCH('HCC Detail w Diag'!$B381,'HCC Data Entry'!$I$4:$I$22,0)),"") | N381: =IF(B381="","",IF(M381="Unknown", "", IF(L381>M381,L381-M381,0))) | O381: =IF(N381="","",IF(N381=0,0, IF(L381>$U$4,($U$4-M381),N381))) | P381: =IF(O381="","",IF(O381=0,0,IF(L381>$U$4,L381-$U$4,0)))
B382: =IF('HCC Data Entry'!B382="","",'HCC Data Entry'!B382) | C382: =IF('HCC Data Entry'!C382="","",'HCC Data Entry'!C382) | F382: =IF('HCC Data Entry'!E382="","",'HCC Data Entry'!E382) | L382: =IF('HCC Data Entry'!F382="","",'HCC Data Entry'!F382) | M382: =IFERROR(INDEX('HCC Data Entry'!$J$4:$J$22, MATCH('HCC Detail w Diag'!$B382,'HCC Data Entry'!$I$4:$I$22,0)),"") | N382: =IF(B382="","",IF(M382="Unknown", "", IF(L382>M382,L382-M382,0))) | O382: =IF(N382="","",IF(N382=0,0, IF(L382>$U$4,($U$4-M382),N382))) | P382: =IF(O382="","",IF(O382=0,0,IF(L382>$U$4,L382-$U$4,0)))
B383: =IF('HCC Data Entry'!B383="","",'HCC Data Entry'!B383) | C383: =IF('HCC Data Entry'!C383="","",'HCC Data Entry'!C383) | F383: =IF('HCC Data Entry'!E383="","",'HCC Data Entry'!E383) | L383: =IF('HCC Data Entry'!F383="","",'HCC Data Entry'!F383) | M383: =IFERROR(INDEX('HCC Data Entry'!$J$4:$J$22, MATCH('HCC Detail w Diag'!$B383,'HCC Data Entry'!$I$4:$I$22,0)),"") | N383: =IF(B383="","",IF(M383="Unknown", "", IF(L383>M383,L383-M383,0))) | O383: =IF(N383="","",IF(N383=0,0, IF(L383>$U$4,($U$4-M383),N383))) | P383: =IF(O383="","",IF(O383=0,0,IF(L383>$U$4,L383-$U$4,0)))
B384: =IF('HCC Data Entry'!B384="","",'HCC Data Entry'!B384) | C384: =IF('HCC Data Entry'!C384="","",'HCC Data Entry'!C384) | F384: =IF('HCC Data Entry'!E384="","",'HCC Data Entry'!E384) | L384: =IF('HCC Data Entry'!F384="","",'HCC Data Entry'!F384) | M384: =IFERROR(INDEX('HCC Data Entry'!$J$4:$J$22, MATCH('HCC Detail w Diag'!$B384,'HCC Data Entry'!$I$4:$I$22,0)),"") | N384: =IF(B384="","",IF(M384="Unknown", "", IF(L384>M384,L384-M384,0))) | O384: =IF(N384="","",IF(N384=0,0, IF(L384>$U$4,($U$4-M384),N384))) | P384: =IF(O384="","",IF(O384=0,0,IF(L384>$U$4,L384-$U$4,0)))
B385: =IF('HCC Data Entry'!B385="","",'HCC Data Entry'!B385) | C385: =IF('HCC Data Entry'!C385="","",'HCC Data Entry'!C385) | F385: =IF('HCC Data Entry'!E385="","",'HCC Data Entry'!E385) | L385: =IF('HCC Data Entry'!F385="","",'HCC Data Entry'!F385) | M385: =IFERROR(INDEX('HCC Data Entry'!$J$4:$J$22, MATCH('HCC Detail w Diag'!$B385,'HCC Data Entry'!$I$4:$I$22,0)),"") | N385: =IF(B385="","",IF(M385="Unknown", "", IF(L385>M385,L385-M385,0))) | O385: =IF(N385="","",IF(N385=0,0, IF(L385>$U$4,($U$4-M385),N385))) | P385: =IF(O385="","",IF(O385=0,0,IF(L385>$U$4,L385-$U$4,0)))
B386: =IF('HCC Data Entry'!B386="","",'HCC Data Entry'!B386) | C386: =IF('HCC Data Entry'!C386="","",'HCC Data Entry'!C386) | F386: =IF('HCC Data Entry'!E386="","",'HCC Data Entry'!E386) | L386: =IF('HCC Data Entry'!F386="","",'HCC Data Entry'!F386) | M386: =IFERROR(INDEX('HCC Data Entry'!$J$4:$J$22, MATCH('HCC Detail w Diag'!$B386,'HCC Data Entry'!$I$4:$I$22,0)),"") | N386: =IF(B386="","",IF(M386="Unknown", "", IF(L386>M386,L386-M386,0))) | O386: =IF(N386="","",IF(N386=0,0, IF(L386>$U$4,($U$4-M386),N386))) | P386: =IF(O386="","",IF(O386=0,0,IF(L386>$U$4,L386-$U$4,0)))
B387: =IF('HCC Data Entry'!B387="","",'HCC Data Entry'!B387) | C387: =IF('HCC Data Entry'!C387="","",'HCC Data Entry'!C387) | F387: =IF('HCC Data Entry'!E387="","",'HCC Data Entry'!E387) | L387: =IF('HCC Data Entry'!F387="","",'HCC Data Entry'!F387) | M387: =IFERROR(INDEX('HCC Data Entry'!$J$4:$J$22, MATCH('HCC Detail w Diag'!$B387,'HCC Data Entry'!$I$4:$I$22,0)),"") | N387: =IF(B387="","",IF(M387="Unknown", "", IF(L387>M387,L387-M387,0))) | O387: =IF(N387="","",IF(N387=0,0, IF(L387>$U$4,($U$4-M387),N387))) | P387: =IF(O387="","",IF(O387=0,0,IF(L387>$U$4,L387-$U$4,0)))
B388: =IF('HCC Data Entry'!B388="","",'HCC Data Entry'!B388) | C388: =IF('HCC Data Entry'!C388="","",'HCC Data Entry'!C388) | F388: =IF('HCC Data Entry'!E388="","",'HCC Data Entry'!E388) | L388: =IF('HCC Data Entry'!F388="","",'HCC Data Entry'!F388) | M388: =IFERROR(INDEX('HCC Data Entry'!$J$4:$J$22, MATCH('HCC Detail w Diag'!$B388,'HCC Data Entry'!$I$4:$I$22,0)),"") | N388: =IF(B388="","",IF(M388="Unknown", "", IF(L388>M388,L388-M388,0))) | O388: =IF(N388="","",IF(N388=0,0, IF(L388>$U$4,($U$4-M388),N388))) | P388: =IF(O388="","",IF(O388=0,0,IF(L388>$U$4,L388-$U$4,0)))
B389: =IF('HCC Data Entry'!B389="","",'HCC Data Entry'!B389) | C389: =IF('HCC Data Entry'!C389="","",'HCC Data Entry'!C389) | F389: =IF('HCC Data Entry'!E389="","",'HCC Data Entry'!E389) | L389: =IF('HCC Data Entry'!F389="","",'HCC Data Entry'!F389) | M389: =IFERROR(INDEX('HCC Data Entry'!$J$4:$J$22, MATCH('HCC Detail w Diag'!$B389,'HCC Data Entry'!$I$4:$I$22,0)),"") | N389: =IF(B389="","",IF(M389="Unknown", "", IF(L389>M389,L389-M389,0))) | O389: =IF(N389="","",IF(N389=0,0, IF(L389>$U$4,($U$4-M389),N389))) | P389: =IF(O389="","",IF(O389=0,0,IF(L389>$U$4,L389-$U$4,0)))
B390: =IF('HCC Data Entry'!B390="","",'HCC Data Entry'!B390) | C390: =IF('HCC Data Entry'!C390="","",'HCC Data Entry'!C390) | F390: =IF('HCC Data Entry'!E390="","",'HCC Data Entry'!E390) | L390: =IF('HCC Data Entry'!F390="","",'HCC Data Entry'!F390) | M390: =IFERROR(INDEX('HCC Data Entry'!$J$4:$J$22, MATCH('HCC Detail w Diag'!$B390,'HCC Data Entry'!$I$4:$I$22,0)),"") | N390: =IF(B390="","",IF(M390="Unknown", "", IF(L390>M390,L390-M390,0))) | O390: =IF(N390="","",IF(N390=0,0, IF(L390>$U$4,($U$4-M390),N390))) | P390: =IF(O390="","",IF(O390=0,0,IF(L390>$U$4,L390-$U$4,0)))
B391: =IF('HCC Data Entry'!B391="","",'HCC Data Entry'!B391) | C391: =IF('HCC Data Entry'!C391="","",'HCC Data Entry'!C391) | F391: =IF('HCC Data Entry'!E391="","",'HCC Data Entry'!E391) | L391: =IF('HCC Data Entry'!F391="","",'HCC Data Entry'!F391) | M391: =IFERROR(INDEX('HCC Data Entry'!$J$4:$J$22, MATCH('HCC Detail w Diag'!$B391,'HCC Data Entry'!$I$4:$I$22,0)),"") | N391: =IF(B391="","",IF(M391="Unknown", "", IF(L391>M391,L391-M391,0))) | O391: =IF(N391="","",IF(N391=0,0, IF(L391>$U$4,($U$4-M391),N391))) | P391: =IF(O391="","",IF(O391=0,0,IF(L391>$U$4,L391-$U$4,0)))
...

Sheet Performance
C2: =Narrative!H5 -> NOREBT
C3: Performance by District
C5: =Addendum!E6 -> Claims Paid July 2024 through February 2025
C7: District | D7: EE Months | E7: Funding | I7: Claims | M7: Expenses | Q7: Total Costs | S7: YTD Actual Rate | T7: Variance | U7: YTD Performance | V7: Fund Balance | W7: Months Reserve
E8: YTD Contributions | F8: Projected Rate | G8: Actual Rate | H8: Variance | I8: YTD Paid | J8: Projected Rate | K8: Actual Rate | L8: Variance | M8: YTD Paid | N8: Projected Rate | O8: Actual Rate | P8: Variance | Q8: YTD Paid | R8: Projected Rate | S8: Actual Rate | T8: Variance
B9: Conneaut | C9: ='HCC Data Entry'!I4 -> Conneaut School District | D9: =SUMIF('Cash Flow Entry'!$B$3:$B$500,Performance!C9,'Cash Flow Entry'!$D$3:$D$500) -> 1715 | E9: {=INDIRECT($B9&"!P10")} -> 3321453.9 | F9: {=INDIRECT($B9&"!Q10")} -> 2054.25 | G9: =E9/$D9 -> 1936.7078 | H9: =G9/F9-1 -> -0.057219041 | I9: {=INDIRECT($B9&"!P26")} -> 2664367.5 | J9: {=INDIRECT($B9&"!Q18")+INDIRECT($B9&"!Q19")} -> 1435.02 | K9: =I9/$D9 -> 1553.567 | L9: =K9/J9-1 -> 0.082610021 | M9: {=INDIRECT($B9&"!P36")+INDIRECT($B9&"!P42")+INDIRECT($B9&"!P49")} -> 979815.36 | N9: =F9-J9 -> 619.23 | O9: =M9/$D9 -> 571.32091 | P9: =O9/N9-1 -> -0.077368813 | Q9: =SUM(I9,M9) -> 3644182.8 | R9: =F9 -> 2054.25 | S9: =Q9/$D9 -> 2124.8879 | T9: =S9/R9-1 -> 0.034386244 | U9: {=INDIRECT($B9&"!P52")} -> -1265196.7 | V9: {=INDIRECT($B9&"!P54")} -> 0 | W9: =(V9/(Q9/COUNT(Summary!$P$42:$P$53)))-1 -> -1
B10: Corry | C10: ='HCC Data Entry'!I5 -> Corry Area School District | D10: =SUMIF('Cash Flow Entry'!$B$3:$B$500,Performance!C10,'Cash Flow Entry'!$D$3:$D$500) -> 2042 | E10: {=INDIRECT($B10&"!P10")} -> 3232194.6 | F10: {=INDIRECT($B10&"!Q10")} -> 1813.76 | G10: =E10/$D10 -> 1582.8573 | H10: =G10/F10-1 -> -0.1273061 | I10: {=INDIRECT($B10&"!P26")} -> 3057047.5 | J10: {=INDIRECT($B10&"!Q18")+INDIRECT($B10&"!Q19")} -> 1191.53 | K10: =I10/$D10 -> 1497.085 | L10: =K10/J10-1 -> 0.25643919 | M10: {=INDIRECT($B10&"!P36")+INDIRECT($B10&"!P42")+INDIRECT($B10&"!P49")} -> 1167139.6 | N10: =F10-J10 -> 622.23 | O10: =M10/$D10 -> 571.56692 | P10: =O10/N10-1 -> -0.081421797 | Q10: =SUM(I10,M10) -> 4224187.2 | R10: =F10 -> 1813.76 | S10: =Q10/$D10 -> 2068.6519 | T10: =S10/R10-1 -> 0.14053232 | U10: {=INDIRECT($B10&"!P52")} -> 1846792 | V10: {=INDIRECT($B10&"!P54")} -> 0 | W10: =(V10/(Q10/COUNT(Summary!$P$42:$P$53)))-1 -> -1
B11: Crawford | C11: ='HCC Data Entry'!I6 -> Crawford County Career & Technical Center | D11: =SUMIF('Cash Flow Entry'!$B$3:$B$500,Performance!C11,'Cash Flow Entry'!$D$3:$D$500) -> 309 | E11: {=INDIRECT($B11&"!P10")} -> 729209 | F11: {=INDIRECT($B11&"!Q10")} -> 2341.38 | G11: =E11/$D11 -> 2359.8997 | H11: =G11/F11-1 -> 0.0079097269 | I11: {=INDIRECT($B11&"!P26")} -> 535169.1 | J11: {=INDIRECT($B11&"!Q18")+INDIRECT($B11&"!Q19")} -> 1516.87 | K11: =I11/$D11 -> 1731.9388 | L11: =K11/J11-1 -> 0.14178462 | M11: {=INDIRECT($B11&"!P36")+INDIRECT($B11&"!P42")+INDIRECT($B11&"!P49")} -> 231998.62 | N11: =F11-J11 -> 824.51 | O11: =M11/$D11 -> 750.8046 | P11: =O11/N11-1 -> -0.089392976 | Q11: =SUM(I11,M11) -> 767167.72 | R11: =F11 -> 2341.38 | S11: =Q11/$D11 -> 2482.7434 | T11: =S11/R11-1 -> 0.060376117 | U11: {=INDIRECT($B11&"!P52")} -> -245648.83 | V11: {=INDIRECT($B11&"!P54")} -> 0 | W11: =(V11/(Q11/COUNT(Summary!$P$42:$P$53)))-1 -> -1
B12: Erie | C12: ='HCC Data Entry'!I7 -> Erie County Technical School | D12: =SUMIF('Cash Flow Entry'!$B$3:$B$500,Performance!C12,'Cash Flow Entry'!$D$3:$D$500) -> 349 | E12: {=INDIRECT($B12&"!P10")} -> 662130.5 | F12: {=INDIRECT($B12&"!Q10")} -> 1892.98 | G12: =E12/$D12 -> 1897.2221 | H12: =G12/F12-1 -> 0.0022409445 | I12: {=INDIRECT($B12&"!P26")} -> 501639.23 | J12: {=INDIRECT($B12&"!Q18")+INDIRECT($B12&"!Q19")} -> 1068.47 | K12: =I12/$D12 -> 1437.3617 | L12: =K12/J12-1 -> 0.34525227 | M12: {=INDIRECT($B12&"!P36")+INDIRECT($B12&"!P42")+INDIRECT($B12&"!P49")} -> 264560.22 | N12: =F12-J12 -> 824.51 | O12: =M12/$D12 -> 758.05221 | P12: =O12/N12-1 -> -0.080602773 | Q12: =SUM(I12,M12) -> 766199.45 | R12: =F12 -> 1892.98 | S12: =Q12/$D12 -> 2195.4139 | T12: =S12/R12-1 -> 0.15976603 | U12: {=INDIRECT($B12&"!P52")} -> 639253.47 | V12: {=INDIRECT($B12&"!P54")} -> 0 | W12: =(V12/(Q12/COUNT(Summary!$P$42:$P$53)))-1 -> -1
B13: Fairview | C13: ='HCC Data Entry'!I8 -> Fairview School District | D13: =SUMIF('Cash Flow Entry'!$B$3:$B$500,Performance!C13,'Cash Flow Entry'!$D$3:$D$500) -> 1458 | E13: {=INDIRECT($B13&"!P10")} -> 2256038.6 | F13: {=INDIRECT($B13&"!Q10")} -> 1805.82 | G13: =E13/$D13 -> 1547.3515 | H13: =G13/F13-1 -> -0.1431308 | I13: {=INDIRECT($B13&"!P26")} -> 2410973.2 | J13: {=INDIRECT($B13&"!Q18")+INDIRECT($B13&"!Q19")} -> 1183.59 | K13: =I13/$D13 -> 1653.6168 | L13: =K13/J13-1 -> 0.39711957 | M13: {=INDIRECT($B13&"!P36")+INDIRECT($B13&"!P42")+INDIRECT($B13&"!P49")} -> 832085.88 | N13: =F13-J13 -> 622.23 | O13: =M13/$D13 -> 570.70362 | P13: =O13/N13-1 -> -0.082809216 | Q13: =SUM(I13,M13) -> 3243059.1 | R13: =F13 -> 1805.82 | S13: =Q13/$D13 -> 2224.3204 | T13: =S13/R13-1 -> 0.23175088 | U13: {=INDIRECT($B13&"!P52")} -> 746621.67 | V13: {=INDIRECT($B13&"!P54")} -> 0 | W13: =(V13/(Q13/COUNT(Summary!$P$42:$P$53)))-1 -> -1
B14: FtLeBoeuf | C14: ='HCC Data Entry'!I9 -> Ft LeBoeuf School District | D14: =SUMIF('Cash Flow Entry'!$B$3:$B$500,Performance!C14,'Cash Flow Entry'!$D$3:$D$500) -> 2265 | E14: {=INDIRECT($B14&"!P10")} -> 3118037.8 | F14: {=INDIRECT($B14&"!Q10")} -> 1597.79 | G14: =E14/$D14 -> 1376.6171 | H14: =G14/F14-1 -> -0.13842425 | I14: {=INDIRECT($B14&"!P26")} -> 2914451.6 | J14: {=INDIRECT($B14&"!Q18")+INDIRECT($B14&"!Q19")} -> 1095.67 | K14: =I14/$D14 -> 1286.7336 | L14: =K14/J14-1 -> 0.17438061 | M14: {=INDIRECT($B14&"!P36")+INDIRECT($B14&"!P42")+INDIRECT($B14&"!P49")} -> 1055960.8 | N14: =F14-J14 -> 502.12 | O14: =M14/$D14 -> 466.20784 | P14: =O14/N14-1 -> -0.071521068 | Q14: =SUM(I14,M14) -> 3970412.4 | R14: =F14 -> 1597.79 | S14: =Q14/$D14 -> 1752.9414 | T14: =S14/R14-1 -> 0.09710378 | U14: {=INDIRECT($B14&"!P52")} -> 2009371 | V14: {=INDIRECT($B14&"!P54")} -> 0 | W14: =(V14/(Q14/COUNT(Summary!$P$42:$P$53)))-1 -> -1
B15: Franklin | C15: ='HCC Data Entry'!I10 -> Franklin Area School District | D15: =SUMIF('Cash Flow Entry'!$B$3:$B$500,Performance!C15,'Cash Flow Entry'!$D$3:$D$500) -> 1978 | E15: {=INDIRECT($B15&"!P10")} -> 3130205.7 | F15: {=INDIRECT($B15&"!Q10")} -> 1675.74 | G15: =E15/$D15 -> 1582.5104 | H15: =G15/F15-1 -> -0.055634857 | I15: {=INDIRECT($B15&"!P26")} -> 2235169.1 | J15: {=INDIRECT($B15&"!Q18")+INDIRECT($B15&"!Q19")} -> 1060.09 | K15: =I15/$D15 -> 1130.0147 | L15: =K15/J15-1 -> 0.065961114 | M15: {=INDIRECT($B15&"!P36")+INDIRECT($B15&"!P42")+INDIRECT($B15&"!P49")} -> 1138396.2 | N15: =F15-J15 -> 615.65 | O15: =M15/$D15 -> 575.52891 | P15: =O15/N15-1 -> -0.06516866 | Q15: =SUM(I15,M15) -> 3373565.3 | R15: =F15 -> 1675.74 | S15: =Q15/$D15 -> 1705.5436 | T15: =S15/R15-1 -> 0.017785355 | U15: {=INDIRECT($B15&"!P52")} -> 469121.94 | V15: {=INDIRECT($B15&"!P54")} -> 0 | W15: =(V15/(Q15/COUNT(Summary!$P$42:$P$53)))-1 -> -1
